Workbook

Sheet методология
D5: =главная!D1 -> Финмодель Бизнес-Проекта
D6: =главная!D2 -> Бизнес-Проект: Микро кредитная компания, B2B-займы
D7: МЕТОДОЛОГИЯ
F10: место в документе
F11: лист | H11: ячейки | L11: описание
F14: для всех листов | G14: * | L14: ячейки для ручного внесения данных
F16: для всех листов | G16: * | I16: ^ | L16: ячейки для внесения данных из выпадающих списков из листа "справочники"
F18: Главная | H18: T9 | L18: из выпадающего списка необходимо выбрать месяц старта проекта
H20: T11 | L20: необходимо задать вручную горизонт расчетов финмодели в количестве месяцев, максимум может быть задано 30 месяцев
H22: T14 | L22: необходимо из выпадающего списка выбрать либо "месяц", либо "нквартал" - период капитализации начисления процентов
H24: стр.17,18,19,21 | L24: Начиная со строки 22 и по строку 175 в модели задаются и рассчитываются ключевые операционные показатели деятельности микро кредитной компании в разрезе по четырем тарифам. В строках 17,18,19 и 21 производится итоговое суммирование по четырем тарифам таких показателей, как процентный доход, дефолты по телу и %%, а также поток полученных процентов.
H26: стр.22-59 | L26: Блок строк с 22-той по 59-тую это типовой блок строк, в рамках которого задаются исходные и рассчитываются результирующие показатели операционной деятельности в разрезе одного тарифа - в данном случае 1-ого. В модели предусмотрено 4 тарифа, и если необходимо добавить еще один, то достаточно блок строк 4-ого тарифа 136-173 скопировать ниже строки 173.
H28: T23 | L28: здесь пользователь вручную указывает кол-во типовых займов выданных по тарифу 1 в первый месяц моделирования
H30: T25 | L30: из выпадающего списка необходимо выбрать тип динамики прироста месяц к месяцу количества выдаваемых займов: линейная, геометрическая или экспоненциальная прогрессии
H32: T27 | L32: необходимо задать вручную коэффициент прироста для выбранной на предыдущем шаге прогрессии
H34: стр.29 | L34: В этой строке производится расчет динамики и количества для каждого месяца выдаваемых займов на основе ранее заданных параметров
H36: T31 | L36: Здесь необходимо задать средний размер займа в первый месяц
H38: T33 | L38: Здесь пользователю предлагается задать % прироста месяц к месяцу увеличения среднего размера выдаваемого займа
H40: стр.35 | L40: Производится расчет для каждого месяца среднего размера займа в рублях.
H42: стр.37 | L42: Производится расчет потока выдачи займов, путем перемножения стр.29 (кол-во займов) на стр.35 (средний размер займа)
... H54: стр 54,56,58 | L54: В этих строках производится соответственно расчет потока дефолтов по %%, поток начисления %% и поток поступления %%
L56: Далее аналогично рассчитываются показатели по траифам 2,3 и 4
H58: стр176-206 | L58: в этом типовом блоке строк задаются доли переменных расходов в доходах каждого тарифа и соответственно рассчитываются переменные расходы
H60: стр213-317 | L60: в этом типовом блоке строк по аналогии с тем как были выше заданы потоки выдачи займов в блоках соответствующих тарифов задаются постоянные расходы в разрезе статей
L62: В дальнейших строках по аналогии с вышеизложенным материалом задаются и рассчитываются оставшиеся параметры проекта - по принципу "как пишется, так и понимается"
F65: Отчет | L65: здесь в ежемесячной детализации сформирован отчет PL
L66: и расчет нескольких дополнительных ключевых показателей проекта
F68: справочники | L68: здесь собраны все выпадающие списки финмодели

Sheet Отчет
B1: Ключевые показатели проекта | F1: =главная!D2 -> Бизнес-Проект: Микро кредитная компания, B2B-займы | AK1: контроль
B2: в рублях | D2: ИТОГО | F2: =главная!AA$6 | G2: =главная!AB$6 | H2: =главная!AC$6 | I2: =главная!AD$6 | J2: =главная!AE$6 | K2: =главная!AF$6 | L2: =главная!AG$6 | M2: =главная!AH$6 | ... AI2: =главная!BD$6
B3: =главная!$H$17 -> Процентный доход | D3: =SUM($E3:$AJ3) -> 0 | F3: =SUMIFS(главная!AA:AA,главная!$H:$H,$B3,главная!$N:$N,"итого") -> 0 | G3: =SUMIFS(главная!AB:AB,главная!$H:$H,$B3,главная!$N:$N,"итого") -> 0 | H3: =SUMIFS(главная!AC:AC,главная!$H:$H,$B3,главная!$N:$N,"итого") -> 0 | I3: =SUMIFS(главная!AD:AD,главная!$H:$H,$B3,главная!$N:$N,"итого") -> 0 | J3: =SUMIFS(главная!AE:AE,главная!$H:$H,$B3,главная!$N:$N,"итого") -> 0 | K3: =SUMIFS(главная!AF:AF,главная!$H:$H,$B3,главная!$N:$N,"итого") -> 0 | L3: =SUMIFS(главная!AG:AG,главная!$H:$H,$B3,главная!$N:$N,"итого") -> 0 | M3: =SUMIFS(главная!AH:AH,главная!$H:$H,$B3,главная!$N:$N,"итого") -> 0 | N3: =SUMIFS(главная!AI:AI,главная!$H:$H,$B3,главная!$N:$N,"итого") -> 0 | O3: =SUMIFS(главная!AJ:AJ,главная!$H:$H,$B3,главная!$N:$N,"итого") -> 0 | P3: =SUMIFS(главная!AK:AK,главная!$H:$H,$B3,главная!$N:$N,"итого") -> 0 | Q3: =SUMIFS(главная!AL:AL,главная!$H:$H,$B3,главная!$N:$N,"итого") -> 0 | R3: =SUMIFS(главная!AM:AM,главная!$H:$H,$B3,главная!$N:$N,"итого") -> 0 | S3: =SUMIFS(главная!AN:AN,главная!$H:$H,$B3,главная!$N:$N,"итого") -> 0 | T3: =SUMIFS(главная!AO:AO,главная!$H:$H,$B3,главная!$N:$N,"итого") -> 0 | U3: =SUMIFS(главная!AP:AP,главная!$H:$H,$B3,главная!$N:$N,"итого") -> 0 | V3: =SUMIFS(главная!AQ:AQ,главная!$H:$H,$B3,главная!$N:$N,"итого") -> 0 | W3: =SUMIFS(главная!AR:AR,главная!$H:$H,$B3,главная!$N:$N,"итого") -> 0 | X3: =SUMIFS(главная!AS:AS,главная!$H:$H,$B3,главная!$N:$N,"итого") -> 0 | Y3: =SUMIFS(главная!AT:AT,главная!$H:$H,$B3,главная!$N:$N,"итого") -> 0 | Z3: =SUMIFS(главная!AU:AU,главная!$H:$H,$B3,главная!$N:$N,"итого") -> 0 | AA3: =SUMIFS(главная!AV:AV,главная!$H:$H,$B3,главная!$N:$N,"итого") -> 0 | AB3: =SUMIFS(главная!AW:AW,главная!$H:$H,$B3,главная!$N:$N,"итого") -> 0 | AC3: =SUMIFS(главная!AX:AX,главная!$H:$H,$B3,главная!$N:$N,"итого") -> 0 | AD3: =SUMIFS(главная!AY:AY,главная!$H:$H,$B3,главная!$N:$N,"итого") -> 0 | AE3: =SUMIFS(главная!AZ:AZ,главная!$H:$H,$B3,главная!$N:$N,"итого") -> 0 | AF3: =SUMIFS(главная!BA:BA,главная!$H:$H,$B3,главная!$N:$N,"итого") -> 0 | AG3: =SUMIFS(главная!BB:BB,главная!$H:$H,$B3,главная!$N:$N,"итого") -> 0 | AH3: =SUMIFS(главная!BC:BC,главная!$H:$H,$B3,главная!$N:$N,"итого") -> 0 | AI3: =SUMIFS(главная!BD:BD,главная!$H:$H,$B3,главная!$N:$N,"итого") -> 0
B4: в т.ч. | AK4: =SUM(F3:AI3)-SUM(F4:AI8) -> 0
B5: =главная!$N$56 -> Начисленные %% по Тарифу-1 | D5: =SUM($E5:$AJ5) -> 0 | F5: =SUMIFS(главная!AA:AA,главная!$N:$N,$B5) -> 0 | G5: =SUMIFS(главная!AB:AB,главная!$N:$N,$B5) -> 0 | H5: =SUMIFS(главная!AC:AC,главная!$N:$N,$B5) -> 0 | I5: =SUMIFS(главная!AD:AD,главная!$N:$N,$B5) -> 0 | J5: =SUMIFS(главная!AE:AE,главная!$N:$N,$B5) -> 0 | K5: =SUMIFS(главная!AF:AF,главная!$N:$N,$B5) -> 0 | L5: =SUMIFS(главная!AG:AG,главная!$N:$N,$B5) -> 0 | M5: =SUMIFS(главная!AH:AH,главная!$N:$N,$B5) -> 0 | N5: =SUMIFS(главная!AI:AI,главная!$N:$N,$B5) -> 0 | O5: =SUMIFS(главная!AJ:AJ,главная!$N:$N,$B5) -> 0 | P5: =SUMIFS(главная!AK:AK,главная!$N:$N,$B5) -> 0 | Q5: =SUMIFS(главная!AL:AL,главная!$N:$N,$B5) -> 0 | R5: =SUMIFS(главная!AM:AM,главная!$N:$N,$B5) -> 0 | S5: =SUMIFS(главная!AN:AN,главная!$N:$N,$B5) -> 0 | T5: =SUMIFS(главная!AO:AO,главная!$N:$N,$B5) -> 0 | U5: =SUMIFS(главная!AP:AP,главная!$N:$N,$B5) -> 0 | V5: =SUMIFS(главная!AQ:AQ,главная!$N:$N,$B5) -> 0 | W5: =SUMIFS(главная!AR:AR,главная!$N:$N,$B5) -> 0 | X5: =SUMIFS(главная!AS:AS,главная!$N:$N,$B5) -> 0 | Y5: =SUMIFS(главная!AT:AT,главная!$N:$N,$B5) -> 0 | Z5: =SUMIFS(главная!AU:AU,главная!$N:$N,$B5) -> 0 | AA5: =SUMIFS(главная!AV:AV,главная!$N:$N,$B5) -> 0 | AB5: =SUMIFS(главная!AW:AW,главная!$N:$N,$B5) -> 0 | AC5: =SUMIFS(главная!AX:AX,главная!$N:$N,$B5) -> 0 | AD5: =SUMIFS(главная!AY:AY,главная!$N:$N,$B5) -> 0 | AE5: =SUMIFS(главная!AZ:AZ,главная!$N:$N,$B5) -> 0 | AF5: =SUMIFS(главная!BA:BA,главная!$N:$N,$B5) -> 0 | AG5: =SUMIFS(главная!BB:BB,главная!$N:$N,$B5) -> 0 | AH5: =SUMIFS(главная!BC:BC,главная!$N:$N,$B5) -> 0 | AI5: =SUMIFS(главная!BD:BD,главная!$N:$N,$B5) -> 0
B6: =главная!$N$94 -> Начисленные %% по Тарифу-2 | D6: =SUM($E6:$AJ6) -> 0 | F6: =SUMIFS(главная!AA:AA,главная!$N:$N,$B6) -> 0 | G6: =SUMIFS(главная!AB:AB,главная!$N:$N,$B6) -> 0 | H6: =SUMIFS(главная!AC:AC,главная!$N:$N,$B6) -> 0 | I6: =SUMIFS(главная!AD:AD,главная!$N:$N,$B6) -> 0 | J6: =SUMIFS(главная!AE:AE,главная!$N:$N,$B6) -> 0 | K6: =SUMIFS(главная!AF:AF,главная!$N:$N,$B6) -> 0 | L6: =SUMIFS(главная!AG:AG,главная!$N:$N,$B6) -> 0 | M6: =SUMIFS(главная!AH:AH,главная!$N:$N,$B6) -> 0 | N6: =SUMIFS(главная!AI:AI,главная!$N:$N,$B6) -> 0 | O6: =SUMIFS(главная!AJ:AJ,главная!$N:$N,$B6) -> 0 | P6: =SUMIFS(главная!AK:AK,главная!$N:$N,$B6) -> 0 | Q6: =SUMIFS(главная!AL:AL,главная!$N:$N,$B6) -> 0 | R6: =SUMIFS(главная!AM:AM,главная!$N:$N,$B6) -> 0 | S6: =SUMIFS(главная!AN:AN,главная!$N:$N,$B6) -> 0 | T6: =SUMIFS(главная!AO:AO,главная!$N:$N,$B6) -> 0 | U6: =SUMIFS(главная!AP:AP,главная!$N:$N,$B6) -> 0 | V6: =SUMIFS(главная!AQ:AQ,главная!$N:$N,$B6) -> 0 | W6: =SUMIFS(главная!AR:AR,главная!$N:$N,$B6) -> 0 | X6: =SUMIFS(главная!AS:AS,главная!$N:$N,$B6) -> 0 | Y6: =SUMIFS(главная!AT:AT,главная!$N:$N,$B6) -> 0 | Z6: =SUMIFS(главная!AU:AU,главная!$N:$N,$B6) -> 0 | AA6: =SUMIFS(главная!AV:AV,главная!$N:$N,$B6) -> 0 | AB6: =SUMIFS(главная!AW:AW,главная!$N:$N,$B6) -> 0 | AC6: =SUMIFS(главная!AX:AX,главная!$N:$N,$B6) -> 0 | AD6: =SUMIFS(главная!AY:AY,главная!$N:$N,$B6) -> 0 | AE6: =SUMIFS(главная!AZ:AZ,главная!$N:$N,$B6) -> 0 | AF6: =SUMIFS(главная!BA:BA,главная!$N:$N,$B6) -> 0 | AG6: =SUMIFS(главная!BB:BB,главная!$N:$N,$B6) -> 0 | AH6: =SUMIFS(главная!BC:BC,главная!$N:$N,$B6) -> 0 | AI6: =SUMIFS(главная!BD:BD,главная!$N:$N,$B6) -> 0
B7: =главная!$N$132 -> Начисленные %% по Тарифу-3 | D7: =SUM($E7:$AJ7) -> 0 | F7: =SUMIFS(главная!AA:AA,главная!$N:$N,$B7) -> 0 | G7: =SUMIFS(главная!AB:AB,главная!$N:$N,$B7) -> 0 | H7: =SUMIFS(главная!AC:AC,главная!$N:$N,$B7) -> 0 | I7: =SUMIFS(главная!AD:AD,главная!$N:$N,$B7) -> 0 | J7: =SUMIFS(главная!AE:AE,главная!$N:$N,$B7) -> 0 | K7: =SUMIFS(главная!AF:AF,главная!$N:$N,$B7) -> 0 | L7: =SUMIFS(главная!AG:AG,главная!$N:$N,$B7) -> 0 | M7: =SUMIFS(главная!AH:AH,главная!$N:$N,$B7) -> 0 | N7: =SUMIFS(главная!AI:AI,главная!$N:$N,$B7) -> 0 | O7: =SUMIFS(главная!AJ:AJ,главная!$N:$N,$B7) -> 0 | P7: =SUMIFS(главная!AK:AK,главная!$N:$N,$B7) -> 0 | Q7: =SUMIFS(главная!AL:AL,главная!$N:$N,$B7) -> 0 | R7: =SUMIFS(главная!AM:AM,главная!$N:$N,$B7) -> 0 | S7: =SUMIFS(главная!AN:AN,главная!$N:$N,$B7) -> 0 | T7: =SUMIFS(главная!AO:AO,главная!$N:$N,$B7) -> 0 | U7: =SUMIFS(главная!AP:AP,главная!$N:$N,$B7) -> 0 | V7: =SUMIFS(главная!AQ:AQ,главная!$N:$N,$B7) -> 0 | W7: =SUMIFS(главная!AR:AR,главная!$N:$N,$B7) -> 0 | X7: =SUMIFS(главная!AS:AS,главная!$N:$N,$B7) -> 0 | Y7: =SUMIFS(главная!AT:AT,главная!$N:$N,$B7) -> 0 | Z7: =SUMIFS(главная!AU:AU,главная!$N:$N,$B7) -> 0 | AA7: =SUMIFS(главная!AV:AV,главная!$N:$N,$B7) -> 0 | AB7: =SUMIFS(главная!AW:AW,главная!$N:$N,$B7) -> 0 | AC7: =SUMIFS(главная!AX:AX,главная!$N:$N,$B7) -> 0 | AD7: =SUMIFS(главная!AY:AY,главная!$N:$N,$B7) -> 0 | AE7: =SUMIFS(главная!AZ:AZ,главная!$N:$N,$B7) -> 0 | AF7: =SUMIFS(главная!BA:BA,главная!$N:$N,$B7) -> 0 | AG7: =SUMIFS(главная!BB:BB,главная!$N:$N,$B7) -> 0 | AH7: =SUMIFS(главная!BC:BC,главная!$N:$N,$B7) -> 0 | AI7: =SUMIFS(главная!BD:BD,главная!$N:$N,$B7) -> 0
B8: =главная!$N$170 -> Начисленные %% по Тарифу-4 | D8: =SUM($E8:$AJ8) -> 0 | F8: =SUMIFS(главная!AA:AA,главная!$N:$N,$B8) -> 0 | G8: =SUMIFS(главная!AB:AB,главная!$N:$N,$B8) -> 0 | H8: =SUMIFS(главная!AC:AC,главная!$N:$N,$B8) -> 0 | I8: =SUMIFS(главная!AD:AD,главная!$N:$N,$B8) -> 0 | J8: =SUMIFS(главная!AE:AE,главная!$N:$N,$B8) -> 0 | K8: =SUMIFS(главная!AF:AF,главная!$N:$N,$B8) -> 0 | L8: =SUMIFS(главная!AG:AG,главная!$N:$N,$B8) -> 0 | M8: =SUMIFS(главная!AH:AH,главная!$N:$N,$B8) -> 0 | N8: =SUMIFS(главная!AI:AI,главная!$N:$N,$B8) -> 0 | O8: =SUMIFS(главная!AJ:AJ,главная!$N:$N,$B8) -> 0 | P8: =SUMIFS(главная!AK:AK,главная!$N:$N,$B8) -> 0 | Q8: =SUMIFS(главная!AL:AL,главная!$N:$N,$B8) -> 0 | R8: =SUMIFS(главная!AM:AM,главная!$N:$N,$B8) -> 0 | S8: =SUMIFS(главная!AN:AN,главная!$N:$N,$B8) -> 0 | T8: =SUMIFS(главная!AO:AO,главная!$N:$N,$B8) -> 0 | U8: =SUMIFS(главная!AP:AP,главная!$N:$N,$B8) -> 0 | V8: =SUMIFS(главная!AQ:AQ,главная!$N:$N,$B8) -> 0 | W8: =SUMIFS(главная!AR:AR,главная!$N:$N,$B8) -> 0 | X8: =SUMIFS(главная!AS:AS,главная!$N:$N,$B8) -> 0 | Y8: =SUMIFS(главная!AT:AT,главная!$N:$N,$B8) -> 0 | Z8: =SUMIFS(главная!AU:AU,главная!$N:$N,$B8) -> 0 | AA8: =SUMIFS(главная!AV:AV,главная!$N:$N,$B8) -> 0 | AB8: =SUMIFS(главная!AW:AW,главная!$N:$N,$B8) -> 0 | AC8: =SUMIFS(главная!AX:AX,главная!$N:$N,$B8) -> 0 | AD8: =SUMIFS(главная!AY:AY,главная!$N:$N,$B8) -> 0 | AE8: =SUMIFS(главная!AZ:AZ,главная!$N:$N,$B8) -> 0 | AF8: =SUMIFS(главная!BA:BA,главная!$N:$N,$B8) -> 0 | AG8: =SUMIFS(главная!BB:BB,главная!$N:$N,$B8) -> 0 | AH8: =SUMIFS(главная!BC:BC,главная!$N:$N,$B8) -> 0 | AI8: =SUMIFS(главная!BD:BD,главная!$N:$N,$B8) -> 0
B9: =главная!$H$18 -> Дефолты по телу займов / фондирование | D9: =SUM($E9:$AJ9) -> 0 | F9: =SUMIFS(главная!AA:AA,главная!$H:$H,$B9,главная!$N:$N,"итого") -> 0 | G9: =SUMIFS(главная!AB:AB,главная!$H:$H,$B9,главная!$N:$N,"итого") -> 0 | H9: =SUMIFS(главная!AC:AC,главная!$H:$H,$B9,главная!$N:$N,"итого") -> 0 | I9: =SUMIFS(главная!AD:AD,главная!$H:$H,$B9,главная!$N:$N,"итого") -> 0 | J9: =SUMIFS(главная!AE:AE,главная!$H:$H,$B9,главная!$N:$N,"итого") -> 0 | K9: =SUMIFS(главная!AF:AF,главная!$H:$H,$B9,главная!$N:$N,"итого") -> 0 | L9: =SUMIFS(главная!AG:AG,главная!$H:$H,$B9,главная!$N:$N,"итого") -> 0 | M9: =SUMIFS(главная!AH:AH,главная!$H:$H,$B9,главная!$N:$N,"итого") -> 0 | N9: =SUMIFS(главная!AI:AI,главная!$H:$H,$B9,главная!$N:$N,"итого") -> 0 | O9: =SUMIFS(главная!AJ:AJ,главная!$H:$H,$B9,главная!$N:$N,"итого") -> 0 | P9: =SUMIFS(главная!AK:AK,главная!$H:$H,$B9,главная!$N:$N,"итого") -> 0 | Q9: =SUMIFS(главная!AL:AL,главная!$H:$H,$B9,главная!$N:$N,"итого") -> 0 | R9: =SUMIFS(главная!AM:AM,главная!$H:$H,$B9,главная!$N:$N,"итого") -> 0 | S9: =SUMIFS(главная!AN:AN,главная!$H:$H,$B9,главная!$N:$N,"итого") -> 0 | T9: =SUMIFS(главная!AO:AO,главная!$H:$H,$B9,главная!$N:$N,"итого") -> 0 | U9: =SUMIFS(главная!AP:AP,главная!$H:$H,$B9,главная!$N:$N,"итого") -> 0 | V9: =SUMIFS(главная!AQ:AQ,главная!$H:$H,$B9,главная!$N:$N,"итого") -> 0 | W9: =SUMIFS(главная!AR:AR,главная!$H:$H,$B9,главная!$N:$N,"итого") -> 0 | X9: =SUMIFS(главная!AS:AS,главная!$H:$H,$B9,главная!$N:$N,"итого") -> 0 | Y9: =SUMIFS(главная!AT:AT,главная!$H:$H,$B9,главная!$N:$N,"итого") -> 0 | Z9: =SUMIFS(главная!AU:AU,главная!$H:$H,$B9,главная!$N:$N,"итого") -> 0 | AA9: =SUMIFS(главная!AV:AV,главная!$H:$H,$B9,главная!$N:$N,"итого") -> 0 | AB9: =SUMIFS(главная!AW:AW,главная!$H:$H,$B9,главная!$N:$N,"итого") -> 0 | AC9: =SUMIFS(главная!AX:AX,главная!$H:$H,$B9,главная!$N:$N,"итого") -> 0 | AD9: =SUMIFS(главная!AY:AY,главная!$H:$H,$B9,главная!$N:$N,"итого") -> 0 | AE9: =SUMIFS(главная!AZ:AZ,главная!$H:$H,$B9,главная!$N:$N,"итого") -> 0 | AF9: =SUMIFS(главная!BA:BA,главная!$H:$H,$B9,главная!$N:$N,"итого") -> 0 | AG9: =SUMIFS(главная!BB:BB,главная!$H:$H,$B9,главная!$N:$N,"итого") -> 0 | AH9: =SUMIFS(главная!BC:BC,главная!$H:$H,$B9,главная!$N:$N,"итого") -> 0 | AI9: =SUMIFS(главная!BD:BD,главная!$H:$H,$B9,главная!$N:$N,"итого") -> 0
B10: =главная!$H$19 -> Дефолты по %% / фондирование | D10: =SUM($E10:$AJ10) -> 0 | F10: =SUMIFS(главная!AA:AA,главная!$H:$H,$B10,главная!$N:$N,"итого") -> 0 | G10: =SUMIFS(главная!AB:AB,главная!$H:$H,$B10,главная!$N:$N,"итого") -> 0 | H10: =SUMIFS(главная!AC:AC,главная!$H:$H,$B10,главная!$N:$N,"итого") -> 0 | I10: =SUMIFS(главная!AD:AD,главная!$H:$H,$B10,главная!$N:$N,"итого") -> 0 | J10: =SUMIFS(главная!AE:AE,главная!$H:$H,$B10,главная!$N:$N,"итого") -> 0 | K10: =SUMIFS(главная!AF:AF,главная!$H:$H,$B10,главная!$N:$N,"итого") -> 0 | L10: =SUMIFS(главная!AG:AG,главная!$H:$H,$B10,главная!$N:$N,"итого") -> 0 | M10: =SUMIFS(главная!AH:AH,главная!$H:$H,$B10,главная!$N:$N,"итого") -> 0 | N10: =SUMIFS(главная!AI:AI,главная!$H:$H,$B10,главная!$N:$N,"итого") -> 0 | O10: =SUMIFS(главная!AJ:AJ,главная!$H:$H,$B10,главная!$N:$N,"итого") -> 0 | P10: =SUMIFS(главная!AK:AK,главная!$H:$H,$B10,главная!$N:$N,"итого") -> 0 | Q10: =SUMIFS(главная!AL:AL,главная!$H:$H,$B10,главная!$N:$N,"итого") -> 0 | R10: =SUMIFS(главная!AM:AM,главная!$H:$H,$B10,главная!$N:$N,"итого") -> 0 | S10: =SUMIFS(главная!AN:AN,главная!$H:$H,$B10,главная!$N:$N,"итого") -> 0 | T10: =SUMIFS(главная!AO:AO,главная!$H:$H,$B10,главная!$N:$N,"итого") -> 0 | U10: =SUMIFS(главная!AP:AP,главная!$H:$H,$B10,главная!$N:$N,"итого") -> 0 | V10: =SUMIFS(главная!AQ:AQ,главная!$H:$H,$B10,главная!$N:$N,"итого") -> 0 | W10: =SUMIFS(главная!AR:AR,главная!$H:$H,$B10,главная!$N:$N,"итого") -> 0 | X10: =SUMIFS(главная!AS:AS,главная!$H:$H,$B10,главная!$N:$N,"итого") -> 0 | Y10: =SUMIFS(главная!AT:AT,главная!$H:$H,$B10,главная!$N:$N,"итого") -> 0 | Z10: =SUMIFS(главная!AU:AU,главная!$H:$H,$B10,главная!$N:$N,"итого") -> 0 | AA10: =SUMIFS(главная!AV:AV,главная!$H:$H,$B10,главная!$N:$N,"итого") -> 0 | AB10: =SUMIFS(главная!AW:AW,главная!$H:$H,$B10,главная!$N:$N,"итого") -> 0 | AC10: =SUMIFS(главная!AX:AX,главная!$H:$H,$B10,главная!$N:$N,"итого") -> 0 | AD10: =SUMIFS(главная!AY:AY,главная!$H:$H,$B10,главная!$N:$N,"итого") -> 0 | AE10: =SUMIFS(главная!AZ:AZ,главная!$H:$H,$B10,главная!$N:$N,"итого") -> 0 | AF10: =SUMIFS(главная!BA:BA,главная!$H:$H,$B10,главная!$N:$N,"итого") -> 0 | AG10: =SUMIFS(главная!BB:BB,главная!$H:$H,$B10,главная!$N:$N,"итого") -> 0 | AH10: =SUMIFS(главная!BC:BC,главная!$H:$H,$B10,главная!$N:$N,"итого") -> 0 | AI10: =SUMIFS(главная!BD:BD,главная!$H:$H,$B10,главная!$N:$N,"итого") -> 0
B11: Чистый процентный доход | D11: =SUM($E11:$AJ11) -> 0 | F11: =F3-F9-F10 -> 0 | G11: =G3-G9-G10 -> 0 | H11: =H3-H9-H10 -> 0 | I11: =I3-I9-I10 -> 0 | J11: =J3-J9-J10 -> 0 | K11: =K3-K9-K10 -> 0 | L11: =L3-L9-L10 -> 0 | M11: =M3-M9-M10 -> 0 | ... AI11: =AI3-AI9-AI10 -> 0
B12: =главная!$H$176 -> Переменные расходы (РКО) | D12: =SUM($E12:$AJ12) -> 0 | F12: =SUMIFS(главная!AA:AA,главная!$H:$H,$B12,главная!$N:$N,"итого") -> 0 | G12: =SUMIFS(главная!AB:AB,главная!$H:$H,$B12,главная!$N:$N,"итого") -> 0 | H12: =SUMIFS(главная!AC:AC,главная!$H:$H,$B12,главная!$N:$N,"итого") -> 0 | I12: =SUMIFS(главная!AD:AD,главная!$H:$H,$B12,главная!$N:$N,"итого") -> 0 | J12: =SUMIFS(главная!AE:AE,главная!$H:$H,$B12,главная!$N:$N,"итого") -> 0 | K12: =SUMIFS(главная!AF:AF,главная!$H:$H,$B12,главная!$N:$N,"итого") -> 0 | L12: =SUMIFS(главная!AG:AG,главная!$H:$H,$B12,главная!$N:$N,"итого") -> 0 | M12: =SUMIFS(главная!AH:AH,главная!$H:$H,$B12,главная!$N:$N,"итого") -> 0 | N12: =SUMIFS(главная!AI:AI,главная!$H:$H,$B12,главная!$N:$N,"итого") -> 0 | O12: =SUMIFS(главная!AJ:AJ,главная!$H:$H,$B12,главная!$N:$N,"итого") -> 0 | P12: =SUMIFS(главная!AK:AK,главная!$H:$H,$B12,главная!$N:$N,"итого") -> 0 | Q12: =SUMIFS(главная!AL:AL,главная!$H:$H,$B12,главная!$N:$N,"итого") -> 0 | R12: =SUMIFS(главная!AM:AM,главная!$H:$H,$B12,главная!$N:$N,"итого") -> 0 | S12: =SUMIFS(главная!AN:AN,главная!$H:$H,$B12,главная!$N:$N,"итого") -> 0 | T12: =SUMIFS(главная!AO:AO,главная!$H:$H,$B12,главная!$N:$N,"итого") -> 0 | U12: =SUMIFS(главная!AP:AP,главная!$H:$H,$B12,главная!$N:$N,"итого") -> 0 | V12: =SUMIFS(главная!AQ:AQ,главная!$H:$H,$B12,главная!$N:$N,"итого") -> 0 | W12: =SUMIFS(главная!AR:AR,главная!$H:$H,$B12,главная!$N:$N,"итого") -> 0 | X12: =SUMIFS(главная!AS:AS,главная!$H:$H,$B12,главная!$N:$N,"итого") -> 0 | Y12: =SUMIFS(главная!AT:AT,главная!$H:$H,$B12,главная!$N:$N,"итого") -> 0 | Z12: =SUMIFS(главная!AU:AU,главная!$H:$H,$B12,главная!$N:$N,"итого") -> 0 | AA12: =SUMIFS(главная!AV:AV,главная!$H:$H,$B12,главная!$N:$N,"итого") -> 0 | AB12: =SUMIFS(главная!AW:AW,главная!$H:$H,$B12,главная!$N:$N,"итого") -> 0 | AC12: =SUMIFS(главная!AX:AX,главная!$H:$H,$B12,главная!$N:$N,"итого") -> 0 | AD12: =SUMIFS(главная!AY:AY,главная!$H:$H,$B12,главная!$N:$N,"итого") -> 0 | AE12: =SUMIFS(главная!AZ:AZ,главная!$H:$H,$B12,главная!$N:$N,"итого") -> 0 | AF12: =SUMIFS(главная!BA:BA,главная!$H:$H,$B12,главная!$N:$N,"итого") -> 0 | AG12: =SUMIFS(главная!BB:BB,главная!$H:$H,$B12,главная!$N:$N,"итого") -> 0 | AH12: =SUMIFS(главная!BC:BC,главная!$H:$H,$B12,главная!$N:$N,"итого") -> 0 | AI12: =SUMIFS(главная!BD:BD,главная!$H:$H,$B12,главная!$N:$N,"итого") -> 0
B13: =главная!$H$209 -> Маржинальная прибыль | D13: =SUM($E13:$AJ13) -> 0 | F13: =F11-F12 -> 0 | G13: =G11-G12 -> 0 | H13: =H11-H12 -> 0 | I13: =I11-I12 -> 0 | J13: =J11-J12 -> 0 | K13: =K11-K12 -> 0 | L13: =L11-L12 -> 0 | M13: =M11-M12 -> 0 | ... AI13: =AI11-AI12 -> 0
B14: =главная!$H$213 -> Постоянные расходы | D14: =SUM($E14:$AJ14) -> 0 | F14: =SUMIFS(главная!AA:AA,главная!$H:$H,$B14,главная!$N:$N,"итого") -> 0 | G14: =SUMIFS(главная!AB:AB,главная!$H:$H,$B14,главная!$N:$N,"итого") -> 0 | H14: =SUMIFS(главная!AC:AC,главная!$H:$H,$B14,главная!$N:$N,"итого") -> 0 | I14: =SUMIFS(главная!AD:AD,главная!$H:$H,$B14,главная!$N:$N,"итого") -> 0 | J14: =SUMIFS(главная!AE:AE,главная!$H:$H,$B14,главная!$N:$N,"итого") -> 0 | K14: =SUMIFS(главная!AF:AF,главная!$H:$H,$B14,главная!$N:$N,"итого") -> 0 | L14: =SUMIFS(главная!AG:AG,главная!$H:$H,$B14,главная!$N:$N,"итого") -> 0 | M14: =SUMIFS(главная!AH:AH,главная!$H:$H,$B14,главная!$N:$N,"итого") -> 0 | N14: =SUMIFS(главная!AI:AI,главная!$H:$H,$B14,главная!$N:$N,"итого") -> 0 | O14: =SUMIFS(главная!AJ:AJ,главная!$H:$H,$B14,главная!$N:$N,"итого") -> 0 | P14: =SUMIFS(главная!AK:AK,главная!$H:$H,$B14,главная!$N:$N,"итого") -> 0 | Q14: =SUMIFS(главная!AL:AL,главная!$H:$H,$B14,главная!$N:$N,"итого") -> 0 | R14: =SUMIFS(главная!AM:AM,главная!$H:$H,$B14,главная!$N:$N,"итого") -> 0 | S14: =SUMIFS(главная!AN:AN,главная!$H:$H,$B14,главная!$N:$N,"итого") -> 0 | T14: =SUMIFS(главная!AO:AO,главная!$H:$H,$B14,главная!$N:$N,"итого") -> 0 | U14: =SUMIFS(главная!AP:AP,главная!$H:$H,$B14,главная!$N:$N,"итого") -> 0 | V14: =SUMIFS(главная!AQ:AQ,главная!$H:$H,$B14,главная!$N:$N,"итого") -> 0 | W14: =SUMIFS(главная!AR:AR,главная!$H:$H,$B14,главная!$N:$N,"итого") -> 0 | X14: =SUMIFS(главная!AS:AS,главная!$H:$H,$B14,главная!$N:$N,"итого") -> 0 | Y14: =SUMIFS(главная!AT:AT,главная!$H:$H,$B14,главная!$N:$N,"итого") -> 0 | Z14: =SUMIFS(главная!AU:AU,главная!$H:$H,$B14,главная!$N:$N,"итого") -> 0 | AA14: =SUMIFS(главная!AV:AV,главная!$H:$H,$B14,главная!$N:$N,"итого") -> 0 | AB14: =SUMIFS(главная!AW:AW,главная!$H:$H,$B14,главная!$N:$N,"итого") -> 0 | AC14: =SUMIFS(главная!AX:AX,главная!$H:$H,$B14,главная!$N:$N,"итого") -> 0 | AD14: =SUMIFS(главная!AY:AY,главная!$H:$H,$B14,главная!$N:$N,"итого") -> 0 | AE14: =SUMIFS(главная!AZ:AZ,главная!$H:$H,$B14,главная!$N:$N,"итого") -> 0 | AF14: =SUMIFS(главная!BA:BA,главная!$H:$H,$B14,главная!$N:$N,"итого") -> 0 | AG14: =SUMIFS(главная!BB:BB,главная!$H:$H,$B14,главная!$N:$N,"итого") -> 0 | AH14: =SUMIFS(главная!BC:BC,главная!$H:$H,$B14,главная!$N:$N,"итого") -> 0 | AI14: =SUMIFS(главная!BD:BD,главная!$H:$H,$B14,главная!$N:$N,"итого") -> 0
B15: в т.ч. | AK15: =SUM(F14:AI14)-SUM(F15:AI20) -> 0
B16: =главная!$N$230 -> ФОТ+соцсборы | D16: =SUM($E16:$AJ16) -> 0 | F16: =SUMIFS(главная!AA:AA,главная!$N:$N,$B16) -> 0 | G16: =SUMIFS(главная!AB:AB,главная!$N:$N,$B16) -> 0 | H16: =SUMIFS(главная!AC:AC,главная!$N:$N,$B16) -> 0 | I16: =SUMIFS(главная!AD:AD,главная!$N:$N,$B16) -> 0 | J16: =SUMIFS(главная!AE:AE,главная!$N:$N,$B16) -> 0 | K16: =SUMIFS(главная!AF:AF,главная!$N:$N,$B16) -> 0 | L16: =SUMIFS(главная!AG:AG,главная!$N:$N,$B16) -> 0 | M16: =SUMIFS(главная!AH:AH,главная!$N:$N,$B16) -> 0 | N16: =SUMIFS(главная!AI:AI,главная!$N:$N,$B16) -> 0 | O16: =SUMIFS(главная!AJ:AJ,главная!$N:$N,$B16) -> 0 | P16: =SUMIFS(главная!AK:AK,главная!$N:$N,$B16) -> 0 | Q16: =SUMIFS(главная!AL:AL,главная!$N:$N,$B16) -> 0 | R16: =SUMIFS(главная!AM:AM,главная!$N:$N,$B16) -> 0 | S16: =SUMIFS(главная!AN:AN,главная!$N:$N,$B16) -> 0 | T16: =SUMIFS(главная!AO:AO,главная!$N:$N,$B16) -> 0 | U16: =SUMIFS(главная!AP:AP,главная!$N:$N,$B16) -> 0 | V16: =SUMIFS(главная!AQ:AQ,главная!$N:$N,$B16) -> 0 | W16: =SUMIFS(главная!AR:AR,главная!$N:$N,$B16) -> 0 | X16: =SUMIFS(главная!AS:AS,главная!$N:$N,$B16) -> 0 | Y16: =SUMIFS(главная!AT:AT,главная!$N:$N,$B16) -> 0 | Z16: =SUMIFS(главная!AU:AU,главная!$N:$N,$B16) -> 0 | AA16: =SUMIFS(главная!AV:AV,главная!$N:$N,$B16) -> 0 | AB16: =SUMIFS(главная!AW:AW,главная!$N:$N,$B16) -> 0 | AC16: =SUMIFS(главная!AX:AX,главная!$N:$N,$B16) -> 0 | AD16: =SUMIFS(главная!AY:AY,главная!$N:$N,$B16) -> 0 | AE16: =SUMIFS(главная!AZ:AZ,главная!$N:$N,$B16) -> 0 | AF16: =SUMIFS(главная!BA:BA,главная!$N:$N,$B16) -> 0 | AG16: =SUMIFS(главная!BB:BB,главная!$N:$N,$B16) -> 0 | AH16: =SUMIFS(главная!BC:BC,главная!$N:$N,$B16) -> 0 | AI16: =SUMIFS(главная!BD:BD,главная!$N:$N,$B16) -> 0
B17: =главная!$N$264 -> хозрасходы | D17: =SUM($E17:$AJ17) -> 0 | F17: =SUMIFS(главная!AA:AA,главная!$N:$N,$B17) -> 0 | G17: =SUMIFS(главная!AB:AB,главная!$N:$N,$B17) -> 0 | H17: =SUMIFS(главная!AC:AC,главная!$N:$N,$B17) -> 0 | I17: =SUMIFS(главная!AD:AD,главная!$N:$N,$B17) -> 0 | J17: =SUMIFS(главная!AE:AE,главная!$N:$N,$B17) -> 0 | K17: =SUMIFS(главная!AF:AF,главная!$N:$N,$B17) -> 0 | L17: =SUMIFS(главная!AG:AG,главная!$N:$N,$B17) -> 0 | M17: =SUMIFS(главная!AH:AH,главная!$N:$N,$B17) -> 0 | N17: =SUMIFS(главная!AI:AI,главная!$N:$N,$B17) -> 0 | O17: =SUMIFS(главная!AJ:AJ,главная!$N:$N,$B17) -> 0 | P17: =SUMIFS(главная!AK:AK,главная!$N:$N,$B17) -> 0 | Q17: =SUMIFS(главная!AL:AL,главная!$N:$N,$B17) -> 0 | R17: =SUMIFS(главная!AM:AM,главная!$N:$N,$B17) -> 0 | S17: =SUMIFS(главная!AN:AN,главная!$N:$N,$B17) -> 0 | T17: =SUMIFS(главная!AO:AO,главная!$N:$N,$B17) -> 0 | U17: =SUMIFS(главная!AP:AP,главная!$N:$N,$B17) -> 0 | V17: =SUMIFS(главная!AQ:AQ,главная!$N:$N,$B17) -> 0 | W17: =SUMIFS(главная!AR:AR,главная!$N:$N,$B17) -> 0 | X17: =SUMIFS(главная!AS:AS,главная!$N:$N,$B17) -> 0 | Y17: =SUMIFS(главная!AT:AT,главная!$N:$N,$B17) -> 0 | Z17: =SUMIFS(главная!AU:AU,главная!$N:$N,$B17) -> 0 | AA17: =SUMIFS(главная!AV:AV,главная!$N:$N,$B17) -> 0 | AB17: =SUMIFS(главная!AW:AW,главная!$N:$N,$B17) -> 0 | AC17: =SUMIFS(главная!AX:AX,главная!$N:$N,$B17) -> 0 | AD17: =SUMIFS(главная!AY:AY,главная!$N:$N,$B17) -> 0 | AE17: =SUMIFS(главная!AZ:AZ,главная!$N:$N,$B17) -> 0 | AF17: =SUMIFS(главная!BA:BA,главная!$N:$N,$B17) -> 0 | AG17: =SUMIFS(главная!BB:BB,главная!$N:$N,$B17) -> 0 | AH17: =SUMIFS(главная!BC:BC,главная!$N:$N,$B17) -> 0 | AI17: =SUMIFS(главная!BD:BD,главная!$N:$N,$B17) -> 0
B18: =главная!$N$281 -> Расходы на маркетинг | D18: =SUM($E18:$AJ18) -> 0 | F18: =SUMIFS(главная!AA:AA,главная!$N:$N,$B18) -> 0 | G18: =SUMIFS(главная!AB:AB,главная!$N:$N,$B18) -> 0 | H18: =SUMIFS(главная!AC:AC,главная!$N:$N,$B18) -> 0 | I18: =SUMIFS(главная!AD:AD,главная!$N:$N,$B18) -> 0 | J18: =SUMIFS(главная!AE:AE,главная!$N:$N,$B18) -> 0 | K18: =SUMIFS(главная!AF:AF,главная!$N:$N,$B18) -> 0 | L18: =SUMIFS(главная!AG:AG,главная!$N:$N,$B18) -> 0 | M18: =SUMIFS(главная!AH:AH,главная!$N:$N,$B18) -> 0 | N18: =SUMIFS(главная!AI:AI,главная!$N:$N,$B18) -> 0 | O18: =SUMIFS(главная!AJ:AJ,главная!$N:$N,$B18) -> 0 | P18: =SUMIFS(главная!AK:AK,главная!$N:$N,$B18) -> 0 | Q18: =SUMIFS(главная!AL:AL,главная!$N:$N,$B18) -> 0 | R18: =SUMIFS(главная!AM:AM,главная!$N:$N,$B18) -> 0 | S18: =SUMIFS(главная!AN:AN,главная!$N:$N,$B18) -> 0 | T18: =SUMIFS(главная!AO:AO,главная!$N:$N,$B18) -> 0 | U18: =SUMIFS(главная!AP:AP,главная!$N:$N,$B18) -> 0 | V18: =SUMIFS(главная!AQ:AQ,главная!$N:$N,$B18) -> 0 | W18: =SUMIFS(главная!AR:AR,главная!$N:$N,$B18) -> 0 | X18: =SUMIFS(главная!AS:AS,главная!$N:$N,$B18) -> 0 | Y18: =SUMIFS(главная!AT:AT,главная!$N:$N,$B18) -> 0 | Z18: =SUMIFS(главная!AU:AU,главная!$N:$N,$B18) -> 0 | AA18: =SUMIFS(главная!AV:AV,главная!$N:$N,$B18) -> 0 | AB18: =SUMIFS(главная!AW:AW,главная!$N:$N,$B18) -> 0 | AC18: =SUMIFS(главная!AX:AX,главная!$N:$N,$B18) -> 0 | AD18: =SUMIFS(главная!AY:AY,главная!$N:$N,$B18) -> 0 | AE18: =SUMIFS(главная!AZ:AZ,главная!$N:$N,$B18) -> 0 | AF18: =SUMIFS(главная!BA:BA,главная!$N:$N,$B18) -> 0 | AG18: =SUMIFS(главная!BB:BB,главная!$N:$N,$B18) -> 0 | AH18: =SUMIFS(главная!BC:BC,главная!$N:$N,$B18) -> 0 | AI18: =SUMIFS(главная!BD:BD,главная!$N:$N,$B18) -> 0
B19: =главная!$N$298 -> Расходы на аренду офиса | D19: =SUM($E19:$AJ19) -> 0 | F19: =SUMIFS(главная!AA:AA,главная!$N:$N,$B19) -> 0 | G19: =SUMIFS(главная!AB:AB,главная!$N:$N,$B19) -> 0 | H19: =SUMIFS(главная!AC:AC,главная!$N:$N,$B19) -> 0 | I19: =SUMIFS(главная!AD:AD,главная!$N:$N,$B19) -> 0 | J19: =SUMIFS(главная!AE:AE,главная!$N:$N,$B19) -> 0 | K19: =SUMIFS(главная!AF:AF,главная!$N:$N,$B19) -> 0 | L19: =SUMIFS(главная!AG:AG,главная!$N:$N,$B19) -> 0 | M19: =SUMIFS(главная!AH:AH,главная!$N:$N,$B19) -> 0 | N19: =SUMIFS(главная!AI:AI,главная!$N:$N,$B19) -> 0 | O19: =SUMIFS(главная!AJ:AJ,главная!$N:$N,$B19) -> 0 | P19: =SUMIFS(главная!AK:AK,главная!$N:$N,$B19) -> 0 | Q19: =SUMIFS(главная!AL:AL,главная!$N:$N,$B19) -> 0 | R19: =SUMIFS(главная!AM:AM,главная!$N:$N,$B19) -> 0 | S19: =SUMIFS(главная!AN:AN,главная!$N:$N,$B19) -> 0 | T19: =SUMIFS(главная!AO:AO,главная!$N:$N,$B19) -> 0 | U19: =SUMIFS(главная!AP:AP,главная!$N:$N,$B19) -> 0 | V19: =SUMIFS(главная!AQ:AQ,главная!$N:$N,$B19) -> 0 | W19: =SUMIFS(главная!AR:AR,главная!$N:$N,$B19) -> 0 | X19: =SUMIFS(главная!AS:AS,главная!$N:$N,$B19) -> 0 | Y19: =SUMIFS(главная!AT:AT,главная!$N:$N,$B19) -> 0 | Z19: =SUMIFS(главная!AU:AU,главная!$N:$N,$B19) -> 0 | AA19: =SUMIFS(главная!AV:AV,главная!$N:$N,$B19) -> 0 | AB19: =SUMIFS(главная!AW:AW,главная!$N:$N,$B19) -> 0 | AC19: =SUMIFS(главная!AX:AX,главная!$N:$N,$B19) -> 0 | AD19: =SUMIFS(главная!AY:AY,главная!$N:$N,$B19) -> 0 | AE19: =SUMIFS(главная!AZ:AZ,главная!$N:$N,$B19) -> 0 | AF19: =SUMIFS(главная!BA:BA,главная!$N:$N,$B19) -> 0 | AG19: =SUMIFS(главная!BB:BB,главная!$N:$N,$B19) -> 0 | AH19: =SUMIFS(главная!BC:BC,главная!$N:$N,$B19) -> 0 | AI19: =SUMIFS(главная!BD:BD,главная!$N:$N,$B19) -> 0
B20: =главная!$N$315 -> Прочие постоянные расходы | D20: =SUM($E20:$AJ20) -> 0 | F20: =SUMIFS(главная!AA:AA,главная!$N:$N,$B20) -> 0 | G20: =SUMIFS(главная!AB:AB,главная!$N:$N,$B20) -> 0 | H20: =SUMIFS(главная!AC:AC,главная!$N:$N,$B20) -> 0 | I20: =SUMIFS(главная!AD:AD,главная!$N:$N,$B20) -> 0 | J20: =SUMIFS(главная!AE:AE,главная!$N:$N,$B20) -> 0 | K20: =SUMIFS(главная!AF:AF,главная!$N:$N,$B20) -> 0 | L20: =SUMIFS(главная!AG:AG,главная!$N:$N,$B20) -> 0 | M20: =SUMIFS(главная!AH:AH,главная!$N:$N,$B20) -> 0 | N20: =SUMIFS(главная!AI:AI,главная!$N:$N,$B20) -> 0 | O20: =SUMIFS(главная!AJ:AJ,главная!$N:$N,$B20) -> 0 | P20: =SUMIFS(главная!AK:AK,главная!$N:$N,$B20) -> 0 | Q20: =SUMIFS(главная!AL:AL,главная!$N:$N,$B20) -> 0 | R20: =SUMIFS(главная!AM:AM,главная!$N:$N,$B20) -> 0 | S20: =SUMIFS(главная!AN:AN,главная!$N:$N,$B20) -> 0 | T20: =SUMIFS(главная!AO:AO,главная!$N:$N,$B20) -> 0 | U20: =SUMIFS(главная!AP:AP,главная!$N:$N,$B20) -> 0 | V20: =SUMIFS(главная!AQ:AQ,главная!$N:$N,$B20) -> 0 | W20: =SUMIFS(главная!AR:AR,главная!$N:$N,$B20) -> 0 | X20: =SUMIFS(главная!AS:AS,главная!$N:$N,$B20) -> 0 | Y20: =SUMIFS(главная!AT:AT,главная!$N:$N,$B20) -> 0 | Z20: =SUMIFS(главная!AU:AU,главная!$N:$N,$B20) -> 0 | AA20: =SUMIFS(главная!AV:AV,главная!$N:$N,$B20) -> 0 | AB20: =SUMIFS(главная!AW:AW,главная!$N:$N,$B20) -> 0 | AC20: =SUMIFS(главная!AX:AX,главная!$N:$N,$B20) -> 0 | AD20: =SUMIFS(главная!AY:AY,главная!$N:$N,$B20) -> 0 | AE20: =SUMIFS(главная!AZ:AZ,главная!$N:$N,$B20) -> 0 | AF20: =SUMIFS(главная!BA:BA,главная!$N:$N,$B20) -> 0 | AG20: =SUMIFS(главная!BB:BB,главная!$N:$N,$B20) -> 0 | AH20: =SUMIFS(главная!BC:BC,главная!$N:$N,$B20) -> 0 | AI20: =SUMIFS(главная!BD:BD,главная!$N:$N,$B20) -> 0
B22: =главная!$H$321 -> EBITDA | D22: =SUM($E22:$AJ22) -> 0 | F22: =F13-F14 -> 0 | G22: =G13-G14 -> 0 | H22: =H13-H14 -> 0 | I22: =I13-I14 -> 0 | J22: =J13-J14 -> 0 | K22: =K13-K14 -> 0 | L22: =L13-L14 -> 0 | M22: =M13-M14 -> 0 | ... AI22: =AI13-AI14 -> 0
B23: =главная!$H$334 -> проценты по инвестициям | D23: =SUM($E23:$AJ23) -> 0 | F23: =SUMIFS(главная!AA:AA,главная!$H:$H,$B23,главная!$N:$N,"итого") -> 0 | G23: =SUMIFS(главная!AB:AB,главная!$H:$H,$B23,главная!$N:$N,"итого") -> 0 | H23: =SUMIFS(главная!AC:AC,главная!$H:$H,$B23,главная!$N:$N,"итого") -> 0 | I23: =SUMIFS(главная!AD:AD,главная!$H:$H,$B23,главная!$N:$N,"итого") -> 0 | J23: =SUMIFS(главная!AE:AE,главная!$H:$H,$B23,главная!$N:$N,"итого") -> 0 | K23: =SUMIFS(главная!AF:AF,главная!$H:$H,$B23,главная!$N:$N,"итого") -> 0 | L23: =SUMIFS(главная!AG:AG,главная!$H:$H,$B23,главная!$N:$N,"итого") -> 0 | M23: =SUMIFS(главная!AH:AH,главная!$H:$H,$B23,главная!$N:$N,"итого") -> 0 | N23: =SUMIFS(главная!AI:AI,главная!$H:$H,$B23,главная!$N:$N,"итого") -> 0 | O23: =SUMIFS(главная!AJ:AJ,главная!$H:$H,$B23,главная!$N:$N,"итого") -> 0 | P23: =SUMIFS(главная!AK:AK,главная!$H:$H,$B23,главная!$N:$N,"итого") -> 0 | Q23: =SUMIFS(главная!AL:AL,главная!$H:$H,$B23,главная!$N:$N,"итого") -> 0 | R23: =SUMIFS(главная!AM:AM,главная!$H:$H,$B23,главная!$N:$N,"итого") -> 0 | S23: =SUMIFS(главная!AN:AN,главная!$H:$H,$B23,главная!$N:$N,"итого") -> 0 | T23: =SUMIFS(главная!AO:AO,главная!$H:$H,$B23,главная!$N:$N,"итого") -> 0 | U23: =SUMIFS(главная!AP:AP,главная!$H:$H,$B23,главная!$N:$N,"итого") -> 0 | V23: =SUMIFS(главная!AQ:AQ,главная!$H:$H,$B23,главная!$N:$N,"итого") -> 0 | W23: =SUMIFS(главная!AR:AR,главная!$H:$H,$B23,главная!$N:$N,"итого") -> 0 | X23: =SUMIFS(главная!AS:AS,главная!$H:$H,$B23,главная!$N:$N,"итого") -> 0 | Y23: =SUMIFS(главная!AT:AT,главная!$H:$H,$B23,главная!$N:$N,"итого") -> 0 | Z23: =SUMIFS(главная!AU:AU,главная!$H:$H,$B23,главная!$N:$N,"итого") -> 0 | AA23: =SUMIFS(главная!AV:AV,главная!$H:$H,$B23,главная!$N:$N,"итого") -> 0 | AB23: =SUMIFS(главная!AW:AW,главная!$H:$H,$B23,главная!$N:$N,"итого") -> 0 | AC23: =SUMIFS(главная!AX:AX,главная!$H:$H,$B23,главная!$N:$N,"итого") -> 0 | AD23: =SUMIFS(главная!AY:AY,главная!$H:$H,$B23,главная!$N:$N,"итого") -> 0 | AE23: =SUMIFS(главная!AZ:AZ,главная!$H:$H,$B23,главная!$N:$N,"итого") -> 0 | AF23: =SUMIFS(главная!BA:BA,главная!$H:$H,$B23,главная!$N:$N,"итого") -> 0 | AG23: =SUMIFS(главная!BB:BB,главная!$H:$H,$B23,главная!$N:$N,"итого") -> 0 | AH23: =SUMIFS(главная!BC:BC,главная!$H:$H,$B23,главная!$N:$N,"итого") -> 0 | AI23: =SUMIFS(главная!BD:BD,главная!$H:$H,$B23,главная!$N:$N,"итого") -> 0
B24: =главная!$H$339 -> Налог на прибыль | D24: =SUM($E24:$AJ24) -> 0 | F24: =SUMIFS(главная!AA:AA,главная!$H:$H,$B24,главная!$N:$N,"итого") -> 0 | G24: =SUMIFS(главная!AB:AB,главная!$H:$H,$B24,главная!$N:$N,"итого") -> 0 | H24: =SUMIFS(главная!AC:AC,главная!$H:$H,$B24,главная!$N:$N,"итого") -> 0 | I24: =SUMIFS(главная!AD:AD,главная!$H:$H,$B24,главная!$N:$N,"итого") -> 0 | J24: =SUMIFS(главная!AE:AE,главная!$H:$H,$B24,главная!$N:$N,"итого") -> 0 | K24: =SUMIFS(главная!AF:AF,главная!$H:$H,$B24,главная!$N:$N,"итого") -> 0 | L24: =SUMIFS(главная!AG:AG,главная!$H:$H,$B24,главная!$N:$N,"итого") -> 0 | M24: =SUMIFS(главная!AH:AH,главная!$H:$H,$B24,главная!$N:$N,"итого") -> 0 | N24: =SUMIFS(главная!AI:AI,главная!$H:$H,$B24,главная!$N:$N,"итого") -> 0 | O24: =SUMIFS(главная!AJ:AJ,главная!$H:$H,$B24,главная!$N:$N,"итого") -> 0 | P24: =SUMIFS(главная!AK:AK,главная!$H:$H,$B24,главная!$N:$N,"итого") -> 0 | Q24: =SUMIFS(главная!AL:AL,главная!$H:$H,$B24,главная!$N:$N,"итого") -> 0 | R24: =SUMIFS(главная!AM:AM,главная!$H:$H,$B24,главная!$N:$N,"итого") -> 0 | S24: =SUMIFS(главная!AN:AN,главная!$H:$H,$B24,главная!$N:$N,"итого") -> 0 | T24: =SUMIFS(главная!AO:AO,главная!$H:$H,$B24,главная!$N:$N,"итого") -> 0 | U24: =SUMIFS(главная!AP:AP,главная!$H:$H,$B24,главная!$N:$N,"итого") -> 0 | V24: =SUMIFS(главная!AQ:AQ,главная!$H:$H,$B24,главная!$N:$N,"итого") -> 0 | W24: =SUMIFS(главная!AR:AR,главная!$H:$H,$B24,главная!$N:$N,"итого") -> 0 | X24: =SUMIFS(главная!AS:AS,главная!$H:$H,$B24,главная!$N:$N,"итого") -> 0 | Y24: =SUMIFS(главная!AT:AT,главная!$H:$H,$B24,главная!$N:$N,"итого") -> 0 | Z24: =SUMIFS(главная!AU:AU,главная!$H:$H,$B24,главная!$N:$N,"итого") -> 0 | AA24: =SUMIFS(главная!AV:AV,главная!$H:$H,$B24,главная!$N:$N,"итого") -> 0 | AB24: =SUMIFS(главная!AW:AW,главная!$H:$H,$B24,главная!$N:$N,"итого") -> 0 | AC24: =SUMIFS(главная!AX:AX,главная!$H:$H,$B24,главная!$N:$N,"итого") -> 0 | AD24: =SUMIFS(главная!AY:AY,главная!$H:$H,$B24,главная!$N:$N,"итого") -> 0 | AE24: =SUMIFS(главная!AZ:AZ,главная!$H:$H,$B24,главная!$N:$N,"итого") -> 0 | AF24: =SUMIFS(главная!BA:BA,главная!$H:$H,$B24,главная!$N:$N,"итого") -> 0 | AG24: =SUMIFS(главная!BB:BB,главная!$H:$H,$B24,главная!$N:$N,"итого") -> 0 | AH24: =SUMIFS(главная!BC:BC,главная!$H:$H,$B24,главная!$N:$N,"итого") -> 0 | AI24: =SUMIFS(главная!BD:BD,главная!$H:$H,$B24,главная!$N:$N,"итого") -> 0
B25: =главная!$H$331 -> Амортизация | D25: =SUM($E25:$AJ25) -> 0 | F25: =SUMIFS(главная!AA:AA,главная!$H:$H,$B25,главная!$N:$N,"итого") -> 0 | G25: =SUMIFS(главная!AB:AB,главная!$H:$H,$B25,главная!$N:$N,"итого") -> 0 | H25: =SUMIFS(главная!AC:AC,главная!$H:$H,$B25,главная!$N:$N,"итого") -> 0 | I25: =SUMIFS(главная!AD:AD,главная!$H:$H,$B25,главная!$N:$N,"итого") -> 0 | J25: =SUMIFS(главная!AE:AE,главная!$H:$H,$B25,главная!$N:$N,"итого") -> 0 | K25: =SUMIFS(главная!AF:AF,главная!$H:$H,$B25,главная!$N:$N,"итого") -> 0 | L25: =SUMIFS(главная!AG:AG,главная!$H:$H,$B25,главная!$N:$N,"итого") -> 0 | M25: =SUMIFS(главная!AH:AH,главная!$H:$H,$B25,главная!$N:$N,"итого") -> 0 | N25: =SUMIFS(главная!AI:AI,главная!$H:$H,$B25,главная!$N:$N,"итого") -> 0 | O25: =SUMIFS(главная!AJ:AJ,главная!$H:$H,$B25,главная!$N:$N,"итого") -> 0 | P25: =SUMIFS(главная!AK:AK,главная!$H:$H,$B25,главная!$N:$N,"итого") -> 0 | Q25: =SUMIFS(главная!AL:AL,главная!$H:$H,$B25,главная!$N:$N,"итого") -> 0 | R25: =SUMIFS(главная!AM:AM,главная!$H:$H,$B25,главная!$N:$N,"итого") -> 0 | S25: =SUMIFS(главная!AN:AN,главная!$H:$H,$B25,главная!$N:$N,"итого") -> 0 | T25: =SUMIFS(главная!AO:AO,главная!$H:$H,$B25,главная!$N:$N,"итого") -> 0 | U25: =SUMIFS(главная!AP:AP,главная!$H:$H,$B25,главная!$N:$N,"итого") -> 0 | V25: =SUMIFS(главная!AQ:AQ,главная!$H:$H,$B25,главная!$N:$N,"итого") -> 0 | W25: =SUMIFS(главная!AR:AR,главная!$H:$H,$B25,главная!$N:$N,"итого") -> 0 | X25: =SUMIFS(главная!AS:AS,главная!$H:$H,$B25,главная!$N:$N,"итого") -> 0 | Y25: =SUMIFS(главная!AT:AT,главная!$H:$H,$B25,главная!$N:$N,"итого") -> 0 | Z25: =SUMIFS(главная!AU:AU,главная!$H:$H,$B25,главная!$N:$N,"итого") -> 0 | AA25: =SUMIFS(главная!AV:AV,главная!$H:$H,$B25,главная!$N:$N,"итого") -> 0 | AB25: =SUMIFS(главная!AW:AW,главная!$H:$H,$B25,главная!$N:$N,"итого") -> 0 | AC25: =SUMIFS(главная!AX:AX,главная!$H:$H,$B25,главная!$N:$N,"итого") -> 0 | AD25: =SUMIFS(главная!AY:AY,главная!$H:$H,$B25,главная!$N:$N,"итого") -> 0 | AE25: =SUMIFS(главная!AZ:AZ,главная!$H:$H,$B25,главная!$N:$N,"итого") -> 0 | AF25: =SUMIFS(главная!BA:BA,главная!$H:$H,$B25,главная!$N:$N,"итого") -> 0 | AG25: =SUMIFS(главная!BB:BB,главная!$H:$H,$B25,главная!$N:$N,"итого") -> 0 | AH25: =SUMIFS(главная!BC:BC,главная!$H:$H,$B25,главная!$N:$N,"итого") -> 0 | AI25: =SUMIFS(главная!BD:BD,главная!$H:$H,$B25,главная!$N:$N,"итого") -> 0
B26: =главная!$H$343 -> Чистая прибыль | D26: =SUM($E26:$AJ26) -> 0 | F26: =F22-SUM(F23:F25) -> 0 | G26: =G22-SUM(G23:G25) -> 0 | H26: =H22-SUM(H23:H25) -> 0 | I26: =I22-SUM(I23:I25) -> 0 | J26: =J22-SUM(J23:J25) -> 0 | K26: =K22-SUM(K23:K25) -> 0 | L26: =L22-SUM(L23:L25) -> 0 | M26: =M22-SUM(M23:M25) -> 0 | ... AI26: =AI22-SUM(AI23:AI25) -> 0
B28: =главная!H21 -> Полученные проценты | D28: =SUM($E28:$AJ28) -> 0 | F28: =SUMIFS(главная!AA:AA,главная!$H:$H,$B28,главная!$N:$N,"итого") -> 0 | G28: =SUMIFS(главная!AB:AB,главная!$H:$H,$B28,главная!$N:$N,"итого") -> 0 | H28: =SUMIFS(главная!AC:AC,главная!$H:$H,$B28,главная!$N:$N,"итого") -> 0 | I28: =SUMIFS(главная!AD:AD,главная!$H:$H,$B28,главная!$N:$N,"итого") -> 0 | J28: =SUMIFS(главная!AE:AE,главная!$H:$H,$B28,главная!$N:$N,"итого") -> 0 | K28: =SUMIFS(главная!AF:AF,главная!$H:$H,$B28,главная!$N:$N,"итого") -> 0 | L28: =SUMIFS(главная!AG:AG,главная!$H:$H,$B28,главная!$N:$N,"итого") -> 0 | M28: =SUMIFS(главная!AH:AH,главная!$H:$H,$B28,главная!$N:$N,"итого") -> 0 | N28: =SUMIFS(главная!AI:AI,главная!$H:$H,$B28,главная!$N:$N,"итого") -> 0 | O28: =SUMIFS(главная!AJ:AJ,главная!$H:$H,$B28,главная!$N:$N,"итого") -> 0 | P28: =SUMIFS(главная!AK:AK,главная!$H:$H,$B28,главная!$N:$N,"итого") -> 0 | Q28: =SUMIFS(главная!AL:AL,главная!$H:$H,$B28,главная!$N:$N,"итого") -> 0 | R28: =SUMIFS(главная!AM:AM,главная!$H:$H,$B28,главная!$N:$N,"итого") -> 0 | S28: =SUMIFS(главная!AN:AN,главная!$H:$H,$B28,главная!$N:$N,"итого") -> 0 | T28: =SUMIFS(главная!AO:AO,главная!$H:$H,$B28,главная!$N:$N,"итого") -> 0 | U28: =SUMIFS(главная!AP:AP,главная!$H:$H,$B28,главная!$N:$N,"итого") -> 0 | V28: =SUMIFS(главная!AQ:AQ,главная!$H:$H,$B28,главная!$N:$N,"итого") -> 0 | W28: =SUMIFS(главная!AR:AR,главная!$H:$H,$B28,главная!$N:$N,"итого") -> 0 | X28: =SUMIFS(главная!AS:AS,главная!$H:$H,$B28,главная!$N:$N,"итого") -> 0 | Y28: =SUMIFS(главная!AT:AT,главная!$H:$H,$B28,главная!$N:$N,"итого") -> 0 | Z28: =SUMIFS(главная!AU:AU,главная!$H:$H,$B28,главная!$N:$N,"итого") -> 0 | AA28: =SUMIFS(главная!AV:AV,главная!$H:$H,$B28,главная!$N:$N,"итого") -> 0 | AB28: =SUMIFS(главная!AW:AW,главная!$H:$H,$B28,главная!$N:$N,"итого") -> 0 | AC28: =SUMIFS(главная!AX:AX,главная!$H:$H,$B28,главная!$N:$N,"итого") -> 0 | AD28: =SUMIFS(главная!AY:AY,главная!$H:$H,$B28,главная!$N:$N,"итого") -> 0 | AE28: =SUMIFS(главная!AZ:AZ,главная!$H:$H,$B28,главная!$N:$N,"итого") -> 0 | AF28: =SUMIFS(главная!BA:BA,главная!$H:$H,$B28,главная!$N:$N,"итого") -> 0 | AG28: =SUMIFS(главная!BB:BB,главная!$H:$H,$B28,главная!$N:$N,"итого") -> 0 | AH28: =SUMIFS(главная!BC:BC,главная!$H:$H,$B28,главная!$N:$N,"итого") -> 0 | AI28: =SUMIFS(главная!BD:BD,главная!$H:$H,$B28,главная!$N:$N,"итого") -> 0
B29: в т.ч. | AK29: =SUM(F28:AI28)-SUM(F29:AI33) -> 0
B30: =главная!$N$58 -> %% поступившие на р/сч по Тарифу-1 | D30: =SUM($E30:$AJ30) -> 0 | F30: =SUMIFS(главная!AA:AA,главная!$N:$N,$B30) -> 0 | G30: =SUMIFS(главная!AB:AB,главная!$N:$N,$B30) -> 0 | H30: =SUMIFS(главная!AC:AC,главная!$N:$N,$B30) -> 0 | I30: =SUMIFS(главная!AD:AD,главная!$N:$N,$B30) -> 0 | J30: =SUMIFS(главная!AE:AE,главная!$N:$N,$B30) -> 0 | K30: =SUMIFS(главная!AF:AF,главная!$N:$N,$B30) -> 0 | L30: =SUMIFS(главная!AG:AG,главная!$N:$N,$B30) -> 0 | M30: =SUMIFS(главная!AH:AH,главная!$N:$N,$B30) -> 0 | N30: =SUMIFS(главная!AI:AI,главная!$N:$N,$B30) -> 0 | O30: =SUMIFS(главная!AJ:AJ,главная!$N:$N,$B30) -> 0 | P30: =SUMIFS(главная!AK:AK,главная!$N:$N,$B30) -> 0 | Q30: =SUMIFS(главная!AL:AL,главная!$N:$N,$B30) -> 0 | R30: =SUMIFS(главная!AM:AM,главная!$N:$N,$B30) -> 0 | S30: =SUMIFS(главная!AN:AN,главная!$N:$N,$B30) -> 0 | T30: =SUMIFS(главная!AO:AO,главная!$N:$N,$B30) -> 0 | U30: =SUMIFS(главная!AP:AP,главная!$N:$N,$B30) -> 0 | V30: =SUMIFS(главная!AQ:AQ,главная!$N:$N,$B30) -> 0 | W30: =SUMIFS(главная!AR:AR,главная!$N:$N,$B30) -> 0 | X30: =SUMIFS(главная!AS:AS,главная!$N:$N,$B30) -> 0 | Y30: =SUMIFS(главная!AT:AT,главная!$N:$N,$B30) -> 0 | Z30: =SUMIFS(главная!AU:AU,главная!$N:$N,$B30) -> 0 | AA30: =SUMIFS(главная!AV:AV,главная!$N:$N,$B30) -> 0 | AB30: =SUMIFS(главная!AW:AW,главная!$N:$N,$B30) -> 0 | AC30: =SUMIFS(главная!AX:AX,главная!$N:$N,$B30) -> 0 | AD30: =SUMIFS(главная!AY:AY,главная!$N:$N,$B30) -> 0 | AE30: =SUMIFS(главная!AZ:AZ,главная!$N:$N,$B30) -> 0 | AF30: =SUMIFS(главная!BA:BA,главная!$N:$N,$B30) -> 0 | AG30: =SUMIFS(главная!BB:BB,главная!$N:$N,$B30) -> 0 | AH30: =SUMIFS(главная!BC:BC,главная!$N:$N,$B30) -> 0 | AI30: =SUMIFS(главная!BD:BD,главная!$N:$N,$B30) -> 0
B31: =главная!$N$96 -> %% поступившие на р/сч по Тарифу-2 | D31: =SUM($E31:$AJ31) -> 0 | F31: =SUMIFS(главная!AA:AA,главная!$N:$N,$B31) -> 0 | G31: =SUMIFS(главная!AB:AB,главная!$N:$N,$B31) -> 0 | H31: =SUMIFS(главная!AC:AC,главная!$N:$N,$B31) -> 0 | I31: =SUMIFS(главная!AD:AD,главная!$N:$N,$B31) -> 0 | J31: =SUMIFS(главная!AE:AE,главная!$N:$N,$B31) -> 0 | K31: =SUMIFS(главная!AF:AF,главная!$N:$N,$B31) -> 0 | L31: =SUMIFS(главная!AG:AG,главная!$N:$N,$B31) -> 0 | M31: =SUMIFS(главная!AH:AH,главная!$N:$N,$B31) -> 0 | N31: =SUMIFS(главная!AI:AI,главная!$N:$N,$B31) -> 0 | O31: =SUMIFS(главная!AJ:AJ,главная!$N:$N,$B31) -> 0 | P31: =SUMIFS(главная!AK:AK,главная!$N:$N,$B31) -> 0 | Q31: =SUMIFS(главная!AL:AL,главная!$N:$N,$B31) -> 0 | R31: =SUMIFS(главная!AM:AM,главная!$N:$N,$B31) -> 0 | S31: =SUMIFS(главная!AN:AN,главная!$N:$N,$B31) -> 0 | T31: =SUMIFS(главная!AO:AO,главная!$N:$N,$B31) -> 0 | U31: =SUMIFS(главная!AP:AP,главная!$N:$N,$B31) -> 0 | V31: =SUMIFS(главная!AQ:AQ,главная!$N:$N,$B31) -> 0 | W31: =SUMIFS(главная!AR:AR,главная!$N:$N,$B31) -> 0 | X31: =SUMIFS(главная!AS:AS,главная!$N:$N,$B31) -> 0 | Y31: =SUMIFS(главная!AT:AT,главная!$N:$N,$B31) -> 0 | Z31: =SUMIFS(главная!AU:AU,главная!$N:$N,$B31) -> 0 | AA31: =SUMIFS(главная!AV:AV,главная!$N:$N,$B31) -> 0 | AB31: =SUMIFS(главная!AW:AW,главная!$N:$N,$B31) -> 0 | AC31: =SUMIFS(главная!AX:AX,главная!$N:$N,$B31) -> 0 | AD31: =SUMIFS(главная!AY:AY,главная!$N:$N,$B31) -> 0 | AE31: =SUMIFS(главная!AZ:AZ,главная!$N:$N,$B31) -> 0 | AF31: =SUMIFS(главная!BA:BA,главная!$N:$N,$B31) -> 0 | AG31: =SUMIFS(главная!BB:BB,главная!$N:$N,$B31) -> 0 | AH31: =SUMIFS(главная!BC:BC,главная!$N:$N,$B31) -> 0 | AI31: =SUMIFS(главная!BD:BD,главная!$N:$N,$B31) -> 0
B32: =главная!$N$134 -> %% поступившие на р/сч по Тарифу-3 | D32: =SUM($E32:$AJ32) -> 0 | F32: =SUMIFS(главная!AA:AA,главная!$N:$N,$B32) -> 0 | G32: =SUMIFS(главная!AB:AB,главная!$N:$N,$B32) -> 0 | H32: =SUMIFS(главная!AC:AC,главная!$N:$N,$B32) -> 0 | I32: =SUMIFS(главная!AD:AD,главная!$N:$N,$B32) -> 0 | J32: =SUMIFS(главная!AE:AE,главная!$N:$N,$B32) -> 0 | K32: =SUMIFS(главная!AF:AF,главная!$N:$N,$B32) -> 0 | L32: =SUMIFS(главная!AG:AG,главная!$N:$N,$B32) -> 0 | M32: =SUMIFS(главная!AH:AH,главная!$N:$N,$B32) -> 0 | N32: =SUMIFS(главная!AI:AI,главная!$N:$N,$B32) -> 0 | O32: =SUMIFS(главная!AJ:AJ,главная!$N:$N,$B32) -> 0 | P32: =SUMIFS(главная!AK:AK,главная!$N:$N,$B32) -> 0 | Q32: =SUMIFS(главная!AL:AL,главная!$N:$N,$B32) -> 0 | R32: =SUMIFS(главная!AM:AM,главная!$N:$N,$B32) -> 0 | S32: =SUMIFS(главная!AN:AN,главная!$N:$N,$B32) -> 0 | T32: =SUMIFS(главная!AO:AO,главная!$N:$N,$B32) -> 0 | U32: =SUMIFS(главная!AP:AP,главная!$N:$N,$B32) -> 0 | V32: =SUMIFS(главная!AQ:AQ,главная!$N:$N,$B32) -> 0 | W32: =SUMIFS(главная!AR:AR,главная!$N:$N,$B32) -> 0 | X32: =SUMIFS(главная!AS:AS,главная!$N:$N,$B32) -> 0 | Y32: =SUMIFS(главная!AT:AT,главная!$N:$N,$B32) -> 0 | Z32: =SUMIFS(главная!AU:AU,главная!$N:$N,$B32) -> 0 | AA32: =SUMIFS(главная!AV:AV,главная!$N:$N,$B32) -> 0 | AB32: =SUMIFS(главная!AW:AW,главная!$N:$N,$B32) -> 0 | AC32: =SUMIFS(главная!AX:AX,главная!$N:$N,$B32) -> 0 | AD32: =SUMIFS(главная!AY:AY,главная!$N:$N,$B32) -> 0 | AE32: =SUMIFS(главная!AZ:AZ,главная!$N:$N,$B32) -> 0 | AF32: =SUMIFS(главная!BA:BA,главная!$N:$N,$B32) -> 0 | AG32: =SUMIFS(главная!BB:BB,главная!$N:$N,$B32) -> 0 | AH32: =SUMIFS(главная!BC:BC,главная!$N:$N,$B32) -> 0 | AI32: =SUMIFS(главная!BD:BD,главная!$N:$N,$B32) -> 0
B33: =главная!$N$172 -> %% поступившие на р/сч по Тарифу-4 | D33: =SUM($E33:$AJ33) -> 0 | F33: =SUMIFS(главная!AA:AA,главная!$N:$N,$B33) -> 0 | G33: =SUMIFS(главная!AB:AB,главная!$N:$N,$B33) -> 0 | H33: =SUMIFS(главная!AC:AC,главная!$N:$N,$B33) -> 0 | I33: =SUMIFS(главная!AD:AD,главная!$N:$N,$B33) -> 0 | J33: =SUMIFS(главная!AE:AE,главная!$N:$N,$B33) -> 0 | K33: =SUMIFS(главная!AF:AF,главная!$N:$N,$B33) -> 0 | L33: =SUMIFS(главная!AG:AG,главная!$N:$N,$B33) -> 0 | M33: =SUMIFS(главная!AH:AH,главная!$N:$N,$B33) -> 0 | N33: =SUMIFS(главная!AI:AI,главная!$N:$N,$B33) -> 0 | O33: =SUMIFS(главная!AJ:AJ,главная!$N:$N,$B33) -> 0 | P33: =SUMIFS(главная!AK:AK,главная!$N:$N,$B33) -> 0 | Q33: =SUMIFS(главная!AL:AL,главная!$N:$N,$B33) -> 0 | R33: =SUMIFS(главная!AM:AM,главная!$N:$N,$B33) -> 0 | S33: =SUMIFS(главная!AN:AN,главная!$N:$N,$B33) -> 0 | T33: =SUMIFS(главная!AO:AO,главная!$N:$N,$B33) -> 0 | U33: =SUMIFS(главная!AP:AP,главная!$N:$N,$B33) -> 0 | V33: =SUMIFS(главная!AQ:AQ,главная!$N:$N,$B33) -> 0 | W33: =SUMIFS(главная!AR:AR,главная!$N:$N,$B33) -> 0 | X33: =SUMIFS(главная!AS:AS,главная!$N:$N,$B33) -> 0 | Y33: =SUMIFS(главная!AT:AT,главная!$N:$N,$B33) -> 0 | Z33: =SUMIFS(главная!AU:AU,главная!$N:$N,$B33) -> 0 | AA33: =SUMIFS(главная!AV:AV,главная!$N:$N,$B33) -> 0 | AB33: =SUMIFS(главная!AW:AW,главная!$N:$N,$B33) -> 0 | AC33: =SUMIFS(главная!AX:AX,главная!$N:$N,$B33) -> 0 | AD33: =SUMIFS(главная!AY:AY,главная!$N:$N,$B33) -> 0 | AE33: =SUMIFS(главная!AZ:AZ,главная!$N:$N,$B33) -> 0 | AF33: =SUMIFS(главная!BA:BA,главная!$N:$N,$B33) -> 0 | AG33: =SUMIFS(главная!BB:BB,главная!$N:$N,$B33) -> 0 | AH33: =SUMIFS(главная!BC:BC,главная!$N:$N,$B33) -> 0 | AI33: =SUMIFS(главная!BD:BD,главная!$N:$N,$B33) -> 0
B34: =главная!$I$45 -> Размер возвратов займов за период | D34: =SUM($E34:$AJ34) -> 0 | F34: =SUMIFS(главная!AA:AA,главная!$I:$I,$B34) -> 0 | G34: =SUMIFS(главная!AB:AB,главная!$I:$I,$B34) -> 0 | H34: =SUMIFS(главная!AC:AC,главная!$I:$I,$B34) -> 0 | I34: =SUMIFS(главная!AD:AD,главная!$I:$I,$B34) -> 0 | J34: =SUMIFS(главная!AE:AE,главная!$I:$I,$B34) -> 0 | K34: =SUMIFS(главная!AF:AF,главная!$I:$I,$B34) -> 0 | L34: =SUMIFS(главная!AG:AG,главная!$I:$I,$B34) -> 0 | M34: =SUMIFS(главная!AH:AH,главная!$I:$I,$B34) -> 0 | N34: =SUMIFS(главная!AI:AI,главная!$I:$I,$B34) -> 0 | O34: =SUMIFS(главная!AJ:AJ,главная!$I:$I,$B34) -> 0 | P34: =SUMIFS(главная!AK:AK,главная!$I:$I,$B34) -> 0 | Q34: =SUMIFS(главная!AL:AL,главная!$I:$I,$B34) -> 0 | R34: =SUMIFS(главная!AM:AM,главная!$I:$I,$B34) -> 0 | S34: =SUMIFS(главная!AN:AN,главная!$I:$I,$B34) -> 0 | T34: =SUMIFS(главная!AO:AO,главная!$I:$I,$B34) -> 0 | U34: =SUMIFS(главная!AP:AP,главная!$I:$I,$B34) -> 0 | V34: =SUMIFS(главная!AQ:AQ,главная!$I:$I,$B34) -> 0 | W34: =SUMIFS(главная!AR:AR,главная!$I:$I,$B34) -> 0 | X34: =SUMIFS(главная!AS:AS,главная!$I:$I,$B34) -> 0 | Y34: =SUMIFS(главная!AT:AT,главная!$I:$I,$B34) -> 0 | Z34: =SUMIFS(главная!AU:AU,главная!$I:$I,$B34) -> 0 | AA34: =SUMIFS(главная!AV:AV,главная!$I:$I,$B34) -> 0 | AB34: =SUMIFS(главная!AW:AW,главная!$I:$I,$B34) -> 0 | AC34: =SUMIFS(главная!AX:AX,главная!$I:$I,$B34) -> 0 | AD34: =SUMIFS(главная!AY:AY,главная!$I:$I,$B34) -> 0 | AE34: =SUMIFS(главная!AZ:AZ,главная!$I:$I,$B34) -> 0 | AF34: =SUMIFS(главная!BA:BA,главная!$I:$I,$B34) -> 0 | AG34: =SUMIFS(главная!BB:BB,главная!$I:$I,$B34) -> 0 | AH34: =SUMIFS(главная!BC:BC,главная!$I:$I,$B34) -> 0 | AI34: =SUMIFS(главная!BD:BD,главная!$I:$I,$B34) -> 0
B35: =главная!$I$37 -> Размер выданных займов за период | D35: =SUM($E35:$AJ35) -> 0 | F35: =SUMIFS(главная!AA:AA,главная!$I:$I,$B35) -> 0 | G35: =SUMIFS(главная!AB:AB,главная!$I:$I,$B35) -> 0 | H35: =SUMIFS(главная!AC:AC,главная!$I:$I,$B35) -> 0 | I35: =SUMIFS(главная!AD:AD,главная!$I:$I,$B35) -> 0 | J35: =SUMIFS(главная!AE:AE,главная!$I:$I,$B35) -> 0 | K35: =SUMIFS(главная!AF:AF,главная!$I:$I,$B35) -> 0 | L35: =SUMIFS(главная!AG:AG,главная!$I:$I,$B35) -> 0 | M35: =SUMIFS(главная!AH:AH,главная!$I:$I,$B35) -> 0 | N35: =SUMIFS(главная!AI:AI,главная!$I:$I,$B35) -> 0 | O35: =SUMIFS(главная!AJ:AJ,главная!$I:$I,$B35) -> 0 | P35: =SUMIFS(главная!AK:AK,главная!$I:$I,$B35) -> 0 | Q35: =SUMIFS(главная!AL:AL,главная!$I:$I,$B35) -> 0 | R35: =SUMIFS(главная!AM:AM,главная!$I:$I,$B35) -> 0 | S35: =SUMIFS(главная!AN:AN,главная!$I:$I,$B35) -> 0 | T35: =SUMIFS(главная!AO:AO,главная!$I:$I,$B35) -> 0 | U35: =SUMIFS(главная!AP:AP,главная!$I:$I,$B35) -> 0 | V35: =SUMIFS(главная!AQ:AQ,главная!$I:$I,$B35) -> 0 | W35: =SUMIFS(главная!AR:AR,главная!$I:$I,$B35) -> 0 | X35: =SUMIFS(главная!AS:AS,главная!$I:$I,$B35) -> 0 | Y35: =SUMIFS(главная!AT:AT,главная!$I:$I,$B35) -> 0 | Z35: =SUMIFS(главная!AU:AU,главная!$I:$I,$B35) -> 0 | AA35: =SUMIFS(главная!AV:AV,главная!$I:$I,$B35) -> 0 | AB35: =SUMIFS(главная!AW:AW,главная!$I:$I,$B35) -> 0 | AC35: =SUMIFS(главная!AX:AX,главная!$I:$I,$B35) -> 0 | AD35: =SUMIFS(главная!AY:AY,главная!$I:$I,$B35) -> 0 | AE35: =SUMIFS(главная!AZ:AZ,главная!$I:$I,$B35) -> 0 | AF35: =SUMIFS(главная!BA:BA,главная!$I:$I,$B35) -> 0 | AG35: =SUMIFS(главная!BB:BB,главная!$I:$I,$B35) -> 0 | AH35: =SUMIFS(главная!BC:BC,главная!$I:$I,$B35) -> 0 | AI35: =SUMIFS(главная!BD:BD,главная!$I:$I,$B35) -> 0
B36: =главная!$H$347 -> Cash Flow | D36: =SUM($E36:$AJ36) -> 0 | F36: =SUMIFS(главная!AA:AA,главная!$H:$H,$B36,главная!$N:$N,"итого") -> 0 | G36: =SUMIFS(главная!AB:AB,главная!$H:$H,$B36,главная!$N:$N,"итого") -> 0 | H36: =SUMIFS(главная!AC:AC,главная!$H:$H,$B36,главная!$N:$N,"итого") -> 0 | I36: =SUMIFS(главная!AD:AD,главная!$H:$H,$B36,главная!$N:$N,"итого") -> 0 | J36: =SUMIFS(главная!AE:AE,главная!$H:$H,$B36,главная!$N:$N,"итого") -> 0 | K36: =SUMIFS(главная!AF:AF,главная!$H:$H,$B36,главная!$N:$N,"итого") -> 0 | L36: =SUMIFS(главная!AG:AG,главная!$H:$H,$B36,главная!$N:$N,"итого") -> 0 | M36: =SUMIFS(главная!AH:AH,главная!$H:$H,$B36,главная!$N:$N,"итого") -> 0 | N36: =SUMIFS(главная!AI:AI,главная!$H:$H,$B36,главная!$N:$N,"итого") -> 0 | O36: =SUMIFS(главная!AJ:AJ,главная!$H:$H,$B36,главная!$N:$N,"итого") -> 0 | P36: =SUMIFS(главная!AK:AK,главная!$H:$H,$B36,главная!$N:$N,"итого") -> 0 | Q36: =SUMIFS(главная!AL:AL,главная!$H:$H,$B36,главная!$N:$N,"итого") -> 0 | R36: =SUMIFS(главная!AM:AM,главная!$H:$H,$B36,главная!$N:$N,"итого") -> 0 | S36: =SUMIFS(главная!AN:AN,главная!$H:$H,$B36,главная!$N:$N,"итого") -> 0 | T36: =SUMIFS(главная!AO:AO,главная!$H:$H,$B36,главная!$N:$N,"итого") -> 0 | U36: =SUMIFS(главная!AP:AP,главная!$H:$H,$B36,главная!$N:$N,"итого") -> 0 | V36: =SUMIFS(главная!AQ:AQ,главная!$H:$H,$B36,главная!$N:$N,"итого") -> 0 | W36: =SUMIFS(главная!AR:AR,главная!$H:$H,$B36,главная!$N:$N,"итого") -> 0 | X36: =SUMIFS(главная!AS:AS,главная!$H:$H,$B36,главная!$N:$N,"итого") -> 0 | Y36: =SUMIFS(главная!AT:AT,главная!$H:$H,$B36,главная!$N:$N,"итого") -> 0 | Z36: =SUMIFS(главная!AU:AU,главная!$H:$H,$B36,главная!$N:$N,"итого") -> 0 | AA36: =SUMIFS(главная!AV:AV,главная!$H:$H,$B36,главная!$N:$N,"итого") -> 0 | AB36: =SUMIFS(главная!AW:AW,главная!$H:$H,$B36,главная!$N:$N,"итого") -> 0 | AC36: =SUMIFS(главная!AX:AX,главная!$H:$H,$B36,главная!$N:$N,"итого") -> 0 | AD36: =SUMIFS(главная!AY:AY,главная!$H:$H,$B36,главная!$N:$N,"итого") -> 0 | AE36: =SUMIFS(главная!AZ:AZ,главная!$H:$H,$B36,главная!$N:$N,"итого") -> 0 | AF36: =SUMIFS(главная!BA:BA,главная!$H:$H,$B36,главная!$N:$N,"итого") -> 0 | AG36: =SUMIFS(главная!BB:BB,главная!$H:$H,$B36,главная!$N:$N,"итого") -> 0 | AH36: =SUMIFS(главная!BC:BC,главная!$H:$H,$B36,главная!$N:$N,"итого") -> 0 | AI36: =SUMIFS(главная!BD:BD,главная!$H:$H,$B36,главная!$N:$N,"итого") -> 0
B38: Ключевые показатели инвестора
B39: =главная!$H$359 -> Требуемый объем поступлений инвестиций | D39: =SUM($E39:$AJ39) -> 0 | F39: =SUMIFS(главная!AA:AA,главная!$H:$H,$B39,главная!$N:$N,"итого") -> 0 | G39: =SUMIFS(главная!AB:AB,главная!$H:$H,$B39,главная!$N:$N,"итого") -> 0 | H39: =SUMIFS(главная!AC:AC,главная!$H:$H,$B39,главная!$N:$N,"итого") -> 0 | I39: =SUMIFS(главная!AD:AD,главная!$H:$H,$B39,главная!$N:$N,"итого") -> 0 | J39: =SUMIFS(главная!AE:AE,главная!$H:$H,$B39,главная!$N:$N,"итого") -> 0 | K39: =SUMIFS(главная!AF:AF,главная!$H:$H,$B39,главная!$N:$N,"итого") -> 0 | L39: =SUMIFS(главная!AG:AG,главная!$H:$H,$B39,главная!$N:$N,"итого") -> 0 | M39: =SUMIFS(главная!AH:AH,главная!$H:$H,$B39,главная!$N:$N,"итого") -> 0 | N39: =SUMIFS(главная!AI:AI,главная!$H:$H,$B39,главная!$N:$N,"итого") -> 0 | O39: =SUMIFS(главная!AJ:AJ,главная!$H:$H,$B39,главная!$N:$N,"итого") -> 0 | P39: =SUMIFS(главная!AK:AK,главная!$H:$H,$B39,главная!$N:$N,"итого") -> 0 | Q39: =SUMIFS(главная!AL:AL,главная!$H:$H,$B39,главная!$N:$N,"итого") -> 0 | R39: =SUMIFS(главная!AM:AM,главная!$H:$H,$B39,главная!$N:$N,"итого") -> 0 | S39: =SUMIFS(главная!AN:AN,главная!$H:$H,$B39,главная!$N:$N,"итого") -> 0 | T39: =SUMIFS(главная!AO:AO,главная!$H:$H,$B39,главная!$N:$N,"итого") -> 0 | U39: =SUMIFS(главная!AP:AP,главная!$H:$H,$B39,главная!$N:$N,"итого") -> 0 | V39: =SUMIFS(главная!AQ:AQ,главная!$H:$H,$B39,главная!$N:$N,"итого") -> 0 | W39: =SUMIFS(главная!AR:AR,главная!$H:$H,$B39,главная!$N:$N,"итого") -> 0 | X39: =SUMIFS(главная!AS:AS,главная!$H:$H,$B39,главная!$N:$N,"итого") -> 0 | Y39: =SUMIFS(главная!AT:AT,главная!$H:$H,$B39,главная!$N:$N,"итого") -> 0 | Z39: =SUMIFS(главная!AU:AU,главная!$H:$H,$B39,главная!$N:$N,"итого") -> 0 | AA39: =SUMIFS(главная!AV:AV,главная!$H:$H,$B39,главная!$N:$N,"итого") -> 0 | AB39: =SUMIFS(главная!AW:AW,главная!$H:$H,$B39,главная!$N:$N,"итого") -> 0 | AC39: =SUMIFS(главная!AX:AX,главная!$H:$H,$B39,главная!$N:$N,"итого") -> 0 | AD39: =SUMIFS(главная!AY:AY,главная!$H:$H,$B39,главная!$N:$N,"итого") -> 0 | AE39: =SUMIFS(главная!AZ:AZ,главная!$H:$H,$B39,главная!$N:$N,"итого") -> 0 | AF39: =SUMIFS(главная!BA:BA,главная!$H:$H,$B39,главная!$N:$N,"итого") -> 0 | AG39: =SUMIFS(главная!BB:BB,главная!$H:$H,$B39,главная!$N:$N,"итого") -> 0 | AH39: =SUMIFS(главная!BC:BC,главная!$H:$H,$B39,главная!$N:$N,"итого") -> 0 | AI39: =SUMIFS(главная!BD:BD,главная!$H:$H,$B39,главная!$N:$N,"итого") -> 0
B40: Стоимость привлечения инвестиций, %г | C40: * | D40: 0.18
B41: =главная!$H$367 -> %% по инвестициям за период | D41: =SUM($E41:$AJ41) -> 0 | F41: =SUMIFS(главная!AA:AA,главная!$H:$H,$B41,главная!$N:$N,"итого") -> 0 | G41: =SUMIFS(главная!AB:AB,главная!$H:$H,$B41,главная!$N:$N,"итого") -> 0 | H41: =SUMIFS(главная!AC:AC,главная!$H:$H,$B41,главная!$N:$N,"итого") -> 0 | I41: =SUMIFS(главная!AD:AD,главная!$H:$H,$B41,главная!$N:$N,"итого") -> 0 | J41: =SUMIFS(главная!AE:AE,главная!$H:$H,$B41,главная!$N:$N,"итого") -> 0 | K41: =SUMIFS(главная!AF:AF,главная!$H:$H,$B41,главная!$N:$N,"итого") -> 0 | L41: =SUMIFS(главная!AG:AG,главная!$H:$H,$B41,главная!$N:$N,"итого") -> 0 | M41: =SUMIFS(главная!AH:AH,главная!$H:$H,$B41,главная!$N:$N,"итого") -> 0 | N41: =SUMIFS(главная!AI:AI,главная!$H:$H,$B41,главная!$N:$N,"итого") -> 0 | O41: =SUMIFS(главная!AJ:AJ,главная!$H:$H,$B41,главная!$N:$N,"итого") -> 0 | P41: =SUMIFS(главная!AK:AK,главная!$H:$H,$B41,главная!$N:$N,"итого") -> 0 | Q41: =SUMIFS(главная!AL:AL,главная!$H:$H,$B41,главная!$N:$N,"итого") -> 0 | R41: =SUMIFS(главная!AM:AM,главная!$H:$H,$B41,главная!$N:$N,"итого") -> 0 | S41: =SUMIFS(главная!AN:AN,главная!$H:$H,$B41,главная!$N:$N,"итого") -> 0 | T41: =SUMIFS(главная!AO:AO,главная!$H:$H,$B41,главная!$N:$N,"итого") -> 0 | U41: =SUMIFS(главная!AP:AP,главная!$H:$H,$B41,главная!$N:$N,"итого") -> 0 | V41: =SUMIFS(главная!AQ:AQ,главная!$H:$H,$B41,главная!$N:$N,"итого") -> 0 | W41: =SUMIFS(главная!AR:AR,главная!$H:$H,$B41,главная!$N:$N,"итого") -> 0 | X41: =SUMIFS(главная!AS:AS,главная!$H:$H,$B41,главная!$N:$N,"итого") -> 0 | Y41: =SUMIFS(главная!AT:AT,главная!$H:$H,$B41,главная!$N:$N,"итого") -> 0 | Z41: =SUMIFS(главная!AU:AU,главная!$H:$H,$B41,главная!$N:$N,"итого") -> 0 | AA41: =SUMIFS(главная!AV:AV,главная!$H:$H,$B41,главная!$N:$N,"итого") -> 0 | AB41: =SUMIFS(главная!AW:AW,главная!$H:$H,$B41,главная!$N:$N,"итого") -> 0 | AC41: =SUMIFS(главная!AX:AX,главная!$H:$H,$B41,главная!$N:$N,"итого") -> 0 | AD41: =SUMIFS(главная!AY:AY,главная!$H:$H,$B41,главная!$N:$N,"итого") -> 0 | AE41: =SUMIFS(главная!AZ:AZ,главная!$H:$H,$B41,главная!$N:$N,"итого") -> 0 | AF41: =SUMIFS(главная!BA:BA,главная!$H:$H,$B41,главная!$N:$N,"итого") -> 0 | AG41: =SUMIFS(главная!BB:BB,главная!$H:$H,$B41,главная!$N:$N,"итого") -> 0 | AH41: =SUMIFS(главная!BC:BC,главная!$H:$H,$B41,главная!$N:$N,"итого") -> 0 | AI41: =SUMIFS(главная!BD:BD,главная!$H:$H,$B41,главная!$N:$N,"итого") -> 0

Sheet главная
D1: Финмодель Бизнес-Проекта | AA1: 1 | AB1: =AA1+1 -> 2 | AC1: =AB1+1 -> 3 | AD1: =AC1+1 -> 4 | AE1: =AD1+1 -> 5 | AF1: =AE1+1 -> 6 | AG1: =AF1+1 -> 7 | AH1: =AG1+1 -> 8 | AI1: =AH1+1 -> 9 | ... BD1: =BC1+1 -> 30
D2: Бизнес-Проект: Микро кредитная компания, B2B-займы
W5: +7(985)201-6607 | AA5: 1-ый месяц
E6: комментарий | H6: показатель | N6: детализация | Q6: ед.изм. | T6: значение | W6: итого | Z6: старт | AA6: =IF(OR($T$9="",$T$9=0),"",$T$9) | AB6: =IF(AA6="","",IF(AA$1-$AA$1+1>=$T$11,"",EOMONTH(AA6,0)+1)) | AC6: =IF(AB6="","",IF(AB$1-$AA$1+1>=$T$11,"",EOMONTH(AB6,0)+1)) | AD6: =IF(AC6="","",IF(AC$1-$AA$1+1>=$T$11,"",EOMONTH(AC6,0)+1)) | AE6: =IF(AD6="","",IF(AD$1-$AA$1+1>=$T$11,"",EOMONTH(AD6,0)+1)) | AF6: =IF(AE6="","",IF(AE$1-$AA$1+1>=$T$11,"",EOMONTH(AE6,0)+1)) | AG6: =IF(AF6="","",IF(AF$1-$AA$1+1>=$T$11,"",EOMONTH(AF6,0)+1)) | AH6: =IF(AG6="","",IF(AG$1-$AA$1+1>=$T$11,"",EOMONTH(AG6,0)+1)) | AI6: =IF(AH6="","",IF(AH$1-$AA$1+1>=$T$11,"",EOMONTH(AH6,0)+1)) | ... BD6: =IF(BC6="","",IF(BC$1-$AA$1+1>=$T$11,"",EOMONTH(BC6,0)+1))
G9: * | H9: первый месяц проекта | Q9: месяц | S9: *
G11: * | H11: горизонт расчетов | Q11: кол-во мес | S11: *
F13: 0
G14: * | H14: период капитализации % по займам | Q14: период | S14: *
F16: 0
F17: 0 | G17: * | H17: Процентный доход | N17: итого | Q17: руб. | W17: =SUM($Y17:$BE17) -> 0 | AA17: =IF(AA$6="",0,SUMIFS(AA20:AA173,$H20:$H173,$H17)) -> 0 | AB17: =IF(AB$6="",0,SUMIFS(AB20:AB173,$H20:$H173,$H17)) -> 0 | AC17: =IF(AC$6="",0,SUMIFS(AC20:AC173,$H20:$H173,$H17)) -> 0 | AD17: =IF(AD$6="",0,SUMIFS(AD20:AD173,$H20:$H173,$H17)) -> 0 | AE17: =IF(AE$6="",0,SUMIFS(AE20:AE173,$H20:$H173,$H17)) -> 0 | AF17: =IF(AF$6="",0,SUMIFS(AF20:AF173,$H20:$H173,$H17)) -> 0 | AG17: =IF(AG$6="",0,SUMIFS(AG20:AG173,$H20:$H173,$H17)) -> 0 | AH17: =IF(AH$6="",0,SUMIFS(AH20:AH173,$H20:$H173,$H17)) -> 0 | ... BD17: =IF(BD$6="",0,SUMIFS(BD20:BD173,$H20:$H173,$H17)) -> 0
F18: 0 | G18: * | H18: Дефолты по телу займов / фондирование | N18: итого | Q18: руб. | W18: =SUM($Y18:$BE18) -> 0 | AA18: =IF(AA$6="",0,SUMIFS(AA21:AA174,$I21:$I174,$H18)) -> 0 | AB18: =IF(AB$6="",0,SUMIFS(AB21:AB174,$I21:$I174,$H18)) -> 0 | AC18: =IF(AC$6="",0,SUMIFS(AC21:AC174,$I21:$I174,$H18)) -> 0 | AD18: =IF(AD$6="",0,SUMIFS(AD21:AD174,$I21:$I174,$H18)) -> 0 | AE18: =IF(AE$6="",0,SUMIFS(AE21:AE174,$I21:$I174,$H18)) -> 0 | AF18: =IF(AF$6="",0,SUMIFS(AF21:AF174,$I21:$I174,$H18)) -> 0 | AG18: =IF(AG$6="",0,SUMIFS(AG21:AG174,$I21:$I174,$H18)) -> 0 | AH18: =IF(AH$6="",0,SUMIFS(AH21:AH174,$I21:$I174,$H18)) -> 0 | ... BD18: =IF(BD$6="",0,SUMIFS(BD21:BD174,$I21:$I174,$H18)) -> 0
F19: 0 | G19: * | H19: Дефолты по %% / фондирование | N19: итого | Q19: руб. | W19: =SUM($Y19:$BE19) -> 0 | AA19: =IF(AA$6="",0,SUMIFS(AA22:AA175,$I22:$I175,$H19)) -> 0 | AB19: =IF(AB$6="",0,SUMIFS(AB22:AB175,$I22:$I175,$H19)) -> 0 | AC19: =IF(AC$6="",0,SUMIFS(AC22:AC175,$I22:$I175,$H19)) -> 0 | AD19: =IF(AD$6="",0,SUMIFS(AD22:AD175,$I22:$I175,$H19)) -> 0 | AE19: =IF(AE$6="",0,SUMIFS(AE22:AE175,$I22:$I175,$H19)) -> 0 | AF19: =IF(AF$6="",0,SUMIFS(AF22:AF175,$I22:$I175,$H19)) -> 0 | AG19: =IF(AG$6="",0,SUMIFS(AG22:AG175,$I22:$I175,$H19)) -> 0 | AH19: =IF(AH$6="",0,SUMIFS(AH22:AH175,$I22:$I175,$H19)) -> 0 | ... BD19: =IF(BD$6="",0,SUMIFS(BD22:BD175,$I22:$I175,$H19)) -> 0
F20: 0
F21: 0 | G21: * | H21: Полученные проценты | N21: итого | Q21: руб. | W21: =SUM($Y21:$BE21) -> 0 | AA21: =IF(AA$6="",0,SUMIFS(AA22:AA175,$H22:$H175,$H21)) -> 0 | AB21: =IF(AB$6="",0,SUMIFS(AB22:AB175,$H22:$H175,$H21)) -> 0 | AC21: =IF(AC$6="",0,SUMIFS(AC22:AC175,$H22:$H175,$H21)) -> 0 | AD21: =IF(AD$6="",0,SUMIFS(AD22:AD175,$H22:$H175,$H21)) -> 0 | AE21: =IF(AE$6="",0,SUMIFS(AE22:AE175,$H22:$H175,$H21)) -> 0 | AF21: =IF(AF$6="",0,SUMIFS(AF22:AF175,$H22:$H175,$H21)) -> 0 | AG21: =IF(AG$6="",0,SUMIFS(AG22:AG175,$H22:$H175,$H21)) -> 0 | AH21: =IF(AH$6="",0,SUMIFS(AH22:AH175,$H22:$H175,$H21)) -> 0 | ... BD21: =IF(BD$6="",0,SUMIFS(BD22:BD175,$H22:$H175,$H21)) -> 0
G23: * | I23: Кол-во выданных займов в 1-й месяц | M23: * | N23: Тариф-1 | Q23: шт | S23: *
G25: * | I25: скорость прироста мес/мес | Q25: вып.список | S25: * | U25: ^
G27: * | I27: коэффициент (q) прироста | Q27: =IF(T25=справочники!$E$8,"a+qx",IF(T25=справочники!$E$9,"aq^x",IF(T25=справочники!$E$10,"a^(qx)","??"))) -> ?? | S27: *
F29: 2 | G29: * | I29: ="Кол-во выданных займов по "&N23 -> Кол-во выданных займов по Тариф-1 | Q29: шт | AA29: =IF(AA$6="",0,$T23) -> 0 | AB29: =IF(AB$6="",0,IF($T25=справочники!$E$8,$T23+$T27*(AB$1-$AA$1),IF($T25=справочники!$E$9,$T23*POWER($T27,(AB$1-$AA$1)),IF($T25=справочники!$E$10,POWER($T23,$T27*(AB$1-$AA$1)),0)))) -> 0 | AC29: =IF(AC$6="",0,IF($T25=справочники!$E$8,$T23+$T27*(AC$1-$AA$1),IF($T25=справочники!$E$9,$T23*POWER($T27,(AC$1-$AA$1)),IF($T25=справочники!$E$10,POWER($T23,$T27*(AC$1-$AA$1)),0)))) -> 0 | AD29: =IF(AD$6="",0,IF($T25=справочники!$E$8,$T23+$T27*(AD$1-$AA$1),IF($T25=справочники!$E$9,$T23*POWER($T27,(AD$1-$AA$1)),IF($T25=справочники!$E$10,POWER($T23,$T27*(AD$1-$AA$1)),0)))) -> 0 | AE29: =IF(AE$6="",0,IF($T25=справочники!$E$8,$T23+$T27*(AE$1-$AA$1),IF($T25=справочники!$E$9,$T23*POWER($T27,(AE$1-$AA$1)),IF($T25=справочники!$E$10,POWER($T23,$T27*(AE$1-$AA$1)),0)))) -> 0 | AF29: =IF(AF$6="",0,IF($T25=справочники!$E$8,$T23+$T27*(AF$1-$AA$1),IF($T25=справочники!$E$9,$T23*POWER($T27,(AF$1-$AA$1)),IF($T25=справочники!$E$10,POWER($T23,$T27*(AF$1-$AA$1)),0)))) -> 0 | AG29: =IF(AG$6="",0,IF($T25=справочники!$E$8,$T23+$T27*(AG$1-$AA$1),IF($T25=справочники!$E$9,$T23*POWER($T27,(AG$1-$AA$1)),IF($T25=справочники!$E$10,POWER($T23,$T27*(AG$1-$AA$1)),0)))) -> 0 | AH29: =IF(AH$6="",0,IF($T25=справочники!$E$8,$T23+$T27*(AH$1-$AA$1),IF($T25=справочники!$E$9,$T23*POWER($T27,(AH$1-$AA$1)),IF($T25=справочники!$E$10,POWER($T23,$T27*(AH$1-$AA$1)),0)))) -> 0 | AI29: =IF(AI$6="",0,IF($T25=справочники!$E$8,$T23+$T27*(AI$1-$AA$1),IF($T25=справочники!$E$9,$T23*POWER($T27,(AI$1-$AA$1)),IF($T25=справочники!$E$10,POWER($T23,$T27*(AI$1-$AA$1)),0)))) -> 0 | ... BD29: =IF(BD$6="",0,IF($T25=справочники!$E$8,$T23+$T27*(BD$1-$AA$1),IF($T25=справочники!$E$9,$T23*POWER($T27,(BD$1-$AA$1)),IF($T25=справочники!$E$10,POWER($T23,$T27*(BD$1-$AA$1)),0)))) -> 0
G31: * | I31: Средний размер займа в 1-й месяц | M31: * | N31: Средний размер займа | Q31: руб. | S31: *
G33: * | I33: средний процент увеличения размера займа | Q33: % | S33: *
F35: 2 | G35: * | I35: AOV | N35: =N31 -> Средний размер займа | Q35: руб. | AA35: =IF(AA$6="",0,$T31) -> 0 | AB35: =IF(AB$6="",0,$T31*POWER(1+$T33,(AB$1-$AA$1))) -> 0 | AC35: =IF(AC$6="",0,$T31*POWER(1+$T33,(AC$1-$AA$1))) -> 0 | AD35: =IF(AD$6="",0,$T31*POWER(1+$T33,(AD$1-$AA$1))) -> 0 | AE35: =IF(AE$6="",0,$T31*POWER(1+$T33,(AE$1-$AA$1))) -> 0 | AF35: =IF(AF$6="",0,$T31*POWER(1+$T33,(AF$1-$AA$1))) -> 0 | AG35: =IF(AG$6="",0,$T31*POWER(1+$T33,(AG$1-$AA$1))) -> 0 | AH35: =IF(AH$6="",0,$T31*POWER(1+$T33,(AH$1-$AA$1))) -> 0 | AI35: =IF(AI$6="",0,$T31*POWER(1+$T33,(AI$1-$AA$1))) -> 0 | ... BD35: =IF(BD$6="",0,$T31*POWER(1+$T33,(BD$1-$AA$1))) -> 0
F36: 1
E37: CF(-) | F37: 2 | G37: * | I37: Размер выданных займов за период | Q37: руб. | W37: =SUM($Y37:$BE37) -> 0 | AA37: =IF(AA$6="",0,AA29*AA35) -> 0 | AB37: =IF(AB$6="",0,AB29*AB35) -> 0 | AC37: =IF(AC$6="",0,AC29*AC35) -> 0 | AD37: =IF(AD$6="",0,AD29*AD35) -> 0 | AE37: =IF(AE$6="",0,AE29*AE35) -> 0 | AF37: =IF(AF$6="",0,AF29*AF35) -> 0 | AG37: =IF(AG$6="",0,AG29*AG35) -> 0 | AH37: =IF(AH$6="",0,AH29*AH35) -> 0 | ... BD37: =IF(BD$6="",0,BD29*BD35) -> 0
G39: * | I39: Средний срок займа | Q39: кол-во мес | S39: *
G41: * | I41: средний риск дефолта по платежам (тело&%) | Q41: % | S41: *
G43: * | I43: Средний месяц дефолта | Q43: кол-во мес | S43: *
E45: CF(+) | F45: 2 | G45: * | I45: Размер возвратов займов за период | Q45: руб. | W45: =SUM($Y45:$BE45) -> 0 | AA45: =IF(AA$6="",0,IF(AA$1=1,SUMIFS(37:37,$1:$1,">="&1,$1:$1,"<="&INT(-$T39))+(-$T39-INT(-$T39))*SUMIFS(37:37,$1:$1,INT(-$T39)+1),0)+(-$T39-INT(-$T39))*SUMIFS(37:37,$1:$1,AA$1+INT(-$T39)+1)+(INT(-$T39)+1+$T39)*SUMIFS(37:37,$1:$1,AA$1+INT(-$T39)))*(1-$T41) -> 0 | AB45: =IF(AB$6="",0,IF(AB$1=1,SUMIFS(37:37,$1:$1,">="&1,$1:$1,"<="&INT(-$T39))+(-$T39-INT(-$T39))*SUMIFS(37:37,$1:$1,INT(-$T39)+1),0)+(-$T39-INT(-$T39))*SUMIFS(37:37,$1:$1,AB$1+INT(-$T39)+1)+(INT(-$T39)+1+$T39)*SUMIFS(37:37,$1:$1,AB$1+INT(-$T39)))*(1-$T41) -> 0 | AC45: =IF(AC$6="",0,IF(AC$1=1,SUMIFS(37:37,$1:$1,">="&1,$1:$1,"<="&INT(-$T39))+(-$T39-INT(-$T39))*SUMIFS(37:37,$1:$1,INT(-$T39)+1),0)+(-$T39-INT(-$T39))*SUMIFS(37:37,$1:$1,AC$1+INT(-$T39)+1)+(INT(-$T39)+1+$T39)*SUMIFS(37:37,$1:$1,AC$1+INT(-$T39)))*(1-$T41) -> 0 | AD45: =IF(AD$6="",0,IF(AD$1=1,SUMIFS(37:37,$1:$1,">="&1,$1:$1,"<="&INT(-$T39))+(-$T39-INT(-$T39))*SUMIFS(37:37,$1:$1,INT(-$T39)+1),0)+(-$T39-INT(-$T39))*SUMIFS(37:37,$1:$1,AD$1+INT(-$T39)+1)+(INT(-$T39)+1+$T39)*SUMIFS(37:37,$1:$1,AD$1+INT(-$T39)))*(1-$T41) -> 0 | AE45: =IF(AE$6="",0,IF(AE$1=1,SUMIFS(37:37,$1:$1,">="&1,$1:$1,"<="&INT(-$T39))+(-$T39-INT(-$T39))*SUMIFS(37:37,$1:$1,INT(-$T39)+1),0)+(-$T39-INT(-$T39))*SUMIFS(37:37,$1:$1,AE$1+INT(-$T39)+1)+(INT(-$T39)+1+$T39)*SUMIFS(37:37,$1:$1,AE$1+INT(-$T39)))*(1-$T41) -> 0 | AF45: =IF(AF$6="",0,IF(AF$1=1,SUMIFS(37:37,$1:$1,">="&1,$1:$1,"<="&INT(-$T39))+(-$T39-INT(-$T39))*SUMIFS(37:37,$1:$1,INT(-$T39)+1),0)+(-$T39-INT(-$T39))*SUMIFS(37:37,$1:$1,AF$1+INT(-$T39)+1)+(INT(-$T39)+1+$T39)*SUMIFS(37:37,$1:$1,AF$1+INT(-$T39)))*(1-$T41) -> 0 | AG45: =IF(AG$6="",0,IF(AG$1=1,SUMIFS(37:37,$1:$1,">="&1,$1:$1,"<="&INT(-$T39))+(-$T39-INT(-$T39))*SUMIFS(37:37,$1:$1,INT(-$T39)+1),0)+(-$T39-INT(-$T39))*SUMIFS(37:37,$1:$1,AG$1+INT(-$T39)+1)+(INT(-$T39)+1+$T39)*SUMIFS(37:37,$1:$1,AG$1+INT(-$T39)))*(1-$T41) -> 0 | AH45: =IF(AH$6="",0,IF(AH$1=1,SUMIFS(37:37,$1:$1,">="&1,$1:$1,"<="&INT(-$T39))+(-$T39-INT(-$T39))*SUMIFS(37:37,$1:$1,INT(-$T39)+1),0)+(-$T39-INT(-$T39))*SUMIFS(37:37,$1:$1,AH$1+INT(-$T39)+1)+(INT(-$T39)+1+$T39)*SUMIFS(37:37,$1:$1,AH$1+INT(-$T39)))*(1-$T41) -> 0 | ... BD45: =IF(BD$6="",0,IF(BD$1=1,SUMIFS(37:37,$1:$1,">="&1,$1:$1,"<="&INT(-$T39))+(-$T39-INT(-$T39))*SUMIFS(37:37,$1:$1,INT(-$T39)+1),0)+(-$T39-INT(-$T39))*SUMIFS(37:37,$1:$1,BD$1+INT(-$T39)+1)+(INT(-$T39)+1+$T39)*SUMIFS(37:37,$1:$1,BD$1+INT(-$T39)))*(1-$T41) -> 0
E47: PL(-) | F47: 2 | I47: =$H$18 -> Дефолты по телу займов / фондирование | Q47: руб. | W47: =SUM($Y47:$BE47) -> 0 | AA47: =IF(AA$6="",0,IF(AA$1=1,SUMIFS(37:37,$1:$1,">="&1,$1:$1,"<="&INT(-$T39))+(-$T39-INT(-$T39))*SUMIFS(37:37,$1:$1,INT(-$T39)+1),0)+(-$T39-INT(-$T39))*SUMIFS(37:37,$1:$1,AA$1+INT(-$T39)+1)+(INT(-$T39)+1+$T39)*SUMIFS(37:37,$1:$1,AA$1+INT(-$T39)))*$T41 -> 0 | AB47: =IF(AB$6="",0,IF(AB$1=1,SUMIFS(37:37,$1:$1,">="&1,$1:$1,"<="&INT(-$T39))+(-$T39-INT(-$T39))*SUMIFS(37:37,$1:$1,INT(-$T39)+1),0)+(-$T39-INT(-$T39))*SUMIFS(37:37,$1:$1,AB$1+INT(-$T39)+1)+(INT(-$T39)+1+$T39)*SUMIFS(37:37,$1:$1,AB$1+INT(-$T39)))*$T41 -> 0 | AC47: =IF(AC$6="",0,IF(AC$1=1,SUMIFS(37:37,$1:$1,">="&1,$1:$1,"<="&INT(-$T39))+(-$T39-INT(-$T39))*SUMIFS(37:37,$1:$1,INT(-$T39)+1),0)+(-$T39-INT(-$T39))*SUMIFS(37:37,$1:$1,AC$1+INT(-$T39)+1)+(INT(-$T39)+1+$T39)*SUMIFS(37:37,$1:$1,AC$1+INT(-$T39)))*$T41 -> 0 | AD47: =IF(AD$6="",0,IF(AD$1=1,SUMIFS(37:37,$1:$1,">="&1,$1:$1,"<="&INT(-$T39))+(-$T39-INT(-$T39))*SUMIFS(37:37,$1:$1,INT(-$T39)+1),0)+(-$T39-INT(-$T39))*SUMIFS(37:37,$1:$1,AD$1+INT(-$T39)+1)+(INT(-$T39)+1+$T39)*SUMIFS(37:37,$1:$1,AD$1+INT(-$T39)))*$T41 -> 0 | AE47: =IF(AE$6="",0,IF(AE$1=1,SUMIFS(37:37,$1:$1,">="&1,$1:$1,"<="&INT(-$T39))+(-$T39-INT(-$T39))*SUMIFS(37:37,$1:$1,INT(-$T39)+1),0)+(-$T39-INT(-$T39))*SUMIFS(37:37,$1:$1,AE$1+INT(-$T39)+1)+(INT(-$T39)+1+$T39)*SUMIFS(37:37,$1:$1,AE$1+INT(-$T39)))*$T41 -> 0 | AF47: =IF(AF$6="",0,IF(AF$1=1,SUMIFS(37:37,$1:$1,">="&1,$1:$1,"<="&INT(-$T39))+(-$T39-INT(-$T39))*SUMIFS(37:37,$1:$1,INT(-$T39)+1),0)+(-$T39-INT(-$T39))*SUMIFS(37:37,$1:$1,AF$1+INT(-$T39)+1)+(INT(-$T39)+1+$T39)*SUMIFS(37:37,$1:$1,AF$1+INT(-$T39)))*$T41 -> 0 | AG47: =IF(AG$6="",0,IF(AG$1=1,SUMIFS(37:37,$1:$1,">="&1,$1:$1,"<="&INT(-$T39))+(-$T39-INT(-$T39))*SUMIFS(37:37,$1:$1,INT(-$T39)+1),0)+(-$T39-INT(-$T39))*SUMIFS(37:37,$1:$1,AG$1+INT(-$T39)+1)+(INT(-$T39)+1+$T39)*SUMIFS(37:37,$1:$1,AG$1+INT(-$T39)))*$T41 -> 0 | AH47: =IF(AH$6="",0,IF(AH$1=1,SUMIFS(37:37,$1:$1,">="&1,$1:$1,"<="&INT(-$T39))+(-$T39-INT(-$T39))*SUMIFS(37:37,$1:$1,INT(-$T39)+1),0)+(-$T39-INT(-$T39))*SUMIFS(37:37,$1:$1,AH$1+INT(-$T39)+1)+(INT(-$T39)+1+$T39)*SUMIFS(37:37,$1:$1,AH$1+INT(-$T39)))*$T41 -> 0 | ... BD47: =IF(BD$6="",0,IF(BD$1=1,SUMIFS(37:37,$1:$1,">="&1,$1:$1,"<="&INT(-$T39))+(-$T39-INT(-$T39))*SUMIFS(37:37,$1:$1,INT(-$T39)+1),0)+(-$T39-INT(-$T39))*SUMIFS(37:37,$1:$1,BD$1+INT(-$T39)+1)+(INT(-$T39)+1+$T39)*SUMIFS(37:37,$1:$1,BD$1+INT(-$T39)))*$T41 -> 0
E49: ДЗ | F49: 2 | G49: * | I49: Размер выданных займов на начало периода | Q49: руб. | AA49: =IF(AA$6="",0,Z49-Z45+AA37) -> 0 | AB49: =IF(AB$6="",0,AA49-AA45+AB37) -> 0 | AC49: =IF(AC$6="",0,AB49-AB45+AC37) -> 0 | AD49: =IF(AD$6="",0,AC49-AC45+AD37) -> 0 | AE49: =IF(AE$6="",0,AD49-AD45+AE37) -> 0 | AF49: =IF(AF$6="",0,AE49-AE45+AF37) -> 0 | AG49: =IF(AG$6="",0,AF49-AF45+AG37) -> 0 | AH49: =IF(AH$6="",0,AG49-AG45+AH37) -> 0 | ... BD49: =IF(BD$6="",0,BC49-BC45+BD37) -> 0
G51: * | I51: средняя ставка по займу в месяц | Q51: % | S51: *
F53: 2 | G53: * | I53: техрасчеты | Q53: руб. | AA53: =IF(AA$6="",0,IF(AA$1=1,SUMIFS(37:37,$1:$1,">="&1,$1:$1,"<="&INT(-$T43))+(-$T43-INT(-$T43))*SUMIFS(37:37,$1:$1,INT(-$T43)+1),0)+(-$T43-INT(-$T43))*SUMIFS(37:37,$1:$1,AA$1+INT(-$T43)+1)+(INT(-$T43)+1+$T43)*SUMIFS(37:37,$1:$1,AA$1+INT(-$T43)))*$T41*$T51 -> 0 | AB53: =IF(AB$6="",0,IF(AB$1=1,SUMIFS(37:37,$1:$1,">="&1,$1:$1,"<="&INT(-$T43))+(-$T43-INT(-$T43))*SUMIFS(37:37,$1:$1,INT(-$T43)+1),0)+(-$T43-INT(-$T43))*SUMIFS(37:37,$1:$1,AB$1+INT(-$T43)+1)+(INT(-$T43)+1+$T43)*SUMIFS(37:37,$1:$1,AB$1+INT(-$T43)))*$T41*$T51 -> 0 | AC53: =IF(AC$6="",0,IF(AC$1=1,SUMIFS(37:37,$1:$1,">="&1,$1:$1,"<="&INT(-$T43))+(-$T43-INT(-$T43))*SUMIFS(37:37,$1:$1,INT(-$T43)+1),0)+(-$T43-INT(-$T43))*SUMIFS(37:37,$1:$1,AC$1+INT(-$T43)+1)+(INT(-$T43)+1+$T43)*SUMIFS(37:37,$1:$1,AC$1+INT(-$T43)))*$T41*$T51 -> 0 | AD53: =IF(AD$6="",0,IF(AD$1=1,SUMIFS(37:37,$1:$1,">="&1,$1:$1,"<="&INT(-$T43))+(-$T43-INT(-$T43))*SUMIFS(37:37,$1:$1,INT(-$T43)+1),0)+(-$T43-INT(-$T43))*SUMIFS(37:37,$1:$1,AD$1+INT(-$T43)+1)+(INT(-$T43)+1+$T43)*SUMIFS(37:37,$1:$1,AD$1+INT(-$T43)))*$T41*$T51 -> 0 | AE53: =IF(AE$6="",0,IF(AE$1=1,SUMIFS(37:37,$1:$1,">="&1,$1:$1,"<="&INT(-$T43))+(-$T43-INT(-$T43))*SUMIFS(37:37,$1:$1,INT(-$T43)+1),0)+(-$T43-INT(-$T43))*SUMIFS(37:37,$1:$1,AE$1+INT(-$T43)+1)+(INT(-$T43)+1+$T43)*SUMIFS(37:37,$1:$1,AE$1+INT(-$T43)))*$T41*$T51 -> 0 | AF53: =IF(AF$6="",0,IF(AF$1=1,SUMIFS(37:37,$1:$1,">="&1,$1:$1,"<="&INT(-$T43))+(-$T43-INT(-$T43))*SUMIFS(37:37,$1:$1,INT(-$T43)+1),0)+(-$T43-INT(-$T43))*SUMIFS(37:37,$1:$1,AF$1+INT(-$T43)+1)+(INT(-$T43)+1+$T43)*SUMIFS(37:37,$1:$1,AF$1+INT(-$T43)))*$T41*$T51 -> 0 | AG53: =IF(AG$6="",0,IF(AG$1=1,SUMIFS(37:37,$1:$1,">="&1,$1:$1,"<="&INT(-$T43))+(-$T43-INT(-$T43))*SUMIFS(37:37,$1:$1,INT(-$T43)+1),0)+(-$T43-INT(-$T43))*SUMIFS(37:37,$1:$1,AG$1+INT(-$T43)+1)+(INT(-$T43)+1+$T43)*SUMIFS(37:37,$1:$1,AG$1+INT(-$T43)))*$T41*$T51 -> 0 | AH53: =IF(AH$6="",0,IF(AH$1=1,SUMIFS(37:37,$1:$1,">="&1,$1:$1,"<="&INT(-$T43))+(-$T43-INT(-$T43))*SUMIFS(37:37,$1:$1,INT(-$T43)+1),0)+(-$T43-INT(-$T43))*SUMIFS(37:37,$1:$1,AH$1+INT(-$T43)+1)+(INT(-$T43)+1+$T43)*SUMIFS(37:37,$1:$1,AH$1+INT(-$T43)))*$T41*$T51 -> 0 | ... BD53: =IF(BD$6="",0,IF(BD$1=1,SUMIFS(37:37,$1:$1,">="&1,$1:$1,"<="&INT(-$T43))+(-$T43-INT(-$T43))*SUMIFS(37:37,$1:$1,INT(-$T43)+1),0)+(-$T43-INT(-$T43))*SUMIFS(37:37,$1:$1,BD$1+INT(-$T43)+1)+(INT(-$T43)+1+$T43)*SUMIFS(37:37,$1:$1,BD$1+INT(-$T43)))*$T41*$T51 -> 0
E54: PL(-) | F54: 2 | I54: =$H$19 -> Дефолты по %% / фондирование | Q54: руб. | W54: =SUM($Y54:$BE54) -> 0 | AA54: =IF(AA$6="",0,Z54+AA53) -> 0 | AB54: =IF(AB$6="",0,AA54+AB53) -> 0 | AC54: =IF(AC$6="",0,AB54+AC53) -> 0 | AD54: =IF(AD$6="",0,AC54+AD53) -> 0 | AE54: =IF(AE$6="",0,AD54+AE53) -> 0 | AF54: =IF(AF$6="",0,AE54+AF53) -> 0 | AG54: =IF(AG$6="",0,AF54+AG53) -> 0 | AH54: =IF(AH$6="",0,AG54+AH53) -> 0 | ... BD54: =IF(BD$6="",0,BC54+BD53) -> 0
E56: PL(+) | F56: 1 | H56: =$H$17 -> Процентный доход | M56: * | N56: Начисленные %% по Тарифу-1 | Q56: руб. | W56: =SUM($Y56:$BE56) -> 0 | AA56: =IF(AA$6="",0,(AA49+SUMIFS($Z54:AA54,$Z$1:AA$1,"<="&INT(AA$1/SUMIFS(справочники!$I$8:$I$9,справочники!$H$8:$H$9,$T$14))*SUMIFS(справочники!$I$8:$I$9,справочники!$H$8:$H$9,$T$14)))*$T51) -> 0 | AB56: =IF(AB$6="",0,(AB49+SUMIFS($Z54:AB54,$Z$1:AB$1,"<="&INT(AB$1/SUMIFS(справочники!$I$8:$I$9,справочники!$H$8:$H$9,$T$14))*SUMIFS(справочники!$I$8:$I$9,справочники!$H$8:$H$9,$T$14)))*$T51) -> 0 | AC56: =IF(AC$6="",0,(AC49+SUMIFS($Z54:AC54,$Z$1:AC$1,"<="&INT(AC$1/SUMIFS(справочники!$I$8:$I$9,справочники!$H$8:$H$9,$T$14))*SUMIFS(справочники!$I$8:$I$9,справочники!$H$8:$H$9,$T$14)))*$T51) -> 0 | AD56: =IF(AD$6="",0,(AD49+SUMIFS($Z54:AD54,$Z$1:AD$1,"<="&INT(AD$1/SUMIFS(справочники!$I$8:$I$9,справочники!$H$8:$H$9,$T$14))*SUMIFS(справочники!$I$8:$I$9,справочники!$H$8:$H$9,$T$14)))*$T51) -> 0 | AE56: =IF(AE$6="",0,(AE49+SUMIFS($Z54:AE54,$Z$1:AE$1,"<="&INT(AE$1/SUMIFS(справочники!$I$8:$I$9,справочники!$H$8:$H$9,$T$14))*SUMIFS(справочники!$I$8:$I$9,справочники!$H$8:$H$9,$T$14)))*$T51) -> 0 | AF56: =IF(AF$6="",0,(AF49+SUMIFS($Z54:AF54,$Z$1:AF$1,"<="&INT(AF$1/SUMIFS(справочники!$I$8:$I$9,справочники!$H$8:$H$9,$T$14))*SUMIFS(справочники!$I$8:$I$9,справочники!$H$8:$H$9,$T$14)))*$T51) -> 0 | AG56: =IF(AG$6="",0,(AG49+SUMIFS($Z54:AG54,$Z$1:AG$1,"<="&INT(AG$1/SUMIFS(справочники!$I$8:$I$9,справочники!$H$8:$H$9,$T$14))*SUMIFS(справочники!$I$8:$I$9,справочники!$H$8:$H$9,$T$14)))*$T51) -> 0 | AH56: =IF(AH$6="",0,(AH49+SUMIFS($Z54:AH54,$Z$1:AH$1,"<="&INT(AH$1/SUMIFS(справочники!$I$8:$I$9,справочники!$H$8:$H$9,$T$14))*SUMIFS(справочники!$I$8:$I$9,справочники!$H$8:$H$9,$T$14)))*$T51) -> 0 | ... BD56: =IF(BD$6="",0,(BD49+SUMIFS($Z54:BD54,$Z$1:BD$1,"<="&INT(BD$1/SUMIFS(справочники!$I$8:$I$9,справочники!$H$8:$H$9,$T$14))*SUMIFS(справочники!$I$8:$I$9,справочники!$H$8:$H$9,$T$14)))*$T51) -> 0
F57: 1
E58: CF(+) | F58: 1 | H58: =$H$21 -> Полученные проценты | M58: * | N58: %% поступившие на р/сч по Тарифу-1 | Q58: руб. | W58: =SUM($Y58:$BE58) -> 0 | AA58: =IF(AA$6="",0,AA56-AA54) -> 0 | AB58: =IF(AB$6="",0,AB56-AB54) -> 0 | AC58: =IF(AC$6="",0,AC56-AC54) -> 0 | AD58: =IF(AD$6="",0,AD56-AD54) -> 0 | AE58: =IF(AE$6="",0,AE56-AE54) -> 0 | AF58: =IF(AF$6="",0,AF56-AF54) -> 0 | AG58: =IF(AG$6="",0,AG56-AG54) -> 0 | AH58: =IF(AH$6="",0,AH56-AH54) -> 0 | ... BD58: =IF(BD$6="",0,BD56-BD54) -> 0
F59: 1
I61: =$I$23 -> Кол-во выданных займов в 1-й месяц | M61: * | N61: Тариф-2 | Q61: шт | S61: *
I63: =$I$25 -> скорость прироста мес/мес | Q63: вып.список | S63: * | U63: ^
I65: =$I$27 -> коэффициент (q) прироста | Q65: =IF(T63=справочники!$E$8,"a+qx",IF(T63=справочники!$E$9,"aq^x",IF(T63=справочники!$E$10,"a^(qx)","??"))) -> ?? | S65: *
F67: 2 | I67: ="Кол-во выданных займов по "&N61 -> Кол-во выданных займов по Тариф-2 | Q67: шт | AA67: =IF(AA$6="",0,$T61) -> 0 | AB67: =IF(AB$6="",0,IF($T63=справочники!$E$8,$T61+$T65*(AB$1-$AA$1),IF($T63=справочники!$E$9,$T61*POWER($T65,(AB$1-$AA$1)),IF($T63=справочники!$E$10,POWER($T61,$T65*(AB$1-$AA$1)),0)))) -> 0 | AC67: =IF(AC$6="",0,IF($T63=справочники!$E$8,$T61+$T65*(AC$1-$AA$1),IF($T63=справочники!$E$9,$T61*POWER($T65,(AC$1-$AA$1)),IF($T63=справочники!$E$10,POWER($T61,$T65*(AC$1-$AA$1)),0)))) -> 0 | AD67: =IF(AD$6="",0,IF($T63=справочники!$E$8,$T61+$T65*(AD$1-$AA$1),IF($T63=справочники!$E$9,$T61*POWER($T65,(AD$1-$AA$1)),IF($T63=справочники!$E$10,POWER($T61,$T65*(AD$1-$AA$1)),0)))) -> 0 | AE67: =IF(AE$6="",0,IF($T63=справочники!$E$8,$T61+$T65*(AE$1-$AA$1),IF($T63=справочники!$E$9,$T61*POWER($T65,(AE$1-$AA$1)),IF($T63=справочники!$E$10,POWER($T61,$T65*(AE$1-$AA$1)),0)))) -> 0 | AF67: =IF(AF$6="",0,IF($T63=справочники!$E$8,$T61+$T65*(AF$1-$AA$1),IF($T63=справочники!$E$9,$T61*POWER($T65,(AF$1-$AA$1)),IF($T63=справочники!$E$10,POWER($T61,$T65*(AF$1-$AA$1)),0)))) -> 0 | AG67: =IF(AG$6="",0,IF($T63=справочники!$E$8,$T61+$T65*(AG$1-$AA$1),IF($T63=справочники!$E$9,$T61*POWER($T65,(AG$1-$AA$1)),IF($T63=справочники!$E$10,POWER($T61,$T65*(AG$1-$AA$1)),0)))) -> 0 | AH67: =IF(AH$6="",0,IF($T63=справочники!$E$8,$T61+$T65*(AH$1-$AA$1),IF($T63=справочники!$E$9,$T61*POWER($T65,(AH$1-$AA$1)),IF($T63=справочники!$E$10,POWER($T61,$T65*(AH$1-$AA$1)),0)))) -> 0 | AI67: =IF(AI$6="",0,IF($T63=справочники!$E$8,$T61+$T65*(AI$1-$AA$1),IF($T63=справочники!$E$9,$T61*POWER($T65,(AI$1-$AA$1)),IF($T63=справочники!$E$10,POWER($T61,$T65*(AI$1-$AA$1)),0)))) -> 0 | ... BD67: =IF(BD$6="",0,IF($T63=справочники!$E$8,$T61+$T65*(BD$1-$AA$1),IF($T63=справочники!$E$9,$T61*POWER($T65,(BD$1-$AA$1)),IF($T63=справочники!$E$10,POWER($T61,$T65*(BD$1-$AA$1)),0)))) -> 0
I69: =$I$31 -> Средний размер займа в 1-й месяц | N69: =$N$31 -> Средний размер займа | Q69: руб. | S69: *
I71: =$I$33 -> средний процент увеличения размера займа | Q71: % | S71: *
F73: 2 | I73: =$I$35 -> AOV | N73: =N69 -> Средний размер займа | Q73: руб. | AA73: =IF(AA$6="",0,$T69) -> 0 | AB73: =IF(AB$6="",0,$T69*POWER(1+$T71,(AB$1-$AA$1))) -> 0 | AC73: =IF(AC$6="",0,$T69*POWER(1+$T71,(AC$1-$AA$1))) -> 0 | AD73: =IF(AD$6="",0,$T69*POWER(1+$T71,(AD$1-$AA$1))) -> 0 | AE73: =IF(AE$6="",0,$T69*POWER(1+$T71,(AE$1-$AA$1))) -> 0 | AF73: =IF(AF$6="",0,$T69*POWER(1+$T71,(AF$1-$AA$1))) -> 0 | AG73: =IF(AG$6="",0,$T69*POWER(1+$T71,(AG$1-$AA$1))) -> 0 | AH73: =IF(AH$6="",0,$T69*POWER(1+$T71,(AH$1-$AA$1))) -> 0 | AI73: =IF(AI$6="",0,$T69*POWER(1+$T71,(AI$1-$AA$1))) -> 0 | ... BD73: =IF(BD$6="",0,$T69*POWER(1+$T71,(BD$1-$AA$1))) -> 0
F74: 1
E75: CF(-) | F75: 2 | I75: =$I$37 -> Размер выданных займов за период | Q75: руб. | W75: =SUM($Y75:$BE75) -> 0 | AA75: =IF(AA$6="",0,AA67*AA73) -> 0 | AB75: =IF(AB$6="",0,AB67*AB73) -> 0 | AC75: =IF(AC$6="",0,AC67*AC73) -> 0 | AD75: =IF(AD$6="",0,AD67*AD73) -> 0 | AE75: =IF(AE$6="",0,AE67*AE73) -> 0 | AF75: =IF(AF$6="",0,AF67*AF73) -> 0 | AG75: =IF(AG$6="",0,AG67*AG73) -> 0 | AH75: =IF(AH$6="",0,AH67*AH73) -> 0 | ... BD75: =IF(BD$6="",0,BD67*BD73) -> 0
I77: =$I$39 -> Средний срок займа | Q77: кол-во мес | S77: *
I79: =$I$41 -> средний риск дефолта по платежам (тело&%) | Q79: % | S79: *
I81: =$I$43 -> Средний месяц дефолта | Q81: кол-во мес | S81: *
E83: CF(+) | F83: 2 | I83: =$I$45 -> Размер возвратов займов за период | Q83: руб. | W83: =SUM($Y83:$BE83) -> 0 | AA83: =IF(AA$6="",0,IF(AA$1=1,SUMIFS(75:75,$1:$1,">="&1,$1:$1,"<="&INT(-$T77))+(-$T77-INT(-$T77))*SUMIFS(75:75,$1:$1,INT(-$T77)+1),0)+(-$T77-INT(-$T77))*SUMIFS(75:75,$1:$1,AA$1+INT(-$T77)+1)+(INT(-$T77)+1+$T77)*SUMIFS(75:75,$1:$1,AA$1+INT(-$T77)))*(1-$T79) -> 0 | AB83: =IF(AB$6="",0,IF(AB$1=1,SUMIFS(75:75,$1:$1,">="&1,$1:$1,"<="&INT(-$T77))+(-$T77-INT(-$T77))*SUMIFS(75:75,$1:$1,INT(-$T77)+1),0)+(-$T77-INT(-$T77))*SUMIFS(75:75,$1:$1,AB$1+INT(-$T77)+1)+(INT(-$T77)+1+$T77)*SUMIFS(75:75,$1:$1,AB$1+INT(-$T77)))*(1-$T79) -> 0 | AC83: =IF(AC$6="",0,IF(AC$1=1,SUMIFS(75:75,$1:$1,">="&1,$1:$1,"<="&INT(-$T77))+(-$T77-INT(-$T77))*SUMIFS(75:75,$1:$1,INT(-$T77)+1),0)+(-$T77-INT(-$T77))*SUMIFS(75:75,$1:$1,AC$1+INT(-$T77)+1)+(INT(-$T77)+1+$T77)*SUMIFS(75:75,$1:$1,AC$1+INT(-$T77)))*(1-$T79) -> 0 | AD83: =IF(AD$6="",0,IF(AD$1=1,SUMIFS(75:75,$1:$1,">="&1,$1:$1,"<="&INT(-$T77))+(-$T77-INT(-$T77))*SUMIFS(75:75,$1:$1,INT(-$T77)+1),0)+(-$T77-INT(-$T77))*SUMIFS(75:75,$1:$1,AD$1+INT(-$T77)+1)+(INT(-$T77)+1+$T77)*SUMIFS(75:75,$1:$1,AD$1+INT(-$T77)))*(1-$T79) -> 0 | AE83: =IF(AE$6="",0,IF(AE$1=1,SUMIFS(75:75,$1:$1,">="&1,$1:$1,"<="&INT(-$T77))+(-$T77-INT(-$T77))*SUMIFS(75:75,$1:$1,INT(-$T77)+1),0)+(-$T77-INT(-$T77))*SUMIFS(75:75,$1:$1,AE$1+INT(-$T77)+1)+(INT(-$T77)+1+$T77)*SUMIFS(75:75,$1:$1,AE$1+INT(-$T77)))*(1-$T79) -> 0 | AF83: =IF(AF$6="",0,IF(AF$1=1,SUMIFS(75:75,$1:$1,">="&1,$1:$1,"<="&INT(-$T77))+(-$T77-INT(-$T77))*SUMIFS(75:75,$1:$1,INT(-$T77)+1),0)+(-$T77-INT(-$T77))*SUMIFS(75:75,$1:$1,AF$1+INT(-$T77)+1)+(INT(-$T77)+1+$T77)*SUMIFS(75:75,$1:$1,AF$1+INT(-$T77)))*(1-$T79) -> 0 | AG83: =IF(AG$6="",0,IF(AG$1=1,SUMIFS(75:75,$1:$1,">="&1,$1:$1,"<="&INT(-$T77))+(-$T77-INT(-$T77))*SUMIFS(75:75,$1:$1,INT(-$T77)+1),0)+(-$T77-INT(-$T77))*SUMIFS(75:75,$1:$1,AG$1+INT(-$T77)+1)+(INT(-$T77)+1+$T77)*SUMIFS(75:75,$1:$1,AG$1+INT(-$T77)))*(1-$T79) -> 0 | AH83: =IF(AH$6="",0,IF(AH$1=1,SUMIFS(75:75,$1:$1,">="&1,$1:$1,"<="&INT(-$T77))+(-$T77-INT(-$T77))*SUMIFS(75:75,$1:$1,INT(-$T77)+1),0)+(-$T77-INT(-$T77))*SUMIFS(75:75,$1:$1,AH$1+INT(-$T77)+1)+(INT(-$T77)+1+$T77)*SUMIFS(75:75,$1:$1,AH$1+INT(-$T77)))*(1-$T79) -> 0 | ... BD83: =IF(BD$6="",0,IF(BD$1=1,SUMIFS(75:75,$1:$1,">="&1,$1:$1,"<="&INT(-$T77))+(-$T77-INT(-$T77))*SUMIFS(75:75,$1:$1,INT(-$T77)+1),0)+(-$T77-INT(-$T77))*SUMIFS(75:75,$1:$1,BD$1+INT(-$T77)+1)+(INT(-$T77)+1+$T77)*SUMIFS(75:75,$1:$1,BD$1+INT(-$T77)))*(1-$T79) -> 0
E85: PL(-) | F85: 2 | I85: =$I$47 -> Дефолты по телу займов / фондирование | Q85: руб. | W85: =SUM($Y85:$BE85) -> 0 | AA85: =IF(AA$6="",0,IF(AA$1=1,SUMIFS(75:75,$1:$1,">="&1,$1:$1,"<="&INT(-$T77))+(-$T77-INT(-$T77))*SUMIFS(75:75,$1:$1,INT(-$T77)+1),0)+(-$T77-INT(-$T77))*SUMIFS(75:75,$1:$1,AA$1+INT(-$T77)+1)+(INT(-$T77)+1+$T77)*SUMIFS(75:75,$1:$1,AA$1+INT(-$T77)))*$T79 -> 0 | AB85: =IF(AB$6="",0,IF(AB$1=1,SUMIFS(75:75,$1:$1,">="&1,$1:$1,"<="&INT(-$T77))+(-$T77-INT(-$T77))*SUMIFS(75:75,$1:$1,INT(-$T77)+1),0)+(-$T77-INT(-$T77))*SUMIFS(75:75,$1:$1,AB$1+INT(-$T77)+1)+(INT(-$T77)+1+$T77)*SUMIFS(75:75,$1:$1,AB$1+INT(-$T77)))*$T79 -> 0 | AC85: =IF(AC$6="",0,IF(AC$1=1,SUMIFS(75:75,$1:$1,">="&1,$1:$1,"<="&INT(-$T77))+(-$T77-INT(-$T77))*SUMIFS(75:75,$1:$1,INT(-$T77)+1),0)+(-$T77-INT(-$T77))*SUMIFS(75:75,$1:$1,AC$1+INT(-$T77)+1)+(INT(-$T77)+1+$T77)*SUMIFS(75:75,$1:$1,AC$1+INT(-$T77)))*$T79 -> 0 | AD85: =IF(AD$6="",0,IF(AD$1=1,SUMIFS(75:75,$1:$1,">="&1,$1:$1,"<="&INT(-$T77))+(-$T77-INT(-$T77))*SUMIFS(75:75,$1:$1,INT(-$T77)+1),0)+(-$T77-INT(-$T77))*SUMIFS(75:75,$1:$1,AD$1+INT(-$T77)+1)+(INT(-$T77)+1+$T77)*SUMIFS(75:75,$1:$1,AD$1+INT(-$T77)))*$T79 -> 0 | AE85: =IF(AE$6="",0,IF(AE$1=1,SUMIFS(75:75,$1:$1,">="&1,$1:$1,"<="&INT(-$T77))+(-$T77-INT(-$T77))*SUMIFS(75:75,$1:$1,INT(-$T77)+1),0)+(-$T77-INT(-$T77))*SUMIFS(75:75,$1:$1,AE$1+INT(-$T77)+1)+(INT(-$T77)+1+$T77)*SUMIFS(75:75,$1:$1,AE$1+INT(-$T77)))*$T79 -> 0 | AF85: =IF(AF$6="",0,IF(AF$1=1,SUMIFS(75:75,$1:$1,">="&1,$1:$1,"<="&INT(-$T77))+(-$T77-INT(-$T77))*SUMIFS(75:75,$1:$1,INT(-$T77)+1),0)+(-$T77-INT(-$T77))*SUMIFS(75:75,$1:$1,AF$1+INT(-$T77)+1)+(INT(-$T77)+1+$T77)*SUMIFS(75:75,$1:$1,AF$1+INT(-$T77)))*$T79 -> 0 | AG85: =IF(AG$6="",0,IF(AG$1=1,SUMIFS(75:75,$1:$1,">="&1,$1:$1,"<="&INT(-$T77))+(-$T77-INT(-$T77))*SUMIFS(75:75,$1:$1,INT(-$T77)+1),0)+(-$T77-INT(-$T77))*SUMIFS(75:75,$1:$1,AG$1+INT(-$T77)+1)+(INT(-$T77)+1+$T77)*SUMIFS(75:75,$1:$1,AG$1+INT(-$T77)))*$T79 -> 0 | AH85: =IF(AH$6="",0,IF(AH$1=1,SUMIFS(75:75,$1:$1,">="&1,$1:$1,"<="&INT(-$T77))+(-$T77-INT(-$T77))*SUMIFS(75:75,$1:$1,INT(-$T77)+1),0)+(-$T77-INT(-$T77))*SUMIFS(75:75,$1:$1,AH$1+INT(-$T77)+1)+(INT(-$T77)+1+$T77)*SUMIFS(75:75,$1:$1,AH$1+INT(-$T77)))*$T79 -> 0 | ... BD85: =IF(BD$6="",0,IF(BD$1=1,SUMIFS(75:75,$1:$1,">="&1,$1:$1,"<="&INT(-$T77))+(-$T77-INT(-$T77))*SUMIFS(75:75,$1:$1,INT(-$T77)+1),0)+(-$T77-INT(-$T77))*SUMIFS(75:75,$1:$1,BD$1+INT(-$T77)+1)+(INT(-$T77)+1+$T77)*SUMIFS(75:75,$1:$1,BD$1+INT(-$T77)))*$T79 -> 0
E87: ДЗ | F87: 2 | I87: =$I$49 -> Размер выданных займов на начало периода | Q87: руб. | AA87: =IF(AA$6="",0,Z87-Z83+AA75) -> 0 | AB87: =IF(AB$6="",0,AA87-AA83+AB75) -> 0 | AC87: =IF(AC$6="",0,AB87-AB83+AC75) -> 0 | AD87: =IF(AD$6="",0,AC87-AC83+AD75) -> 0 | AE87: =IF(AE$6="",0,AD87-AD83+AE75) -> 0 | AF87: =IF(AF$6="",0,AE87-AE83+AF75) -> 0 | AG87: =IF(AG$6="",0,AF87-AF83+AG75) -> 0 | AH87: =IF(AH$6="",0,AG87-AG83+AH75) -> 0 | ... BD87: =IF(BD$6="",0,BC87-BC83+BD75) -> 0
I89: =$I$51 -> средняя ставка по займу в месяц | Q89: % | S89: *
F91: 2 | I91: =$I$53 -> техрасчеты | Q91: руб. | AA91: =IF(AA$6="",0,IF(AA$1=1,SUMIFS(75:75,$1:$1,">="&1,$1:$1,"<="&INT(-$T81))+(-$T81-INT(-$T81))*SUMIFS(75:75,$1:$1,INT(-$T81)+1),0)+(-$T81-INT(-$T81))*SUMIFS(75:75,$1:$1,AA$1+INT(-$T81)+1)+(INT(-$T81)+1+$T81)*SUMIFS(75:75,$1:$1,AA$1+INT(-$T81)))*$T79*$T89 -> 0 | AB91: =IF(AB$6="",0,IF(AB$1=1,SUMIFS(75:75,$1:$1,">="&1,$1:$1,"<="&INT(-$T81))+(-$T81-INT(-$T81))*SUMIFS(75:75,$1:$1,INT(-$T81)+1),0)+(-$T81-INT(-$T81))*SUMIFS(75:75,$1:$1,AB$1+INT(-$T81)+1)+(INT(-$T81)+1+$T81)*SUMIFS(75:75,$1:$1,AB$1+INT(-$T81)))*$T79*$T89 -> 0 | AC91: =IF(AC$6="",0,IF(AC$1=1,SUMIFS(75:75,$1:$1,">="&1,$1:$1,"<="&INT(-$T81))+(-$T81-INT(-$T81))*SUMIFS(75:75,$1:$1,INT(-$T81)+1),0)+(-$T81-INT(-$T81))*SUMIFS(75:75,$1:$1,AC$1+INT(-$T81)+1)+(INT(-$T81)+1+$T81)*SUMIFS(75:75,$1:$1,AC$1+INT(-$T81)))*$T79*$T89 -> 0 | AD91: =IF(AD$6="",0,IF(AD$1=1,SUMIFS(75:75,$1:$1,">="&1,$1:$1,"<="&INT(-$T81))+(-$T81-INT(-$T81))*SUMIFS(75:75,$1:$1,INT(-$T81)+1),0)+(-$T81-INT(-$T81))*SUMIFS(75:75,$1:$1,AD$1+INT(-$T81)+1)+(INT(-$T81)+1+$T81)*SUMIFS(75:75,$1:$1,AD$1+INT(-$T81)))*$T79*$T89 -> 0 | AE91: =IF(AE$6="",0,IF(AE$1=1,SUMIFS(75:75,$1:$1,">="&1,$1:$1,"<="&INT(-$T81))+(-$T81-INT(-$T81))*SUMIFS(75:75,$1:$1,INT(-$T81)+1),0)+(-$T81-INT(-$T81))*SUMIFS(75:75,$1:$1,AE$1+INT(-$T81)+1)+(INT(-$T81)+1+$T81)*SUMIFS(75:75,$1:$1,AE$1+INT(-$T81)))*$T79*$T89 -> 0 | AF91: =IF(AF$6="",0,IF(AF$1=1,SUMIFS(75:75,$1:$1,">="&1,$1:$1,"<="&INT(-$T81))+(-$T81-INT(-$T81))*SUMIFS(75:75,$1:$1,INT(-$T81)+1),0)+(-$T81-INT(-$T81))*SUMIFS(75:75,$1:$1,AF$1+INT(-$T81)+1)+(INT(-$T81)+1+$T81)*SUMIFS(75:75,$1:$1,AF$1+INT(-$T81)))*$T79*$T89 -> 0 | AG91: =IF(AG$6="",0,IF(AG$1=1,SUMIFS(75:75,$1:$1,">="&1,$1:$1,"<="&INT(-$T81))+(-$T81-INT(-$T81))*SUMIFS(75:75,$1:$1,INT(-$T81)+1),0)+(-$T81-INT(-$T81))*SUMIFS(75:75,$1:$1,AG$1+INT(-$T81)+1)+(INT(-$T81)+1+$T81)*SUMIFS(75:75,$1:$1,AG$1+INT(-$T81)))*$T79*$T89 -> 0 | AH91: =IF(AH$6="",0,IF(AH$1=1,SUMIFS(75:75,$1:$1,">="&1,$1:$1,"<="&INT(-$T81))+(-$T81-INT(-$T81))*SUMIFS(75:75,$1:$1,INT(-$T81)+1),0)+(-$T81-INT(-$T81))*SUMIFS(75:75,$1:$1,AH$1+INT(-$T81)+1)+(INT(-$T81)+1+$T81)*SUMIFS(75:75,$1:$1,AH$1+INT(-$T81)))*$T79*$T89 -> 0 | ... BD91: =IF(BD$6="",0,IF(BD$1=1,SUMIFS(75:75,$1:$1,">="&1,$1:$1,"<="&INT(-$T81))+(-$T81-INT(-$T81))*SUMIFS(75:75,$1:$1,INT(-$T81)+1),0)+(-$T81-INT(-$T81))*SUMIFS(75:75,$1:$1,BD$1+INT(-$T81)+1)+(INT(-$T81)+1+$T81)*SUMIFS(75:75,$1:$1,BD$1+INT(-$T81)))*$T79*$T89 -> 0
E92: PL(-) | F92: 2 | I92: =$I$54 -> Дефолты по %% / фондирование | Q92: руб. | W92: =SUM($Y92:$BE92) -> 0 | AA92: =IF(AA$6="",0,Z92+AA91) -> 0 | AB92: =IF(AB$6="",0,AA92+AB91) -> 0 | AC92: =IF(AC$6="",0,AB92+AC91) -> 0 | AD92: =IF(AD$6="",0,AC92+AD91) -> 0 | AE92: =IF(AE$6="",0,AD92+AE91) -> 0 | AF92: =IF(AF$6="",0,AE92+AF91) -> 0 | AG92: =IF(AG$6="",0,AF92+AG91) -> 0 | AH92: =IF(AH$6="",0,AG92+AH91) -> 0 | ... BD92: =IF(BD$6="",0,BC92+BD91) -> 0
E94: PL(+) | F94: 1 | H94: =$H$17 -> Процентный доход | M94: * | N94: Начисленные %% по Тарифу-2 | Q94: руб. | W94: =SUM($Y94:$BE94) -> 0 | AA94: =IF(AA$6="",0,(AA87+SUMIFS($Z92:AA92,$Z$1:AA$1,"<="&INT(AA$1/SUMIFS(справочники!$I$8:$I$9,справочники!$H$8:$H$9,$T$14))*SUMIFS(справочники!$I$8:$I$9,справочники!$H$8:$H$9,$T$14)))*$T89) -> 0 | AB94: =IF(AB$6="",0,(AB87+SUMIFS($Z92:AB92,$Z$1:AB$1,"<="&INT(AB$1/SUMIFS(справочники!$I$8:$I$9,справочники!$H$8:$H$9,$T$14))*SUMIFS(справочники!$I$8:$I$9,справочники!$H$8:$H$9,$T$14)))*$T89) -> 0 | AC94: =IF(AC$6="",0,(AC87+SUMIFS($Z92:AC92,$Z$1:AC$1,"<="&INT(AC$1/SUMIFS(справочники!$I$8:$I$9,справочники!$H$8:$H$9,$T$14))*SUMIFS(справочники!$I$8:$I$9,справочники!$H$8:$H$9,$T$14)))*$T89) -> 0 | AD94: =IF(AD$6="",0,(AD87+SUMIFS($Z92:AD92,$Z$1:AD$1,"<="&INT(AD$1/SUMIFS(справочники!$I$8:$I$9,справочники!$H$8:$H$9,$T$14))*SUMIFS(справочники!$I$8:$I$9,справочники!$H$8:$H$9,$T$14)))*$T89) -> 0 | AE94: =IF(AE$6="",0,(AE87+SUMIFS($Z92:AE92,$Z$1:AE$1,"<="&INT(AE$1/SUMIFS(справочники!$I$8:$I$9,справочники!$H$8:$H$9,$T$14))*SUMIFS(справочники!$I$8:$I$9,справочники!$H$8:$H$9,$T$14)))*$T89) -> 0 | AF94: =IF(AF$6="",0,(AF87+SUMIFS($Z92:AF92,$Z$1:AF$1,"<="&INT(AF$1/SUMIFS(справочники!$I$8:$I$9,справочники!$H$8:$H$9,$T$14))*SUMIFS(справочники!$I$8:$I$9,справочники!$H$8:$H$9,$T$14)))*$T89) -> 0 | AG94: =IF(AG$6="",0,(AG87+SUMIFS($Z92:AG92,$Z$1:AG$1,"<="&INT(AG$1/SUMIFS(справочники!$I$8:$I$9,справочники!$H$8:$H$9,$T$14))*SUMIFS(справочники!$I$8:$I$9,справочники!$H$8:$H$9,$T$14)))*$T89) -> 0 | AH94: =IF(AH$6="",0,(AH87+SUMIFS($Z92:AH92,$Z$1:AH$1,"<="&INT(AH$1/SUMIFS(справочники!$I$8:$I$9,справочники!$H$8:$H$9,$T$14))*SUMIFS(справочники!$I$8:$I$9,справочники!$H$8:$H$9,$T$14)))*$T89) -> 0 | ... BD94: =IF(BD$6="",0,(BD87+SUMIFS($Z92:BD92,$Z$1:BD$1,"<="&INT(BD$1/SUMIFS(справочники!$I$8:$I$9,справочники!$H$8:$H$9,$T$14))*SUMIFS(справочники!$I$8:$I$9,справочники!$H$8:$H$9,$T$14)))*$T89) -> 0
F95: 1
E96: CF(+) | F96: 1 | H96: =$H$21 -> Полученные проценты | M96: * | N96: %% поступившие на р/сч по Тарифу-2 | Q96: руб. | W96: =SUM($Y96:$BE96) -> 0 | AA96: =IF(AA$6="",0,AA94-AA92) -> 0 | AB96: =IF(AB$6="",0,AB94-AB92) -> 0 | AC96: =IF(AC$6="",0,AC94-AC92) -> 0 | AD96: =IF(AD$6="",0,AD94-AD92) -> 0 | AE96: =IF(AE$6="",0,AE94-AE92) -> 0 | AF96: =IF(AF$6="",0,AF94-AF92) -> 0 | AG96: =IF(AG$6="",0,AG94-AG92) -> 0 | AH96: =IF(AH$6="",0,AH94-AH92) -> 0 | ... BD96: =IF(BD$6="",0,BD94-BD92) -> 0
F97: 1
I99: =$I$23 -> Кол-во выданных займов в 1-й месяц | M99: * | N99: Тариф-3 | Q99: шт | S99: *
I101: =$I$25 -> скорость прироста мес/мес | Q101: вып.список | S101: * | U101: ^
I103: =$I$27 -> коэффициент (q) прироста | Q103: =IF(T101=справочники!$E$8,"a+qx",IF(T101=справочники!$E$9,"aq^x",IF(T101=справочники!$E$10,"a^(qx)","??"))) -> ?? | S103: *
F105: 2 | I105: ="Кол-во выданных займов по "&N99 -> Кол-во выданных займов по Тариф-3 | Q105: шт | AA105: =IF(AA$6="",0,$T99) -> 0 | AB105: =IF(AB$6="",0,IF($T101=справочники!$E$8,$T99+$T103*(AB$1-$AA$1),IF($T101=справочники!$E$9,$T99*POWER($T103,(AB$1-$AA$1)),IF($T101=справочники!$E$10,POWER($T99,$T103*(AB$1-$AA$1)),0)))) -> 0 | AC105: =IF(AC$6="",0,IF($T101=справочники!$E$8,$T99+$T103*(AC$1-$AA$1),IF($T101=справочники!$E$9,$T99*POWER($T103,(AC$1-$AA$1)),IF($T101=справочники!$E$10,POWER($T99,$T103*(AC$1-$AA$1)),0)))) -> 0 | AD105: =IF(AD$6="",0,IF($T101=справочники!$E$8,$T99+$T103*(AD$1-$AA$1),IF($T101=справочники!$E$9,$T99*POWER($T103,(AD$1-$AA$1)),IF($T101=справочники!$E$10,POWER($T99,$T103*(AD$1-$AA$1)),0)))) -> 0 | AE105: =IF(AE$6="",0,IF($T101=справочники!$E$8,$T99+$T103*(AE$1-$AA$1),IF($T101=справочники!$E$9,$T99*POWER($T103,(AE$1-$AA$1)),IF($T101=справочники!$E$10,POWER($T99,$T103*(AE$1-$AA$1)),0)))) -> 0 | AF105: =IF(AF$6="",0,IF($T101=справочники!$E$8,$T99+$T103*(AF$1-$AA$1),IF($T101=справочники!$E$9,$T99*POWER($T103,(AF$1-$AA$1)),IF($T101=справочники!$E$10,POWER($T99,$T103*(AF$1-$AA$1)),0)))) -> 0 | AG105: =IF(AG$6="",0,IF($T101=справочники!$E$8,$T99+$T103*(AG$1-$AA$1),IF($T101=справочники!$E$9,$T99*POWER($T103,(AG$1-$AA$1)),IF($T101=справочники!$E$10,POWER($T99,$T103*(AG$1-$AA$1)),0)))) -> 0 | AH105: =IF(AH$6="",0,IF($T101=справочники!$E$8,$T99+$T103*(AH$1-$AA$1),IF($T101=справочники!$E$9,$T99*POWER($T103,(AH$1-$AA$1)),IF($T101=справочники!$E$10,POWER($T99,$T103*(AH$1-$AA$1)),0)))) -> 0 | AI105: =IF(AI$6="",0,IF($T101=справочники!$E$8,$T99+$T103*(AI$1-$AA$1),IF($T101=справочники!$E$9,$T99*POWER($T103,(AI$1-$AA$1)),IF($T101=справочники!$E$10,POWER($T99,$T103*(AI$1-$AA$1)),0)))) -> 0 | ... BD105: =IF(BD$6="",0,IF($T101=справочники!$E$8,$T99+$T103*(BD$1-$AA$1),IF($T101=справочники!$E$9,$T99*POWER($T103,(BD$1-$AA$1)),IF($T101=справочники!$E$10,POWER($T99,$T103*(BD$1-$AA$1)),0)))) -> 0
I107: =$I$31 -> Средний размер займа в 1-й месяц | N107: =$N$31 -> Средний размер займа | Q107: руб. | S107: *
I109: =$I$33 -> средний процент увеличения размера займа | Q109: % | S109: *
F111: 2 | I111: =$I$35 -> AOV | N111: =N107 -> Средний размер займа | Q111: руб. | AA111: =IF(AA$6="",0,$T107) -> 0 | AB111: =IF(AB$6="",0,$T107*POWER(1+$T109,(AB$1-$AA$1))) -> 0 | AC111: =IF(AC$6="",0,$T107*POWER(1+$T109,(AC$1-$AA$1))) -> 0 | AD111: =IF(AD$6="",0,$T107*POWER(1+$T109,(AD$1-$AA$1))) -> 0 | AE111: =IF(AE$6="",0,$T107*POWER(1+$T109,(AE$1-$AA$1))) -> 0 | AF111: =IF(AF$6="",0,$T107*POWER(1+$T109,(AF$1-$AA$1))) -> 0 | AG111: =IF(AG$6="",0,$T107*POWER(1+$T109,(AG$1-$AA$1))) -> 0 | AH111: =IF(AH$6="",0,$T107*POWER(1+$T109,(AH$1-$AA$1))) -> 0 | AI111: =IF(AI$6="",0,$T107*POWER(1+$T109,(AI$1-$AA$1))) -> 0 | ... BD111: =IF(BD$6="",0,$T107*POWER(1+$T109,(BD$1-$AA$1))) -> 0
F112: 1
E113: CF(-) | F113: 2 | I113: =$I$37 -> Размер выданных займов за период | Q113: руб. | W113: =SUM($Y113:$BE113) -> 0 | AA113: =IF(AA$6="",0,AA105*AA111) -> 0 | AB113: =IF(AB$6="",0,AB105*AB111) -> 0 | AC113: =IF(AC$6="",0,AC105*AC111) -> 0 | AD113: =IF(AD$6="",0,AD105*AD111) -> 0 | AE113: =IF(AE$6="",0,AE105*AE111) -> 0 | AF113: =IF(AF$6="",0,AF105*AF111) -> 0 | AG113: =IF(AG$6="",0,AG105*AG111) -> 0 | AH113: =IF(AH$6="",0,AH105*AH111) -> 0 | ... BD113: =IF(BD$6="",0,BD105*BD111) -> 0
I115: =$I$39 -> Средний срок займа | Q115: кол-во мес | S115: *
I117: =$I$41 -> средний риск дефолта по платежам (тело&%) | Q117: % | S117: *
I119: =$I$43 -> Средний месяц дефолта | Q119: кол-во мес | S119: *
E121: CF(+) | F121: 2 | I121: =$I$45 -> Размер возвратов займов за период | Q121: руб. | W121: =SUM($Y121:$BE121) -> 0 | AA121: =IF(AA$6="",0,IF(AA$1=1,SUMIFS(113:113,$1:$1,">="&1,$1:$1,"<="&INT(-$T115))+(-$T115-INT(-$T115))*SUMIFS(113:113,$1:$1,INT(-$T115)+1),0)+(-$T115-INT(-$T115))*SUMIFS(113:113,$1:$1,AA$1+INT(-$T115)+1)+(INT(-$T115)+1+$T115)*SUMIFS(113:113,$1:$1,AA$1+INT(-$T115)))*(1-$T117) -> 0 | AB121: =IF(AB$6="",0,IF(AB$1=1,SUMIFS(113:113,$1:$1,">="&1,$1:$1,"<="&INT(-$T115))+(-$T115-INT(-$T115))*SUMIFS(113:113,$1:$1,INT(-$T115)+1),0)+(-$T115-INT(-$T115))*SUMIFS(113:113,$1:$1,AB$1+INT(-$T115)+1)+(INT(-$T115)+1+$T115)*SUMIFS(113:113,$1:$1,AB$1+INT(-$T115)))*(1-$T117) -> 0 | AC121: =IF(AC$6="",0,IF(AC$1=1,SUMIFS(113:113,$1:$1,">="&1,$1:$1,"<="&INT(-$T115))+(-$T115-INT(-$T115))*SUMIFS(113:113,$1:$1,INT(-$T115)+1),0)+(-$T115-INT(-$T115))*SUMIFS(113:113,$1:$1,AC$1+INT(-$T115)+1)+(INT(-$T115)+1+$T115)*SUMIFS(113:113,$1:$1,AC$1+INT(-$T115)))*(1-$T117) -> 0 | AD121: =IF(AD$6="",0,IF(AD$1=1,SUMIFS(113:113,$1:$1,">="&1,$1:$1,"<="&INT(-$T115))+(-$T115-INT(-$T115))*SUMIFS(113:113,$1:$1,INT(-$T115)+1),0)+(-$T115-INT(-$T115))*SUMIFS(113:113,$1:$1,AD$1+INT(-$T115)+1)+(INT(-$T115)+1+$T115)*SUMIFS(113:113,$1:$1,AD$1+INT(-$T115)))*(1-$T117) -> 0 | AE121: =IF(AE$6="",0,IF(AE$1=1,SUMIFS(113:113,$1:$1,">="&1,$1:$1,"<="&INT(-$T115))+(-$T115-INT(-$T115))*SUMIFS(113:113,$1:$1,INT(-$T115)+1),0)+(-$T115-INT(-$T115))*SUMIFS(113:113,$1:$1,AE$1+INT(-$T115)+1)+(INT(-$T115)+1+$T115)*SUMIFS(113:113,$1:$1,AE$1+INT(-$T115)))*(1-$T117) -> 0 | AF121: =IF(AF$6="",0,IF(AF$1=1,SUMIFS(113:113,$1:$1,">="&1,$1:$1,"<="&INT(-$T115))+(-$T115-INT(-$T115))*SUMIFS(113:113,$1:$1,INT(-$T115)+1),0)+(-$T115-INT(-$T115))*SUMIFS(113:113,$1:$1,AF$1+INT(-$T115)+1)+(INT(-$T115)+1+$T115)*SUMIFS(113:113,$1:$1,AF$1+INT(-$T115)))*(1-$T117) -> 0 | AG121: =IF(AG$6="",0,IF(AG$1=1,SUMIFS(113:113,$1:$1,">="&1,$1:$1,"<="&INT(-$T115))+(-$T115-INT(-$T115))*SUMIFS(113:113,$1:$1,INT(-$T115)+1),0)+(-$T115-INT(-$T115))*SUMIFS(113:113,$1:$1,AG$1+INT(-$T115)+1)+(INT(-$T115)+1+$T115)*SUMIFS(113:113,$1:$1,AG$1+INT(-$T115)))*(1-$T117) -> 0 | AH121: =IF(AH$6="",0,IF(AH$1=1,SUMIFS(113:113,$1:$1,">="&1,$1:$1,"<="&INT(-$T115))+(-$T115-INT(-$T115))*SUMIFS(113:113,$1:$1,INT(-$T115)+1),0)+(-$T115-INT(-$T115))*SUMIFS(113:113,$1:$1,AH$1+INT(-$T115)+1)+(INT(-$T115)+1+$T115)*SUMIFS(113:113,$1:$1,AH$1+INT(-$T115)))*(1-$T117) -> 0 | ... BD121: =IF(BD$6="",0,IF(BD$1=1,SUMIFS(113:113,$1:$1,">="&1,$1:$1,"<="&INT(-$T115))+(-$T115-INT(-$T115))*SUMIFS(113:113,$1:$1,INT(-$T115)+1),0)+(-$T115-INT(-$T115))*SUMIFS(113:113,$1:$1,BD$1+INT(-$T115)+1)+(INT(-$T115)+1+$T115)*SUMIFS(113:113,$1:$1,BD$1+INT(-$T115)))*(1-$T117) -> 0
E123: PL(-) | F123: 2 | I123: =$I$47 -> Дефолты по телу займов / фондирование | Q123: руб. | W123: =SUM($Y123:$BE123) -> 0 | AA123: =IF(AA$6="",0,IF(AA$1=1,SUMIFS(113:113,$1:$1,">="&1,$1:$1,"<="&INT(-$T115))+(-$T115-INT(-$T115))*SUMIFS(113:113,$1:$1,INT(-$T115)+1),0)+(-$T115-INT(-$T115))*SUMIFS(113:113,$1:$1,AA$1+INT(-$T115)+1)+(INT(-$T115)+1+$T115)*SUMIFS(113:113,$1:$1,AA$1+INT(-$T115)))*$T117 -> 0 | AB123: =IF(AB$6="",0,IF(AB$1=1,SUMIFS(113:113,$1:$1,">="&1,$1:$1,"<="&INT(-$T115))+(-$T115-INT(-$T115))*SUMIFS(113:113,$1:$1,INT(-$T115)+1),0)+(-$T115-INT(-$T115))*SUMIFS(113:113,$1:$1,AB$1+INT(-$T115)+1)+(INT(-$T115)+1+$T115)*SUMIFS(113:113,$1:$1,AB$1+INT(-$T115)))*$T117 -> 0 | AC123: =IF(AC$6="",0,IF(AC$1=1,SUMIFS(113:113,$1:$1,">="&1,$1:$1,"<="&INT(-$T115))+(-$T115-INT(-$T115))*SUMIFS(113:113,$1:$1,INT(-$T115)+1),0)+(-$T115-INT(-$T115))*SUMIFS(113:113,$1:$1,AC$1+INT(-$T115)+1)+(INT(-$T115)+1+$T115)*SUMIFS(113:113,$1:$1,AC$1+INT(-$T115)))*$T117 -> 0 | AD123: =IF(AD$6="",0,IF(AD$1=1,SUMIFS(113:113,$1:$1,">="&1,$1:$1,"<="&INT(-$T115))+(-$T115-INT(-$T115))*SUMIFS(113:113,$1:$1,INT(-$T115)+1),0)+(-$T115-INT(-$T115))*SUMIFS(113:113,$1:$1,AD$1+INT(-$T115)+1)+(INT(-$T115)+1+$T115)*SUMIFS(113:113,$1:$1,AD$1+INT(-$T115)))*$T117 -> 0 | AE123: =IF(AE$6="",0,IF(AE$1=1,SUMIFS(113:113,$1:$1,">="&1,$1:$1,"<="&INT(-$T115))+(-$T115-INT(-$T115))*SUMIFS(113:113,$1:$1,INT(-$T115)+1),0)+(-$T115-INT(-$T115))*SUMIFS(113:113,$1:$1,AE$1+INT(-$T115)+1)+(INT(-$T115)+1+$T115)*SUMIFS(113:113,$1:$1,AE$1+INT(-$T115)))*$T117 -> 0 | AF123: =IF(AF$6="",0,IF(AF$1=1,SUMIFS(113:113,$1:$1,">="&1,$1:$1,"<="&INT(-$T115))+(-$T115-INT(-$T115))*SUMIFS(113:113,$1:$1,INT(-$T115)+1),0)+(-$T115-INT(-$T115))*SUMIFS(113:113,$1:$1,AF$1+INT(-$T115)+1)+(INT(-$T115)+1+$T115)*SUMIFS(113:113,$1:$1,AF$1+INT(-$T115)))*$T117 -> 0 | AG123: =IF(AG$6="",0,IF(AG$1=1,SUMIFS(113:113,$1:$1,">="&1,$1:$1,"<="&INT(-$T115))+(-$T115-INT(-$T115))*SUMIFS(113:113,$1:$1,INT(-$T115)+1),0)+(-$T115-INT(-$T115))*SUMIFS(113:113,$1:$1,AG$1+INT(-$T115)+1)+(INT(-$T115)+1+$T115)*SUMIFS(113:113,$1:$1,AG$1+INT(-$T115)))*$T117 -> 0 | AH123: =IF(AH$6="",0,IF(AH$1=1,SUMIFS(113:113,$1:$1,">="&1,$1:$1,"<="&INT(-$T115))+(-$T115-INT(-$T115))*SUMIFS(113:113,$1:$1,INT(-$T115)+1),0)+(-$T115-INT(-$T115))*SUMIFS(113:113,$1:$1,AH$1+INT(-$T115)+1)+(INT(-$T115)+1+$T115)*SUMIFS(113:113,$1:$1,AH$1+INT(-$T115)))*$T117 -> 0 | ... BD123: =IF(BD$6="",0,IF(BD$1=1,SUMIFS(113:113,$1:$1,">="&1,$1:$1,"<="&INT(-$T115))+(-$T115-INT(-$T115))*SUMIFS(113:113,$1:$1,INT(-$T115)+1),0)+(-$T115-INT(-$T115))*SUMIFS(113:113,$1:$1,BD$1+INT(-$T115)+1)+(INT(-$T115)+1+$T115)*SUMIFS(113:113,$1:$1,BD$1+INT(-$T115)))*$T117 -> 0
E125: ДЗ | F125: 2 | I125: =$I$49 -> Размер выданных займов на начало периода | Q125: руб. | AA125: =IF(AA$6="",0,Z125-Z121+AA113) -> 0 | AB125: =IF(AB$6="",0,AA125-AA121+AB113) -> 0 | AC125: =IF(AC$6="",0,AB125-AB121+AC113) -> 0 | AD125: =IF(AD$6="",0,AC125-AC121+AD113) -> 0 | AE125: =IF(AE$6="",0,AD125-AD121+AE113) -> 0 | AF125: =IF(AF$6="",0,AE125-AE121+AF113) -> 0 | AG125: =IF(AG$6="",0,AF125-AF121+AG113) -> 0 | AH125: =IF(AH$6="",0,AG125-AG121+AH113) -> 0 | ... BD125: =IF(BD$6="",0,BC125-BC121+BD113) -> 0
I127: =$I$51 -> средняя ставка по займу в месяц | Q127: % | S127: *
F129: 2 | I129: =$I$53 -> техрасчеты | Q129: руб. | AA129: =IF(AA$6="",0,IF(AA$1=1,SUMIFS(113:113,$1:$1,">="&1,$1:$1,"<="&INT(-$T119))+(-$T119-INT(-$T119))*SUMIFS(113:113,$1:$1,INT(-$T119)+1),0)+(-$T119-INT(-$T119))*SUMIFS(113:113,$1:$1,AA$1+INT(-$T119)+1)+(INT(-$T119)+1+$T119)*SUMIFS(113:113,$1:$1,AA$1+INT(-$T119)))*$T117*$T127 -> 0 | AB129: =IF(AB$6="",0,IF(AB$1=1,SUMIFS(113:113,$1:$1,">="&1,$1:$1,"<="&INT(-$T119))+(-$T119-INT(-$T119))*SUMIFS(113:113,$1:$1,INT(-$T119)+1),0)+(-$T119-INT(-$T119))*SUMIFS(113:113,$1:$1,AB$1+INT(-$T119)+1)+(INT(-$T119)+1+$T119)*SUMIFS(113:113,$1:$1,AB$1+INT(-$T119)))*$T117*$T127 -> 0 | AC129: =IF(AC$6="",0,IF(AC$1=1,SUMIFS(113:113,$1:$1,">="&1,$1:$1,"<="&INT(-$T119))+(-$T119-INT(-$T119))*SUMIFS(113:113,$1:$1,INT(-$T119)+1),0)+(-$T119-INT(-$T119))*SUMIFS(113:113,$1:$1,AC$1+INT(-$T119)+1)+(INT(-$T119)+1+$T119)*SUMIFS(113:113,$1:$1,AC$1+INT(-$T119)))*$T117*$T127 -> 0 | AD129: =IF(AD$6="",0,IF(AD$1=1,SUMIFS(113:113,$1:$1,">="&1,$1:$1,"<="&INT(-$T119))+(-$T119-INT(-$T119))*SUMIFS(113:113,$1:$1,INT(-$T119)+1),0)+(-$T119-INT(-$T119))*SUMIFS(113:113,$1:$1,AD$1+INT(-$T119)+1)+(INT(-$T119)+1+$T119)*SUMIFS(113:113,$1:$1,AD$1+INT(-$T119)))*$T117*$T127 -> 0 | AE129: =IF(AE$6="",0,IF(AE$1=1,SUMIFS(113:113,$1:$1,">="&1,$1:$1,"<="&INT(-$T119))+(-$T119-INT(-$T119))*SUMIFS(113:113,$1:$1,INT(-$T119)+1),0)+(-$T119-INT(-$T119))*SUMIFS(113:113,$1:$1,AE$1+INT(-$T119)+1)+(INT(-$T119)+1+$T119)*SUMIFS(113:113,$1:$1,AE$1+INT(-$T119)))*$T117*$T127 -> 0 | AF129: =IF(AF$6="",0,IF(AF$1=1,SUMIFS(113:113,$1:$1,">="&1,$1:$1,"<="&INT(-$T119))+(-$T119-INT(-$T119))*SUMIFS(113:113,$1:$1,INT(-$T119)+1),0)+(-$T119-INT(-$T119))*SUMIFS(113:113,$1:$1,AF$1+INT(-$T119)+1)+(INT(-$T119)+1+$T119)*SUMIFS(113:113,$1:$1,AF$1+INT(-$T119)))*$T117*$T127 -> 0 | AG129: =IF(AG$6="",0,IF(AG$1=1,SUMIFS(113:113,$1:$1,">="&1,$1:$1,"<="&INT(-$T119))+(-$T119-INT(-$T119))*SUMIFS(113:113,$1:$1,INT(-$T119)+1),0)+(-$T119-INT(-$T119))*SUMIFS(113:113,$1:$1,AG$1+INT(-$T119)+1)+(INT(-$T119)+1+$T119)*SUMIFS(113:113,$1:$1,AG$1+INT(-$T119)))*$T117*$T127 -> 0 | AH129: =IF(AH$6="",0,IF(AH$1=1,SUMIFS(113:113,$1:$1,">="&1,$1:$1,"<="&INT(-$T119))+(-$T119-INT(-$T119))*SUMIFS(113:113,$1:$1,INT(-$T119)+1),0)+(-$T119-INT(-$T119))*SUMIFS(113:113,$1:$1,AH$1+INT(-$T119)+1)+(INT(-$T119)+1+$T119)*SUMIFS(113:113,$1:$1,AH$1+INT(-$T119)))*$T117*$T127 -> 0 | ... BD129: =IF(BD$6="",0,IF(BD$1=1,SUMIFS(113:113,$1:$1,">="&1,$1:$1,"<="&INT(-$T119))+(-$T119-INT(-$T119))*SUMIFS(113:113,$1:$1,INT(-$T119)+1),0)+(-$T119-INT(-$T119))*SUMIFS(113:113,$1:$1,BD$1+INT(-$T119)+1)+(INT(-$T119)+1+$T119)*SUMIFS(113:113,$1:$1,BD$1+INT(-$T119)))*$T117*$T127 -> 0
E130: PL(-) | F130: 2 | I130: =$I$54 -> Дефолты по %% / фондирование | Q130: руб. | W130: =SUM($Y130:$BE130) -> 0 | AA130: =IF(AA$6="",0,Z130+AA129) -> 0 | AB130: =IF(AB$6="",0,AA130+AB129) -> 0 | AC130: =IF(AC$6="",0,AB130+AC129) -> 0 | AD130: =IF(AD$6="",0,AC130+AD129) -> 0 | AE130: =IF(AE$6="",0,AD130+AE129) -> 0 | AF130: =IF(AF$6="",0,AE130+AF129) -> 0 | AG130: =IF(AG$6="",0,AF130+AG129) -> 0 | AH130: =IF(AH$6="",0,AG130+AH129) -> 0 | ... BD130: =IF(BD$6="",0,BC130+BD129) -> 0
E132: PL(+) | F132: 1 | H132: =$H$17 -> Процентный доход | M132: * | N132: Начисленные %% по Тарифу-3 | Q132: руб. | W132: =SUM($Y132:$BE132) -> 0 | AA132: =IF(AA$6="",0,(AA125+SUMIFS($Z130:AA130,$Z$1:AA$1,"<="&INT(AA$1/SUMIFS(справочники!$I$8:$I$9,справочники!$H$8:$H$9,$T$14))*SUMIFS(справочники!$I$8:$I$9,справочники!$H$8:$H$9,$T$14)))*$T127) -> 0 | AB132: =IF(AB$6="",0,(AB125+SUMIFS($Z130:AB130,$Z$1:AB$1,"<="&INT(AB$1/SUMIFS(справочники!$I$8:$I$9,справочники!$H$8:$H$9,$T$14))*SUMIFS(справочники!$I$8:$I$9,справочники!$H$8:$H$9,$T$14)))*$T127) -> 0 | AC132: =IF(AC$6="",0,(AC125+SUMIFS($Z130:AC130,$Z$1:AC$1,"<="&INT(AC$1/SUMIFS(справочники!$I$8:$I$9,справочники!$H$8:$H$9,$T$14))*SUMIFS(справочники!$I$8:$I$9,справочники!$H$8:$H$9,$T$14)))*$T127) -> 0 | AD132: =IF(AD$6="",0,(AD125+SUMIFS($Z130:AD130,$Z$1:AD$1,"<="&INT(AD$1/SUMIFS(справочники!$I$8:$I$9,справочники!$H$8:$H$9,$T$14))*SUMIFS(справочники!$I$8:$I$9,справочники!$H$8:$H$9,$T$14)))*$T127) -> 0 | AE132: =IF(AE$6="",0,(AE125+SUMIFS($Z130:AE130,$Z$1:AE$1,"<="&INT(AE$1/SUMIFS(справочники!$I$8:$I$9,справочники!$H$8:$H$9,$T$14))*SUMIFS(справочники!$I$8:$I$9,справочники!$H$8:$H$9,$T$14)))*$T127) -> 0 | AF132: =IF(AF$6="",0,(AF125+SUMIFS($Z130:AF130,$Z$1:AF$1,"<="&INT(AF$1/SUMIFS(справочники!$I$8:$I$9,справочники!$H$8:$H$9,$T$14))*SUMIFS(справочники!$I$8:$I$9,справочники!$H$8:$H$9,$T$14)))*$T127) -> 0 | AG132: =IF(AG$6="",0,(AG125+SUMIFS($Z130:AG130,$Z$1:AG$1,"<="&INT(AG$1/SUMIFS(справочники!$I$8:$I$9,справочники!$H$8:$H$9,$T$14))*SUMIFS(справочники!$I$8:$I$9,справочники!$H$8:$H$9,$T$14)))*$T127) -> 0 | AH132: =IF(AH$6="",0,(AH125+SUMIFS($Z130:AH130,$Z$1:AH$1,"<="&INT(AH$1/SUMIFS(справочники!$I$8:$I$9,справочники!$H$8:$H$9,$T$14))*SUMIFS(справочники!$I$8:$I$9,справочники!$H$8:$H$9,$T$14)))*$T127) -> 0 | ... BD132: =IF(BD$6="",0,(BD125+SUMIFS($Z130:BD130,$Z$1:BD$1,"<="&INT(BD$1/SUMIFS(справочники!$I$8:$I$9,справочники!$H$8:$H$9,$T$14))*SUMIFS(справочники!$I$8:$I$9,справочники!$H$8:$H$9,$T$14)))*$T127) -> 0
F133: 1
E134: CF(+) | F134: 1 | H134: =$H$21 -> Полученные проценты | M134: * | N134: %% поступившие на р/сч по Тарифу-3 | Q134: руб. | W134: =SUM($Y134:$BE134) -> 0 | AA134: =IF(AA$6="",0,AA132-AA130) -> 0 | AB134: =IF(AB$6="",0,AB132-AB130) -> 0 | AC134: =IF(AC$6="",0,AC132-AC130) -> 0 | AD134: =IF(AD$6="",0,AD132-AD130) -> 0 | AE134: =IF(AE$6="",0,AE132-AE130) -> 0 | AF134: =IF(AF$6="",0,AF132-AF130) -> 0 | AG134: =IF(AG$6="",0,AG132-AG130) -> 0 | AH134: =IF(AH$6="",0,AH132-AH130) -> 0 | ... BD134: =IF(BD$6="",0,BD132-BD130) -> 0
F135: 1
G137: * | I137: Кол-во выданных займов в 1-й месяц | M137: * | N137: Тариф-4 | Q137: шт | S137: *
G139: * | I139: скорость прироста мес/мес | Q139: вып.список | S139: * | U139: ^
G141: * | I141: коэффициент (q) прироста | Q141: =IF(T139=справочники!$E$8,"a+qx",IF(T139=справочники!$E$9,"aq^x",IF(T139=справочники!$E$10,"a^(qx)","??"))) -> ?? | S141: *
F143: 2 | G143: * | I143: ="Кол-во выданных займов по "&N137 -> Кол-во выданных займов по Тариф-4 | Q143: шт | AA143: =IF(AA$6="",0,$T137) -> 0 | AB143: =IF(AB$6="",0,IF($T139=справочники!$E$8,$T137+$T141*(AB$1-$AA$1),IF($T139=справочники!$E$9,$T137*POWER($T141,(AB$1-$AA$1)),IF($T139=справочники!$E$10,POWER($T137,$T141*(AB$1-$AA$1)),0)))) -> 0 | AC143: =IF(AC$6="",0,IF($T139=справочники!$E$8,$T137+$T141*(AC$1-$AA$1),IF($T139=справочники!$E$9,$T137*POWER($T141,(AC$1-$AA$1)),IF($T139=справочники!$E$10,POWER($T137,$T141*(AC$1-$AA$1)),0)))) -> 0 | AD143: =IF(AD$6="",0,IF($T139=справочники!$E$8,$T137+$T141*(AD$1-$AA$1),IF($T139=справочники!$E$9,$T137*POWER($T141,(AD$1-$AA$1)),IF($T139=справочники!$E$10,POWER($T137,$T141*(AD$1-$AA$1)),0)))) -> 0 | AE143: =IF(AE$6="",0,IF($T139=справочники!$E$8,$T137+$T141*(AE$1-$AA$1),IF($T139=справочники!$E$9,$T137*POWER($T141,(AE$1-$AA$1)),IF($T139=справочники!$E$10,POWER($T137,$T141*(AE$1-$AA$1)),0)))) -> 0 | AF143: =IF(AF$6="",0,IF($T139=справочники!$E$8,$T137+$T141*(AF$1-$AA$1),IF($T139=справочники!$E$9,$T137*POWER($T141,(AF$1-$AA$1)),IF($T139=справочники!$E$10,POWER($T137,$T141*(AF$1-$AA$1)),0)))) -> 0 | AG143: =IF(AG$6="",0,IF($T139=справочники!$E$8,$T137+$T141*(AG$1-$AA$1),IF($T139=справочники!$E$9,$T137*POWER($T141,(AG$1-$AA$1)),IF($T139=справочники!$E$10,POWER($T137,$T141*(AG$1-$AA$1)),0)))) -> 0 | AH143: =IF(AH$6="",0,IF($T139=справочники!$E$8,$T137+$T141*(AH$1-$AA$1),IF($T139=справочники!$E$9,$T137*POWER($T141,(AH$1-$AA$1)),IF($T139=справочники!$E$10,POWER($T137,$T141*(AH$1-$AA$1)),0)))) -> 0 | AI143: =IF(AI$6="",0,IF($T139=справочники!$E$8,$T137+$T141*(AI$1-$AA$1),IF($T139=справочники!$E$9,$T137*POWER($T141,(AI$1-$AA$1)),IF($T139=справочники!$E$10,POWER($T137,$T141*(AI$1-$AA$1)),0)))) -> 0 | ... BD143: =IF(BD$6="",0,IF($T139=справочники!$E$8,$T137+$T141*(BD$1-$AA$1),IF($T139=справочники!$E$9,$T137*POWER($T141,(BD$1-$AA$1)),IF($T139=справочники!$E$10,POWER($T137,$T141*(BD$1-$AA$1)),0)))) -> 0
G145: * | I145: Средний размер займа в 1-й месяц | M145: * | N145: Средний размер займа | Q145: руб. | S145: *
G147: * | I147: средний процент увеличения размера займа | Q147: % | S147: *
F149: 2 | G149: * | I149: AOV | N149: =N145 -> Средний размер займа | Q149: руб. | AA149: =IF(AA$6="",0,$T145) -> 0 | AB149: =IF(AB$6="",0,$T145*POWER(1+$T147,(AB$1-$AA$1))) -> 0 | AC149: =IF(AC$6="",0,$T145*POWER(1+$T147,(AC$1-$AA$1))) -> 0 | AD149: =IF(AD$6="",0,$T145*POWER(1+$T147,(AD$1-$AA$1))) -> 0 | AE149: =IF(AE$6="",0,$T145*POWER(1+$T147,(AE$1-$AA$1))) -> 0 | AF149: =IF(AF$6="",0,$T145*POWER(1+$T147,(AF$1-$AA$1))) -> 0 | AG149: =IF(AG$6="",0,$T145*POWER(1+$T147,(AG$1-$AA$1))) -> 0 | AH149: =IF(AH$6="",0,$T145*POWER(1+$T147,(AH$1-$AA$1))) -> 0 | AI149: =IF(AI$6="",0,$T145*POWER(1+$T147,(AI$1-$AA$1))) -> 0 | ... BD149: =IF(BD$6="",0,$T145*POWER(1+$T147,(BD$1-$AA$1))) -> 0
F150: 1
E151: CF(-) | F151: 2 | G151: * | I151: Размер выданных займов за период | Q151: руб. | W151: =SUM($Y151:$BE151) -> 0 | AA151: =IF(AA$6="",0,AA143*AA149) -> 0 | AB151: =IF(AB$6="",0,AB143*AB149) -> 0 | AC151: =IF(AC$6="",0,AC143*AC149) -> 0 | AD151: =IF(AD$6="",0,AD143*AD149) -> 0 | AE151: =IF(AE$6="",0,AE143*AE149) -> 0 | AF151: =IF(AF$6="",0,AF143*AF149) -> 0 | AG151: =IF(AG$6="",0,AG143*AG149) -> 0 | AH151: =IF(AH$6="",0,AH143*AH149) -> 0 | ... BD151: =IF(BD$6="",0,BD143*BD149) -> 0
G153: * | I153: Средний срок займа | Q153: кол-во мес | S153: *
G155: * | I155: средний риск дефолта по платежам (тело&%) | Q155: % | S155: *
G157: * | I157: Средний месяц дефолта | Q157: кол-во мес | S157: *
E159: CF(+) | F159: 2 | G159: * | I159: Размер возвратов займов за период | Q159: руб. | W159: =SUM($Y159:$BE159) -> 0 | AA159: =IF(AA$6="",0,IF(AA$1=1,SUMIFS(151:151,$1:$1,">="&1,$1:$1,"<="&INT(-$T153))+(-$T153-INT(-$T153))*SUMIFS(151:151,$1:$1,INT(-$T153)+1),0)+(-$T153-INT(-$T153))*SUMIFS(151:151,$1:$1,AA$1+INT(-$T153)+1)+(INT(-$T153)+1+$T153)*SUMIFS(151:151,$1:$1,AA$1+INT(-$T153)))*(1-$T155) -> 0 | AB159: =IF(AB$6="",0,IF(AB$1=1,SUMIFS(151:151,$1:$1,">="&1,$1:$1,"<="&INT(-$T153))+(-$T153-INT(-$T153))*SUMIFS(151:151,$1:$1,INT(-$T153)+1),0)+(-$T153-INT(-$T153))*SUMIFS(151:151,$1:$1,AB$1+INT(-$T153)+1)+(INT(-$T153)+1+$T153)*SUMIFS(151:151,$1:$1,AB$1+INT(-$T153)))*(1-$T155) -> 0 | AC159: =IF(AC$6="",0,IF(AC$1=1,SUMIFS(151:151,$1:$1,">="&1,$1:$1,"<="&INT(-$T153))+(-$T153-INT(-$T153))*SUMIFS(151:151,$1:$1,INT(-$T153)+1),0)+(-$T153-INT(-$T153))*SUMIFS(151:151,$1:$1,AC$1+INT(-$T153)+1)+(INT(-$T153)+1+$T153)*SUMIFS(151:151,$1:$1,AC$1+INT(-$T153)))*(1-$T155) -> 0 | AD159: =IF(AD$6="",0,IF(AD$1=1,SUMIFS(151:151,$1:$1,">="&1,$1:$1,"<="&INT(-$T153))+(-$T153-INT(-$T153))*SUMIFS(151:151,$1:$1,INT(-$T153)+1),0)+(-$T153-INT(-$T153))*SUMIFS(151:151,$1:$1,AD$1+INT(-$T153)+1)+(INT(-$T153)+1+$T153)*SUMIFS(151:151,$1:$1,AD$1+INT(-$T153)))*(1-$T155) -> 0 | AE159: =IF(AE$6="",0,IF(AE$1=1,SUMIFS(151:151,$1:$1,">="&1,$1:$1,"<="&INT(-$T153))+(-$T153-INT(-$T153))*SUMIFS(151:151,$1:$1,INT(-$T153)+1),0)+(-$T153-INT(-$T153))*SUMIFS(151:151,$1:$1,AE$1+INT(-$T153)+1)+(INT(-$T153)+1+$T153)*SUMIFS(151:151,$1:$1,AE$1+INT(-$T153)))*(1-$T155) -> 0 | AF159: =IF(AF$6="",0,IF(AF$1=1,SUMIFS(151:151,$1:$1,">="&1,$1:$1,"<="&INT(-$T153))+(-$T153-INT(-$T153))*SUMIFS(151:151,$1:$1,INT(-$T153)+1),0)+(-$T153-INT(-$T153))*SUMIFS(151:151,$1:$1,AF$1+INT(-$T153)+1)+(INT(-$T153)+1+$T153)*SUMIFS(151:151,$1:$1,AF$1+INT(-$T153)))*(1-$T155) -> 0 | AG159: =IF(AG$6="",0,IF(AG$1=1,SUMIFS(151:151,$1:$1,">="&1,$1:$1,"<="&INT(-$T153))+(-$T153-INT(-$T153))*SUMIFS(151:151,$1:$1,INT(-$T153)+1),0)+(-$T153-INT(-$T153))*SUMIFS(151:151,$1:$1,AG$1+INT(-$T153)+1)+(INT(-$T153)+1+$T153)*SUMIFS(151:151,$1:$1,AG$1+INT(-$T153)))*(1-$T155) -> 0 | AH159: =IF(AH$6="",0,IF(AH$1=1,SUMIFS(151:151,$1:$1,">="&1,$1:$1,"<="&INT(-$T153))+(-$T153-INT(-$T153))*SUMIFS(151:151,$1:$1,INT(-$T153)+1),0)+(-$T153-INT(-$T153))*SUMIFS(151:151,$1:$1,AH$1+INT(-$T153)+1)+(INT(-$T153)+1+$T153)*SUMIFS(151:151,$1:$1,AH$1+INT(-$T153)))*(1-$T155) -> 0 | ... BD159: =IF(BD$6="",0,IF(BD$1=1,SUMIFS(151:151,$1:$1,">="&1,$1:$1,"<="&INT(-$T153))+(-$T153-INT(-$T153))*SUMIFS(151:151,$1:$1,INT(-$T153)+1),0)+(-$T153-INT(-$T153))*SUMIFS(151:151,$1:$1,BD$1+INT(-$T153)+1)+(INT(-$T153)+1+$T153)*SUMIFS(151:151,$1:$1,BD$1+INT(-$T153)))*(1-$T155) -> 0
E161: PL(-) | F161: 2 | G161: * | I161: Дефолты по телу займов / фондирование | Q161: руб. | W161: =SUM($Y161:$BE161) -> 0 | AA161: =IF(AA$6="",0,IF(AA$1=1,SUMIFS(151:151,$1:$1,">="&1,$1:$1,"<="&INT(-$T153))+(-$T153-INT(-$T153))*SUMIFS(151:151,$1:$1,INT(-$T153)+1),0)+(-$T153-INT(-$T153))*SUMIFS(151:151,$1:$1,AA$1+INT(-$T153)+1)+(INT(-$T153)+1+$T153)*SUMIFS(151:151,$1:$1,AA$1+INT(-$T153)))*$T155 -> 0 | AB161: =IF(AB$6="",0,IF(AB$1=1,SUMIFS(151:151,$1:$1,">="&1,$1:$1,"<="&INT(-$T153))+(-$T153-INT(-$T153))*SUMIFS(151:151,$1:$1,INT(-$T153)+1),0)+(-$T153-INT(-$T153))*SUMIFS(151:151,$1:$1,AB$1+INT(-$T153)+1)+(INT(-$T153)+1+$T153)*SUMIFS(151:151,$1:$1,AB$1+INT(-$T153)))*$T155 -> 0 | AC161: =IF(AC$6="",0,IF(AC$1=1,SUMIFS(151:151,$1:$1,">="&1,$1:$1,"<="&INT(-$T153))+(-$T153-INT(-$T153))*SUMIFS(151:151,$1:$1,INT(-$T153)+1),0)+(-$T153-INT(-$T153))*SUMIFS(151:151,$1:$1,AC$1+INT(-$T153)+1)+(INT(-$T153)+1+$T153)*SUMIFS(151:151,$1:$1,AC$1+INT(-$T153)))*$T155 -> 0 | AD161: =IF(AD$6="",0,IF(AD$1=1,SUMIFS(151:151,$1:$1,">="&1,$1:$1,"<="&INT(-$T153))+(-$T153-INT(-$T153))*SUMIFS(151:151,$1:$1,INT(-$T153)+1),0)+(-$T153-INT(-$T153))*SUMIFS(151:151,$1:$1,AD$1+INT(-$T153)+1)+(INT(-$T153)+1+$T153)*SUMIFS(151:151,$1:$1,AD$1+INT(-$T153)))*$T155 -> 0 | AE161: =IF(AE$6="",0,IF(AE$1=1,SUMIFS(151:151,$1:$1,">="&1,$1:$1,"<="&INT(-$T153))+(-$T153-INT(-$T153))*SUMIFS(151:151,$1:$1,INT(-$T153)+1),0)+(-$T153-INT(-$T153))*SUMIFS(151:151,$1:$1,AE$1+INT(-$T153)+1)+(INT(-$T153)+1+$T153)*SUMIFS(151:151,$1:$1,AE$1+INT(-$T153)))*$T155 -> 0 | AF161: =IF(AF$6="",0,IF(AF$1=1,SUMIFS(151:151,$1:$1,">="&1,$1:$1,"<="&INT(-$T153))+(-$T153-INT(-$T153))*SUMIFS(151:151,$1:$1,INT(-$T153)+1),0)+(-$T153-INT(-$T153))*SUMIFS(151:151,$1:$1,AF$1+INT(-$T153)+1)+(INT(-$T153)+1+$T153)*SUMIFS(151:151,$1:$1,AF$1+INT(-$T153)))*$T155 -> 0 | AG161: =IF(AG$6="",0,IF(AG$1=1,SUMIFS(151:151,$1:$1,">="&1,$1:$1,"<="&INT(-$T153))+(-$T153-INT(-$T153))*SUMIFS(151:151,$1:$1,INT(-$T153)+1),0)+(-$T153-INT(-$T153))*SUMIFS(151:151,$1:$1,AG$1+INT(-$T153)+1)+(INT(-$T153)+1+$T153)*SUMIFS(151:151,$1:$1,AG$1+INT(-$T153)))*$T155 -> 0 | AH161: =IF(AH$6="",0,IF(AH$1=1,SUMIFS(151:151,$1:$1,">="&1,$1:$1,"<="&INT(-$T153))+(-$T153-INT(-$T153))*SUMIFS(151:151,$1:$1,INT(-$T153)+1),0)+(-$T153-INT(-$T153))*SUMIFS(151:151,$1:$1,AH$1+INT(-$T153)+1)+(INT(-$T153)+1+$T153)*SUMIFS(151:151,$1:$1,AH$1+INT(-$T153)))*$T155 -> 0 | ... BD161: =IF(BD$6="",0,IF(BD$1=1,SUMIFS(151:151,$1:$1,">="&1,$1:$1,"<="&INT(-$T153))+(-$T153-INT(-$T153))*SUMIFS(151:151,$1:$1,INT(-$T153)+1),0)+(-$T153-INT(-$T153))*SUMIFS(151:151,$1:$1,BD$1+INT(-$T153)+1)+(INT(-$T153)+1+$T153)*SUMIFS(151:151,$1:$1,BD$1+INT(-$T153)))*$T155 -> 0
E163: ДЗ | F163: 2 | G163: * | I163: Размер выданных займов на начало периода | Q163: руб. | AA163: =IF(AA$6="",0,Z163-Z159+AA151) -> 0 | AB163: =IF(AB$6="",0,AA163-AA159+AB151) -> 0 | AC163: =IF(AC$6="",0,AB163-AB159+AC151) -> 0 | AD163: =IF(AD$6="",0,AC163-AC159+AD151) -> 0 | AE163: =IF(AE$6="",0,AD163-AD159+AE151) -> 0 | AF163: =IF(AF$6="",0,AE163-AE159+AF151) -> 0 | AG163: =IF(AG$6="",0,AF163-AF159+AG151) -> 0 | AH163: =IF(AH$6="",0,AG163-AG159+AH151) -> 0 | ... BD163: =IF(BD$6="",0,BC163-BC159+BD151) -> 0
G165: * | I165: средняя ставка по займу в месяц | Q165: % | S165: *
F167: 2 | I167: техрасчеты | Q167: руб. | AA167: =IF(AA$6="",0,IF(AA$1=1,SUMIFS(151:151,$1:$1,">="&1,$1:$1,"<="&INT(-$T157))+(-$T157-INT(-$T157))*SUMIFS(151:151,$1:$1,INT(-$T157)+1),0)+(-$T157-INT(-$T157))*SUMIFS(151:151,$1:$1,AA$1+INT(-$T157)+1)+(INT(-$T157)+1+$T157)*SUMIFS(151:151,$1:$1,AA$1+INT(-$T157)))*$T155*$T165 -> 0 | AB167: =IF(AB$6="",0,IF(AB$1=1,SUMIFS(151:151,$1:$1,">="&1,$1:$1,"<="&INT(-$T157))+(-$T157-INT(-$T157))*SUMIFS(151:151,$1:$1,INT(-$T157)+1),0)+(-$T157-INT(-$T157))*SUMIFS(151:151,$1:$1,AB$1+INT(-$T157)+1)+(INT(-$T157)+1+$T157)*SUMIFS(151:151,$1:$1,AB$1+INT(-$T157)))*$T155*$T165 -> 0 | AC167: =IF(AC$6="",0,IF(AC$1=1,SUMIFS(151:151,$1:$1,">="&1,$1:$1,"<="&INT(-$T157))+(-$T157-INT(-$T157))*SUMIFS(151:151,$1:$1,INT(-$T157)+1),0)+(-$T157-INT(-$T157))*SUMIFS(151:151,$1:$1,AC$1+INT(-$T157)+1)+(INT(-$T157)+1+$T157)*SUMIFS(151:151,$1:$1,AC$1+INT(-$T157)))*$T155*$T165 -> 0 | AD167: =IF(AD$6="",0,IF(AD$1=1,SUMIFS(151:151,$1:$1,">="&1,$1:$1,"<="&INT(-$T157))+(-$T157-INT(-$T157))*SUMIFS(151:151,$1:$1,INT(-$T157)+1),0)+(-$T157-INT(-$T157))*SUMIFS(151:151,$1:$1,AD$1+INT(-$T157)+1)+(INT(-$T157)+1+$T157)*SUMIFS(151:151,$1:$1,AD$1+INT(-$T157)))*$T155*$T165 -> 0 | AE167: =IF(AE$6="",0,IF(AE$1=1,SUMIFS(151:151,$1:$1,">="&1,$1:$1,"<="&INT(-$T157))+(-$T157-INT(-$T157))*SUMIFS(151:151,$1:$1,INT(-$T157)+1),0)+(-$T157-INT(-$T157))*SUMIFS(151:151,$1:$1,AE$1+INT(-$T157)+1)+(INT(-$T157)+1+$T157)*SUMIFS(151:151,$1:$1,AE$1+INT(-$T157)))*$T155*$T165 -> 0 | AF167: =IF(AF$6="",0,IF(AF$1=1,SUMIFS(151:151,$1:$1,">="&1,$1:$1,"<="&INT(-$T157))+(-$T157-INT(-$T157))*SUMIFS(151:151,$1:$1,INT(-$T157)+1),0)+(-$T157-INT(-$T157))*SUMIFS(151:151,$1:$1,AF$1+INT(-$T157)+1)+(INT(-$T157)+1+$T157)*SUMIFS(151:151,$1:$1,AF$1+INT(-$T157)))*$T155*$T165 -> 0 | AG167: =IF(AG$6="",0,IF(AG$1=1,SUMIFS(151:151,$1:$1,">="&1,$1:$1,"<="&INT(-$T157))+(-$T157-INT(-$T157))*SUMIFS(151:151,$1:$1,INT(-$T157)+1),0)+(-$T157-INT(-$T157))*SUMIFS(151:151,$1:$1,AG$1+INT(-$T157)+1)+(INT(-$T157)+1+$T157)*SUMIFS(151:151,$1:$1,AG$1+INT(-$T157)))*$T155*$T165 -> 0 | AH167: =IF(AH$6="",0,IF(AH$1=1,SUMIFS(151:151,$1:$1,">="&1,$1:$1,"<="&INT(-$T157))+(-$T157-INT(-$T157))*SUMIFS(151:151,$1:$1,INT(-$T157)+1),0)+(-$T157-INT(-$T157))*SUMIFS(151:151,$1:$1,AH$1+INT(-$T157)+1)+(INT(-$T157)+1+$T157)*SUMIFS(151:151,$1:$1,AH$1+INT(-$T157)))*$T155*$T165 -> 0 | ... BD167: =IF(BD$6="",0,IF(BD$1=1,SUMIFS(151:151,$1:$1,">="&1,$1:$1,"<="&INT(-$T157))+(-$T157-INT(-$T157))*SUMIFS(151:151,$1:$1,INT(-$T157)+1),0)+(-$T157-INT(-$T157))*SUMIFS(151:151,$1:$1,BD$1+INT(-$T157)+1)+(INT(-$T157)+1+$T157)*SUMIFS(151:151,$1:$1,BD$1+INT(-$T157)))*$T155*$T165 -> 0
E168: PL(-) | F168: 2 | G168: * | I168: Дефолты по %% / фондирование | Q168: руб. | W168: =SUM($Y168:$BE168) -> 0 | AA168: =IF(AA$6="",0,Z168+AA167) -> 0 | AB168: =IF(AB$6="",0,AA168+AB167) -> 0 | AC168: =IF(AC$6="",0,AB168+AC167) -> 0 | AD168: =IF(AD$6="",0,AC168+AD167) -> 0 | AE168: =IF(AE$6="",0,AD168+AE167) -> 0 | AF168: =IF(AF$6="",0,AE168+AF167) -> 0 | AG168: =IF(AG$6="",0,AF168+AG167) -> 0 | AH168: =IF(AH$6="",0,AG168+AH167) -> 0 | ... BD168: =IF(BD$6="",0,BC168+BD167) -> 0
E170: PL(+) | F170: 1 | H170: =$H$17 -> Процентный доход | M170: * | N170: Начисленные %% по Тарифу-4 | Q170: руб. | W170: =SUM($Y170:$BE170) -> 0 | AA170: =IF(AA$6="",0,(AA163+SUMIFS($Z168:AA168,$Z$1:AA$1,"<="&INT(AA$1/SUMIFS(справочники!$I$8:$I$9,справочники!$H$8:$H$9,$T$14))*SUMIFS(справочники!$I$8:$I$9,справочники!$H$8:$H$9,$T$14)))*$T165) -> 0 | AB170: =IF(AB$6="",0,(AB163+SUMIFS($Z168:AB168,$Z$1:AB$1,"<="&INT(AB$1/SUMIFS(справочники!$I$8:$I$9,справочники!$H$8:$H$9,$T$14))*SUMIFS(справочники!$I$8:$I$9,справочники!$H$8:$H$9,$T$14)))*$T165) -> 0 | AC170: =IF(AC$6="",0,(AC163+SUMIFS($Z168:AC168,$Z$1:AC$1,"<="&INT(AC$1/SUMIFS(справочники!$I$8:$I$9,справочники!$H$8:$H$9,$T$14))*SUMIFS(справочники!$I$8:$I$9,справочники!$H$8:$H$9,$T$14)))*$T165) -> 0 | AD170: =IF(AD$6="",0,(AD163+SUMIFS($Z168:AD168,$Z$1:AD$1,"<="&INT(AD$1/SUMIFS(справочники!$I$8:$I$9,справочники!$H$8:$H$9,$T$14))*SUMIFS(справочники!$I$8:$I$9,справочники!$H$8:$H$9,$T$14)))*$T165) -> 0 | AE170: =IF(AE$6="",0,(AE163+SUMIFS($Z168:AE168,$Z$1:AE$1,"<="&INT(AE$1/SUMIFS(справочники!$I$8:$I$9,справочники!$H$8:$H$9,$T$14))*SUMIFS(справочники!$I$8:$I$9,справочники!$H$8:$H$9,$T$14)))*$T165) -> 0 | AF170: =IF(AF$6="",0,(AF163+SUMIFS($Z168:AF168,$Z$1:AF$1,"<="&INT(AF$1/SUMIFS(справочники!$I$8:$I$9,справочники!$H$8:$H$9,$T$14))*SUMIFS(справочники!$I$8:$I$9,справочники!$H$8:$H$9,$T$14)))*$T165) -> 0 | AG170: =IF(AG$6="",0,(AG163+SUMIFS($Z168:AG168,$Z$1:AG$1,"<="&INT(AG$1/SUMIFS(справочники!$I$8:$I$9,справочники!$H$8:$H$9,$T$14))*SUMIFS(справочники!$I$8:$I$9,справочники!$H$8:$H$9,$T$14)))*$T165) -> 0 | AH170: =IF(AH$6="",0,(AH163+SUMIFS($Z168:AH168,$Z$1:AH$1,"<="&INT(AH$1/SUMIFS(справочники!$I$8:$I$9,справочники!$H$8:$H$9,$T$14))*SUMIFS(справочники!$I$8:$I$9,справочники!$H$8:$H$9,$T$14)))*$T165) -> 0 | ... BD170: =IF(BD$6="",0,(BD163+SUMIFS($Z168:BD168,$Z$1:BD$1,"<="&INT(BD$1/SUMIFS(справочники!$I$8:$I$9,справочники!$H$8:$H$9,$T$14))*SUMIFS(справочники!$I$8:$I$9,справочники!$H$8:$H$9,$T$14)))*$T165) -> 0
F171: 1
...

Sheet справочники
B2: =главная!D1 -> Финмодель Бизнес-Проекта
B3: =главная!D2 -> Бизнес-Проект: Микро кредитная компания, B2B-займы
B4: Справочники
C6: месяц | E6: скорость прироста | H6: период капитализации | K6: тип зависимости перем. расходов | M6: дифференцированные ставки налогов
C8: 44197 | E8: линейная | H8: месяц | I8: 1 | K8: от количества займов | M8: ставка отчислений от зарплаты | N8: от | O8: * | P8: 0 | Q8: руб. | S8: % | U8: * | V8: 0.3
C9: =EOMONTH(C8,0)+1 -> 44228 | E9: геометрическая | H9: квартал | I9: 3 | K9: % от размера займов | M9: ставка отчислений от зарплаты | N9: от | O9: * | P9: 16100 | Q9: руб. | S9: % | U9: * | V9: 0.3
C10: =EOMONTH(C9,0)+1 -> 44256 | E10: экспоненциальная | M10: ставка отчислений от зарплаты | N10: от | O10: * | P10: 46900 | Q10: руб. | S10: % | U10: * | V10: 0.3
C11: =EOMONTH(C10,0)+1 -> 44287
C12: =EOMONTH(C11,0)+1 -> 44317
C13: =EOMONTH(C12,0)+1 -> 44348
C14: =EOMONTH(C13,0)+1 -> 44378
C15: =EOMONTH(C14,0)+1 -> 44409
C16: =EOMONTH(C15,0)+1 -> 44440 | M16: ставка налога на прибыль | N16: от | O16: * | P16: 0 | Q16: руб. | S16: % | U16: * | V16: 0.2
C17: =EOMONTH(C16,0)+1 -> 44470 | M17: ставка налога на прибыль | N17: от | O17: * | P17: 16100 | Q17: руб. | S17: % | U17: * | V17: 0.2
C18: =EOMONTH(C17,0)+1 -> 44501 | M18: ставка налога на прибыль | N18: от | O18: * | P18: 63000 | Q18: руб. | S18: % | U18: * | V18: 0.2
C19: =EOMONTH(C18,0)+1 -> 44531 | M19: ставка налога на прибыль | N19: от | O19: * | P19: 210000 | Q19: руб. | S19: % | U19: * | V19: 0.2
C20: =EOMONTH(C19,0)+1 -> 44562
C21: =EOMONTH(C20,0)+1 -> 44593
C22: =EOMONTH(C21,0)+1 -> 44621
C23: =EOMONTH(C22,0)+1 -> 44652
C24: =EOMONTH(C23,0)+1 -> 44682
C25: =EOMONTH(C24,0)+1 -> 44713
C26: =EOMONTH(C25,0)+1 -> 44743
C27: =EOMONTH(C26,0)+1 -> 44774
C28: =EOMONTH(C27,0)+1 -> 44805
C29: =EOMONTH(C28,0)+1 -> 44835
C30: =EOMONTH(C29,0)+1 -> 44866
